Workbook
Name ____DTF1: [1]Paramètres!$B$6
Name ____MF81: #REF!
Name ___DTF1: [1]Paramètres!$B$6
Name ___MF81: #REF!
Name __DAT1: '[4]K10 FA register 30 jun 2003'!#REF!
Name __DAT1: '[4]K10 FA register 30 jun 2003'!#REF!
Name __DAT1: '[4]K10 FA register 30 jun 2003'!#REF!
Name __DAT1: '[4]K10 FA register 30 jun 2003'!#REF!
Name __DAT1: '[4]K10 FA register 30 jun 2003'!#REF!
Name __DAT10: '[4]K10 FA register 30 jun 2003'!#REF!
Name __DAT10: '[4]K10 FA register 30 jun 2003'!#REF!
Name __DAT10: '[4]K10 FA register 30 jun 2003'!#REF!
Name __DAT10: '[4]K10 FA register 30 jun 2003'!#REF!
Name __DAT10: '[4]K10 FA register 30 jun 2003'!#REF!
Name __DAT5: '[4]K10 FA register 30 jun 2003'!#REF!
Name __DAT5: '[4]K10 FA register 30 jun 2003'!#REF!
Name __DAT5: '[4]K10 FA register 30 jun 2003'!#REF!
Name __DAT5: '[4]K10 FA register 30 jun 2003'!#REF!
Name __DAT5: '[4]K10 FA register 30 jun 2003'!#REF!
Name __DTF1: [1]Paramètres!$B$6
Name __MF81: #REF!
Name _1: [5]SATIŞ!$A$1:$S$23
Name _1: [6]SATIŞ!$A$1:$S$23
Name _1: [6]SATIŞ!$A$1:$S$23
Name _1: [7]SATIŞ!$A$1:$S$23
Name _2: [5]SATIŞ!$A$27:$S$47
Name _2: [6]SATIŞ!$A$27:$S$47
Name _2: [6]SATIŞ!$A$27:$S$47
Name _2: [7]SATIŞ!$A$27:$S$47
Name _3: [5]SATIŞ!$A$50:$S$71
Name _3: [6]SATIŞ!$A$50:$S$71
Name _3: [6]SATIŞ!$A$50:$S$71
Name _3: [7]SATIŞ!$A$50:$S$71
Name _4: [5]SATIŞ!$A$75:$S$95
Name _4: [6]SATIŞ!$A$75:$S$95
Name _4: [6]SATIŞ!$A$75:$S$95
Name _4: [7]SATIŞ!$A$75:$S$95
Name _5: [5]SATIŞ!$A$99:$S$114
Name _5: [6]SATIŞ!$A$99:$S$114
Name _5: [6]SATIŞ!$A$99:$S$114
Name _5: [7]SATIŞ!$A$99:$S$114
Name _6: [5]SATIŞ!$A$118:$S$134
Name _6: [6]SATIŞ!$A$118:$S$134
Name _6: [6]SATIŞ!$A$118:$S$134
Name _6: [7]SATIŞ!$A$118:$S$134
Name _DAT1: '[4]K10 FA register 30 jun 2003'!#REF!
Name _DAT1: '[4]K10 FA register 30 jun 2003'!#REF!
Name _DAT1: '[4]K10 FA register 30 jun 2003'!#REF!
Name _DAT1: '[4]K10 FA register 30 jun 2003'!#REF!
Name _DAT1: '[4]K10 FA register 30 jun 2003'!#REF!
Name _DAT1: '[4]K10 FA register 30 jun 2003'!#REF!
Name _DAT1: '[4]K10 FA register 30 jun 2003'!#REF!
Name _DAT1: '[4]K10 FA register 30 jun 2003'!#REF!
Name _DAT1: '[4]K10 FA register 30 jun 2003'!#REF!
Name _DAT1: '[4]K10 FA register 30 jun 2003'!#REF!
Name _DAT10: '[4]K10 FA register 30 jun 2003'!#REF!
Name _DAT10: '[4]K10 FA register 30 jun 2003'!#REF!
Name _DAT10: '[4]K10 FA register 30 jun 2003'!#REF!
Name _DAT10: '[4]K10 FA register 30 jun 2003'!#REF!
Name _DAT10: '[4]K10 FA register 30 jun 2003'!#REF!

Sheet Prior BoD
E2: * FORECAST SBU SPLIT
B3: BoD | H3: Hybrid BP July | L3: Range
O4: Forecast
B5: Ch1 | C5: Re-set BP > table + visualisation | D5: H1 - technical varience <delta>reasons | E5: V1 - original July -100, V2>updated Sep BP 110 | H5: H1 Actual | I5: H2 Plan (Q3-Q4) | J5: Hybrid BP
E6: V2> plot to the BP range (Rock bottom, Base plan, Best can do)
B7: Ch2 | C7: Consoldiated Oper. Perf (current Monbat BoD object) | D7: Match current design Monbat > Rev, EBITDA, Net Profit | E7: YTD N-1, N, Gap Y-Y, BP (Q3 perfornance driven) | G7: REV | H7: 1200 | I7: 1700 | J7: =H7+I7 -> 2900
E8: Drill>quantified values on the key variencies (economical elements) | G8: EBITDA | H8: 450 | I8: 500 | J8: =H8+I8 -> 950 | K8: 700 | L8: 950 | M8: 1200 | O8: 750 | P8: =O8-J8 -> -200
B9: Ch3 | C9: Year END Forecast > consolidated and bt SNA/SND (stupit table) | D9: Actuals YTD Sept+ Q4 Forecast | E9: Rev, EBITDA, Net profit | G9: NP | H9: 350 | I9: 320 | J9: =H9+I9 -> 670
E10: Plot to the BP range (Rock bottom, Base plan, Best can do) | H10: Hybrid BP Sep
B11: Ch 4 | C11: ch2> SNA & SND (stupid table) | D11: Y-Y (NO BP) | H11: H1 Actual
G12: REV | H12: 1100 | I12: =I7 -> 1700 | J12: =H12+I12 -> 2800
B13: Ch5 | C13: Corporate liquidity | G13: EBITDA | H13: 400 | I13: =I8 -> 500 | J13: =H13+I13 -> 900 | O13: =O8-J13 -> -150
C14: WC - consolidated bridge + stratification by SNA & SND - ref. (5,1) | D14: YTD Sep | E14: Highloght text > factors | G14: NP | H14: 300 | I14: =I9 -> 320 | J14: =H14+I14 -> 620
C15: Consoldiated inventory > stratification by elements (ref - excel for categories + ref. 5.6) | D15: YTD Sep, / As a minum inv, split presented in July > compare balances as per Q1, Q2, Q3 | E15: Highloght text > variences
B17: Ch 6 | C17: Financial strenght
C18: Reporting object 6,1+ debt coverage from ref 6,2 | H18: YTD SEP | I18: BP
H19: H1+Q3
G20: EBITDA | J20: D1 -H1 Actuals
B21: ch 7 | C21: Sales Domestic | J21: D2 - Performance
C22: Volume/Revenue performance> period dynamic - new (period bars) | D22: Y-Y, BP
C23: Volume/Revenue Analytics > Regions>Top 10-15 KA to all (ref 4,2) | D23: YTD Sept
C24: Net Price and Discount to Plan (average to be based on the last pricing policy) - ref 4,3) | D24: BP
B26: Ch 8 | C26: Sales Export
C27: Volume/Revenue performance> period dynamic (period bars) | D27: Y-Y, BP
C28: Volume/Revenue Analytics > LoB> to all - (ref.4.3) | D28: YTD Sept | G28: Scenario 1 | H28: YTD (New H1 numbers+ actuals Q3)/BP (old H1 numbers+Q3 BP) | M28: V1 H1 (booking issues)
M29: V2 Q3 Performance (volume, etc)
G31: Scenario 2 | H31: Re-set Hybrid BP | M31: x, y, z (H1 y-y) varience)
H32: BP> adjustment H1 numbers + H2 Numbers)
H33: Actuals > BP (period under reporting) | M33: V1: Q3 Performance (volume, etc)
C36: H1 2022 | J36: 740 | L36: 50
C37: YTD (Q3) 2022 | G37: Decision> | H37: Cons.oper perf | I37: YTD Forecast (Q4)
H38: Scenario 2 | I38: (Actuals YTD SEP + Forecast Q4)

Sheet VISIAL LOB
B2: TOTAL NET CONTRIBUTION STRATIFICATION BY LINE OF BUSINESSES (LOB)
C4: LOB 1 | D4: LoB 2 - EXPORT - Libya | E4: LoB 2 - EXPORT - Europe | F4: LoB 2 - EXPORT - GCC | G4: LoB 3 - Monbat stream | H4: LoB 3 - Monbat stream | I4: LoB 2 - EXPORT - WCA | K4: LoB 2 - EXPORT
B5: LINE OF BUSINESS RANGE (LoB) | C5: DOMESTIC | D5: EXPORT LIBYA | E5: EXPORT BATCAR | F5: EXPORT BIN SHIHON | G5: MONBAT NOUR POWER DIN | H5: MONBAT NOUR Premium JIS | I5: EXPORT WEST & CENTRAL AFRICA | J5: TOTAL | K5: EUROPE
B7: VOLUME (pieces) | C7: 122104 | D7: 39303 | E7: 20000 | F7: 15000 | G7: 52492 | H7: 10000 | I7: 15300 | J7: 274199
B8: Volume Lead Equivalent LE (kg) | C8: 1235603 | D8: 262811.24 | E8: 173410.39 | F8: 110466.63 | G8: 539126.97 | H8: 61465.958 | I8: 150704.04 | J8: 2533588.3
B9: REVENUE | C9: 7040813.8 | D9: 980438.48 | E9: 579844.52 | F9: 412988.01 | G9: 1921848.8 | H9: 237955.12 | I9: 585597.88 | J9: 11759487
B10: COGS | C10: 4115317 | D10: 894015.38 | E10: 564271.27 | F10: 379128.44 | G10: 1735055.9 | H10: 217693.01 | I10: 505498.25 | J10: 8410979.3
B11: STAND-ALONE BATTERY NET CONTRIBUTION | C11: 2925496.8 | D11: 86423.106 | E11: 15573.249 | F11: 33859.576 | G11: 186792.92 | H11: 20262.108 | I11: 80099.627 | J11: 3348507.4
B12: TOTAL NC % | C12: 0.41550549 | D12: 0.088147403 | E12: 0.026857629 | F12: 0.081986825 | G12: 0.097194386 | H12: 0.085150965 | I12: 0.13678265 | J12: 0.28474945
B14: RECYCLING NET CONTRIBUTION | C14: 175539.48 | D14: 35748.137 | E14: 24512.821 | F14: 15487.891 | G14: 77612.636 | H14: 8959.1947 | I14: 21648.614 | J14: 359508.78
B15: RECYCLING NC % | C15: 0.063138287 | D15: 0.060431244 | E15: 0.062883521 | F15: 0.062426364 | G15: 0.064046839 | H15: 0.064329257 | I15: 0.063756152 | J15: 0.063068005
B17: INTEGRATED TOTAL NET CONTRIBUTION | C17: 3101036.3 | D17: 122171.24 | E17: 40086.07 | F17: 49347.467 | G17: 264405.55 | H17: 29221.303 | I17: 101748.24 | J17: 3708016.2
B18: INTEGRATED NET CONTRIBUTION NC % | C18: 0.4404372 | D18: 0.12460878 | E18: 0.069132447 | F18: 0.11948886 | G18: 0.13757875 | H18: 0.12280174 | I18: 0.17375104 | J18: 0.31532126
B19: AVERAGE LEAD EQUIVALENT CONTENT .LE (kg) | C19: 10.119268 | D19: 6.6867985 | E19: 8.6705193 | F19: 7.3644423 | G19: 10.27065 | H19: 6.1465958 | I19: 9.8499372 | J19: 9.2399618
E22: LOB | F22: Business model
F23: Accountability
F24: Segmented reporting
F25: KPIS
B26: Unit Averages
B27: Price | C27: =C9/C7 -> 57.662434 | D27: =D9/D7 -> 24.94564 | E27: =E9/E7 -> 28.992226 | F27: =F9/F7 -> 27.532534 | G27: =G9/G7 -> 36.612224 | H27: =H9/H7 -> 23.795512 | I27: =I9/I7 -> 38.274371
B28: NC | C28: =C11/C7 -> 23.959058 | D28: =D11/D7 -> 2.1988934 | E28: =E11/E7 -> 0.77866244 | F28: =F11/F7 -> 2.2573051 | G28: =G11/G7 -> 3.5585026 | H28: =H11/H7 -> 2.0262108 | I28: =I11/I7 -> 5.2352697
C30: =43000*G28 -> 153015.61

Sheet VISUALS_AGG. Demand
A2: REVENUE STRATIFICATION BY VOLUMES, LOB AND H2 CALENDAR
F4: DATE (Month)
A5: Values | B5: DATE (Year) | C5: MARKET | D5: RANGE | E5: CODE | F5: Jul | G5: Aug | H5: Sep | I5: Oct | J5: Nov | K5: Dec | L5: Grand Total
A6: m_FG_VOLUME | B6: 2022 | C6: Export MG | D6: BATCAR | G6: 4000 | H6: 4000 | I6: 4000 | J6: 4000 | K6: 4000 | L6: 20000
B7: 2022 | C7: Export MG | D7: BIN SHIHON | I7: 5000 | J7: 5000 | K7: 5000 | L7: 15000
B8: 2022 | C8: Export MG | D8: NOUR POWER DIN (kamina lid BG) | G8: 2492 | H8: 10000 | I8: 10000 | J8: 15000 | K8: 15000 | L8: 52492
B9: 2022 | C9: Export MG | D9: NOUR Premium JIS (Akumsan T lid JIS ) | J9: 6000 | K9: 4000 | L9: 10000
B10: 2022 | C10: Domestic | F10: 20075 | G10: 23670 | H10: 21480 | I10: 18925 | J10: 19081 | K10: 18873 | L10: 122104
B11: 2022 | C11: Export Libya | F11: 4947 | G11: 4740 | H11: 7421 | I11: 7417 | J11: 7421 | K11: 7357 | L11: 39303
B12: 2022 | C12: Export WCA | G12: 5300 | J12: 10000 | L12: 15300
B13: 2022 Total | F13: 25022 | G13: 40202 | H13: 42901 | I13: 45342 | J13: 66502 | K13: 54230 | L13: 274199
A14: m_FG_SALES | B14: 2022 | C14: Export MG | D14: BATCAR | G14: 115968.9 | H14: 115968.9 | I14: 115968.9 | J14: 115968.9 | K14: 115968.9 | L14: 579844.52
B15: 2022 | C15: Export MG | D15: BIN SHIHON | I15: 137662.67 | J15: 137662.67 | K15: 137662.67 | L15: 412988.01
B16: 2022 | C16: Export MG | D16: NOUR POWER DIN (kamina lid BG) | G16: 117223.22 | H16: 407999.23 | I16: 403932.96 | J16: 501829.05 | K16: 490864.38 | L16: 1921848.8
B17: 2022 | C17: Export MG | D17: NOUR Premium JIS (Akumsan T lid JIS ) | J17: 142763.86 | K17: 95191.255 | L17: 237955.12
B18: 2022 | C18: Domestic | F18: 1129877 | G18: 1310742.4 | H18: 1232845 | I18: 1099408.3 | J18: 1116813.6 | K18: 1151127.6 | L18: 7040813.8
B19: 2022 | C19: Export Libya | F19: 122311.2 | G19: 118421.35 | H19: 185006.25 | I19: 185268.42 | J19: 185006.25 | K19: 184425.02 | L19: 980438.48
B20: 2022 | C20: Export WCA | G20: 217781.75 | J20: 367816.13 | L20: 585597.88
B21: 2022 Total | F21: 1252188.2 | G21: 1880137.6 | H21: 1941819.3 | I21: 1942241.2 | J21: 2567860.5 | K21: 2175239.8 | L21: 11759487
A22: m_FG_av.PRICE | B22: 2022 | C22: Export MG | D22: BATCAR | G22: 28.992226 | H22: 28.992226 | I22: 28.992226 | J22: 28.992226 | K22: 28.992226 | L22: 28.992226
B23: 2022 | C23: Export MG | D23: BIN SHIHON | I23: 27.532534 | J23: 27.532534 | K23: 27.532534 | L23: 27.532534
B24: 2022 | C24: Export MG | D24: NOUR POWER DIN (kamina lid BG) | G24: 47.039815 | H24: 40.799923 | I24: 40.393296 | J24: 33.45527 | K24: 32.724292 | L24: 36.612224
B25: 2022 | C25: Export MG | D25: NOUR Premium JIS (Akumsan T lid JIS ) | J25: 23.793977 | K25: 23.797814 | L25: 23.795512
B26: 2022 | C26: Domestic | F26: 56.282789 | G26: 55.375682 | H26: 57.395016 | I26: 58.092909 | J26: 58.530142 | K26: 60.993354 | L26: 57.662434
B27: 2022 | C27: Export Libya | F27: 24.724317 | G27: 24.983406 | H27: 24.930097 | I27: 24.978889 | J27: 24.930097 | K27: 25.067965 | L27: 24.94564
B28: 2022 | C28: Export WCA | G28: 41.090896 | J28: 36.781613 | L28: 38.274371
B29: 2022 Total | F29: 50.043489 | G29: 46.767266 | H29: 45.262799 | I29: 42.835368 | J29: 38.613282 | K29: 40.111374 | L29: 42.886687
A31: Total m_FG_VOLUME | F31: 25022 | G31: 40202 | H31: 42901 | I31: 45342 | J31: 66502 | K31: 54230 | L31: 274199
A32: Total m_FG_SALES | F32: 1252188.2 | G32: 1880137.6 | H32: 1941819.3 | I32: 1942241.2 | J32: 2567860.5 | K32: 2175239.8 | L32: 11759487
A33: Total m_FG_av.PRICE | F33: 50.043489 | G33: 46.767266 | H33: 45.262799 | I33: 42.835368 | J33: 38.613282 | K33: 40.111374 | L33: 42.886687

Sheet Current BoD
E2: * FORECAST SBU SPLIT
B3: BoD | H3: Hybrid BP July | L3: Range
O4: Forecast
B5: Ch1 | C5: Re-set BP > table + visualisation | D5: H1 - technical varience <delta>reasons | E5: V1 - original July -100, V2>updated Sep BP 110 | H5: H1 Actual | I5: H2 Plan (Q3-Q4) | J5: Hybrid BP
E6: V2> plot to the BP range (Rock bottom, Base plan, Best can do)
B7: Ch2 | C7: Consoldiated Oper. Perf (current Monbat BoD object) | D7: Match current design Monbat > Rev, EBITDA, Net Profit | E7: YTD N-1, N, Gap Y-Y, BP (Q3 perfornance driven) | G7: REV | H7: 1200 | I7: 1700 | J7: =H7+I7 -> 2900
E8: Drill>quantified values on the key variencies (economical elements) | G8: EBITDA | H8: 450 | I8: 500 | J8: =H8+I8 -> 950 | K8: 700 | L8: 950 | M8: 1200 | O8: 750 | P8: =O8-J8 -> -200
B9: Ch3 | C9: Year END Forecast > consolidated and bt SNA/SND (stupit table) | D9: Actuals YTD Sept+ Q4 Forecast | E9: Rev, EBITDA, Net profit | G9: NP | H9: 350 | I9: 320 | J9: =H9+I9 -> 670
E10: Plot to the BP range (Rock bottom, Base plan, Best can do) | H10: Hybrid BP Sep
B11: Ch 4 | C11: ch2> SNA & SND (stupid table) | D11: Y-Y (NO BP) | H11: H1 Actual
G12: REV | H12: 1100 | I12: =I7 -> 1700 | J12: =H12+I12 -> 2800
B13: Ch5 | C13: Corporate liquidity | G13: EBITDA | H13: 400 | I13: =I8 -> 500 | J13: =H13+I13 -> 900 | O13: =O8-J13 -> -150
C14: WC - consolidated bridge + stratification by SNA & SND - ref. (5,1) | D14: YTD Sep | E14: Highloght text > factors | G14: NP | H14: 300 | I14: =I9 -> 320 | J14: =H14+I14 -> 620
C15: Consoldiated inventory > stratification by elements (ref - excel for categories + ref. 5.6) | D15: YTD Sep, / As a minum inv, split presented in July > compare balances as per Q1, Q2, Q3 | E15: Highloght text > variences
B17: Ch 6 | C17: Financial strenght
C18: Reporting object 6,1+ debt coverage from ref 6,2 | H18: YTD SEP | I18: BP
H19: H1+Q3
G20: EBITDA | J20: D1 -H1 Actuals
B21: ch 7 | C21: Sales Domestic | J21: D2 - Performance
C22: Volume/Revenue performance> period dynamic - new (period bars) | D22: Y-Y, BP
C23: Volume/Revenue Analytics > Regions>Top 10-15 KA to all (ref 4,2) | D23: YTD Sept
C24: Net Price and Discount to Plan (average to be based on the last pricing policy) - ref 4,3) | D24: BP
B26: Ch 8 | C26: Sales Export
C27: Volume/Revenue performance> period dynamic (period bars) | D27: Y-Y, BP
C28: Volume/Revenue Analytics > LoB> to all - (ref.4.3) | D28: YTD Sept | G28: Scenario 1 | H28: YTD (New H1 numbers+ actuals Q3)/BP (old H1 numbers+Q3 BP) | M28: V1 H1 (booking issues)
M29: V2 Q3 Performance (volume, etc)
G31: Scenario 2 | H31: Re-set Hybrid BP | M31: x, y, z (H1 y-y) varience)
H32: BP> adjustment H1 numbers + H2 Numbers)
H33: Actuals > BP (period under reporting) | M33: V1: Q3 Performance (volume, etc)
C36: H1 2022 | J36: 740 | L36: 50
C37: YTD (Q3) 2022 | G37: Decision> | H37: Cons.oper perf | I37: YTD Forecast (Q4)
H38: Scenario 2 | I38: (Actuals YTD SEP + Forecast Q4)

Sheet FY22 Fcst
F2: BP numbers
D3: Revenue
C4: EUR '000 | D4: YTD Sep'22 Act. | E4: Fcst Q4 | F4: BP Q1 23 | G4: FY22 Base Plan | H4: Var to BP | I4: FY21 Act | J4: Var to FY21
C5: SNA | D5: 8852.9892 | E5: 4709.5308 | F5: 13562.52 | N5: =(3.328+3.3378+3.3306)/3 -> 3.3321333
C6: SND | D6: 8888.711 | E6: 3544.9037 | F6: 12433.615 | M6: Q1 23 | N6: =ROUNDDOWN(N5,4) -> 3.3321
C7: Other & Cons. Adj. | D7: -7131.0943 | E7: -2582.6422 | F7: -9713.7365 | M7: Q1 22 | N7: 3.2702
C8: Consolidated | D8: 10610.606 | E8: 5671.7923 | F8: 16282.398 | G8: 17306.681 | H8: -1024.2824 | I8: 13243.298 | J8: 3039.0999
D10: EBITDA
C11: EUR '000 | D11: YTD Sep'22 Act. | E11: Fcst Q4 | F11: BP Q1 23 | G11: FY22 Base Plan | H11: Var to BP | I11: FY21 Act | J11: Var to FY21
C12: SNA | D12: 1506.5014 | E12: 541.77 | F12: 2048.2714
C13: SND | D13: 512.63195 | E13: 537.68752 | F13: 1050.3195
C14: SNR/TIP/NBI | D14: -107.28867 | E14: -65 | F14: -172.28867
C15: Consolidated | D15: 1911.8447 | E15: 1014.4575 | F15: 2926.3022 | G15: 3785.9967 | H15: -859.69457 | I15: 2729.1325 | J15: 197.16968
D16: =D15/D8 -> 0.18018242 | E16: =E15/E8 -> 0.17886013 | F16: =F15/F8 -> 0.17972182

Sheet I.2 Operating Perfor_CONS_YTD
C5: EUR' 000
D6: Cummulative Key Results Bridge
C37: Revenue | J37: =C63 -> 0
D38: Q1 22 | E38: Q1 23 | F38: BP Q1 23 | G38: =IF(G39>0,"Progress to BP Q1 2023","Gap to BP Q1 2023") -> Gap to BP Q1 2023 | H38: =IF(H39>0,"Progress to Actual Q1 2023","Gap to Actual Q1 2023") -> Progress to Actual Q1 2023 | K38: Q1 22 | L38: Q1 23 | M38: BP Q1 23 | N38: Gap to BP Q1 2023 | O38: Progress to Actual Q1 2023
C39: Revenue | D39: =D52 -> 13349.336 | E39: =G52 -> 14222.683 | F39: ='FY22 Fcst'!F8 -> 16282.398 | G39: =E39-F39 -> -2059.7149 | H39: =E39-D39 -> 873.34696 | J39: EBITDA | K39: =D53 -> 2568.9557 | L39: =G53 -> 2223.1905 | M39: =+'FY22 Fcst'!F15 -> 2926.3022 | N39: =L39-M39 -> -703.11166 | O39: =L39-K39 -> -345.76523
C40: Var | E40: =(E39-D39)/D39 -> 0.0654225 | F40: =(E39-F39)/F39 -> -0.12649948 | G40: =G39/F39 -> -0.12649948 | H40: =H39/D39 -> 0.0654225 | I40: =G40+100% -> 0.87350052 | J40: Var | L40: =(L39-K39)/K39 -> -0.13459369 | M40: =(L39-M39)/M39 -> -0.24027309 | N40: =N39/M39 -> -0.24027309 | O40: =O39/K39 -> -0.13459369
E41: =E39-D39 -> 873.34696 | K41: =K39/D39 -> 0.19244071 | L41: =L39/E39 -> 0.15631301 | M41: =M39/F39 -> 0.17972182
C44: TND | D44: =+'FY22 Fcst'!N7 -> 3.2702 | G44: =+'FY22 Fcst'!N6 -> 3.3321
D45: Q1 22 | E45: YTD Dec'22 | F45: BP Q1 23 | G45: Q1 23
C46: Revenue | D46: 43655 | E46: ='YTD Sep Cons. vs PY V2'!D9/1000 -> 34149.174 | G46: ='YTD Q1''23 Cons. vs Q1''22'!I10/1000 -> 47391.403
C47: EBITDA | D47: ='YTD Q1''23 Cons. vs Q1''22'!L18/1000 -> 8400.9991 | E47: ='YTD Sep Cons. vs PY V2'!D17/1000 -> 6153.0808 | G47: ='YTD Q1''23 Cons. vs Q1''22'!I18/1000 -> 7407.8931
C50: EUR | D50: =+D44 -> 3.2702 | E50: 3.3102 | G50: =+G44 -> 3.3321
D51: Q1 22 | E51: YTD Dec'22 | F51: BP Q1 23 | G51: Q1 23
C52: Revenue | D52: =D46/D44 -> 13349.336 | E52: =E46/E50 -> 10316.348 | F52: =('VISUAL P&L'!D9)/1000 -> 6685.3415 | G52: =G46/G44 -> 14222.683
C53: EBITDA | D53: =D47/D44 -> 2568.9557 | E53: =E47/E50 -> 1858.8245 | F53: ='VISUAL P&L'!D25/1000 -> 1436.7225 | G53: =G47/G44 -> 2223.1905
AA71: Net Profit | AB71: =V63 -> 0 | AC71: ='[77]I.2 Operating Perfor_FGOODS_YTD'!R51 -> 0 | AD71: ='[77]I.2 Operating Perfor_RECYCL_YTD'!W38 -> 0 | AE71: =AC71/AG71 -> #DIV/0! | AF71: =AD71/AG71 -> #DIV/0! | AG71: =AC71+AD71 -> 0

Sheet VISUAL P&L
B2: P&L H2 2022
C4: 2022 | E4: H2 2022 TOTAL
C5: Quarter 3 | D5: Quarter 4
B6: BATTERIES BUSINESS SEGMENT | G6: Unit averages
B7: VOLUME (pieces) | C7: 108125 | D7: 166074 | E7: 274199 | G7: 38000 | H7: =+G7+G8+D7 -> 361074
B8: Volume Lead Equivalent LE (kg) | C8: 1031823.8 | D8: 1501764.4 | E8: 2533588.3 | G8: 157000
B9: REVENUE | C9: 5074145.1 | D9: 6685341.5 | E9: 11759487 | G9: =E9/E7 -> 42.886687
B10: COGS | C10: 3418345.5 | D10: 4992633.7 | E10: 8410979.3
B11: TOTAL NET CONTRIBUTION (TNC MARGIN) | C11: 1655799.6 | D11: 1692707.8 | E11: 3348507.4 | F11: =E37/(D25) -> 1.9821232 | G11: =E11/E7 -> 12.211961
B12: TOTAL NC % | C12: 0.3263209 | D12: 0.25319691 | E12: 0.28474945
B14: RECYCLING BUSINESS SEGMENT
B15: VOLUME (MT) | C15: 1116004.9 | D15: 1625052 | E15: 2741057
B16: REVENUE | C16: 2321126.5 | D16: 3379208.9 | E16: 5700335.3
B17: COGS | C17: 2174811.1 | D17: 3166015.5 | E17: 5340826.6
B18: TOTAL NET CONTRIBUTION (NC MARGIN) | C18: 146315.43 | D18: 213193.35 | E18: 359508.78
B19: TOTAL NC % | C19: =C18/C17 -> 0.067277305 | D19: =D18/D17 -> 0.067338062 | E19: =E18/E17 -> 0.067313322
B21: CONSOLIDATED COGS | C21: 3272030.1 | D21: 4779440.4 | E21: 8051470.5
B22: CONSOLIDATED TOTAL NET CONTRIBUTION (TNC) | C22: 1802115 | D22: 1905901.2 | E22: 3708016.2
B23: CONSOLIDARED TNC % | C23: 0.35515638 | D23: 0.28508658 | E23: 0.31532126
B24: OPEX | C24: 469178.69 | D24: 469178.69 | E24: 938357.37 | F24: =(D24+C24)/E37 -> 0.32950707
B25: EBITDA | C25: 1332936.3 | D25: 1436722.5 | E25: 2769658.8 | F25: =1/F24 -> 3.0348363
B26: EBITDA % | C26: =C25/C9 -> 0.2626918 | D26: =D25/D9 -> 0.21490637 | E26: =E25/E9 -> 0.23552549
B28: EBITDA per unit sale (EUR) | E28: =E22/E7 -> 13.523084
B30: H1 2022 CONSOLIDATED EBITDA | E30: 953000
B32: 2022 BUSINESS PLAN/BUDGET SCENARIOS
B34: 2022 BUDGETED EBITDA (BASE PLAN) | E34: =E30+E25 -> 3722658.8
B35: (based on a blended LOB mix (see LoB Sheet), where the volumes for the Monbat stream will act as moderator LoB stream and idealy be directed to incremental increase of the export streams - CWA and Europe
B37: 2022 BUDGETED EBITDA (ROCK BOTTOM) | E37: ='[78]Diferentiating-performance'!$K$6 -> 2847761
B38: A plan, where Monbat volumes are sacrified in order to moderate disruption on the local sourcing market
B40: 2022 BUDGETED EBITDA (BEST CAN DO) | E40: 4000000
B41: A plan that next to the LOB mix of the Base Plan, we manage to lock upside due to the incremental volume increase in export - CWA and Europe (replacing Assad export volumes)
E43: =E34/350000 -> 10.636168
E44: =E43*500000 -> 5318084 | G44: =37*12 -> 444

Sheet 5,6 Inventory stratificatio (2)
B2: =[79]RO_table!B30 -> Inventory Stratification
AN4: Taux de cloture | AO4: FX rate as per Central bank of Tunisia
AO5: 3.282 | AP5: 3.2997 | AQ5: 3.25029 | AR5: 3.21841 | AS5: 3.3102
H6: EUR '000 | I6: Inventory value as at | N6: Evolution Fav/(Unfav) | P6: Evolution Fev/Unfev | AN6: TND '000 | AO6: Inventory value as at | AT6: Evolution Fav/(Unfav)
H7: Inventory segment | I7: Q1'22 | J7: Q2'22 | K7: Q3'22 | L7: Dec'22 | M7: Q1'23 | N7: Dec'22 vs Q3'22 | O7: Dec'22 vs Dec'21 | P7: Q1'23 Vs Q1'22 | Q7: Q2 Vs Dec 21 | R7: Q3 Vs Dec 21 | S7: Q4 Vs Dec 21 | AN7: Inventory segment | AO7: Dec'21 | AP7: Q1'22 | AQ7: Q2'22 | AR7: Q3'22 | AS7: Dec'22 | AT7: Dec'22 vs Q3'22 | AU7: Dec'22 vs Dec'21
H8: Lead Slag | I8: =AO8/$AO$5 -> 599.59344 | J8: =AP8/$AP$5 -> 726.34225 | K8: =AQ8/$AQ$5 -> 937.09386 | L8: =AR8/$AR$5 -> 1085.812 | M8: =AS8/$AS$5 -> 1199.3443 | N8: =+M8-L8 -> 113.53228 | O8: =+M8-I8 -> 599.75086 | P8: =+J8-I8 -> 126.74881 | Q8: =+K8-I8 -> 337.50042 | R8: =+L8-I8 -> 486.21858 | S8: =+M8-I8 -> 599.75086 | V8: linea production | AN8: Lead Slag | AO8: =U53/1000 -> 1967.8657 | AP8: =X56/1000 -> 2396.7115 | AQ8: =AA54/1000 -> 3045.8268 | AR8: =AD56/1000 -> 3494.5883 | AS8: =AG56/1000 -> 3970.0695 | AT8: =AS8-AR8 -> 475.48122 | AU8: =AS8-AO8 -> 2002.2038
H9: Lead Dust | I9: =AO9/$AO$5 -> 272.59076 | J9: =AP9/$AP$5 -> 281.21756 | K9: =AQ9/$AQ$5 -> 354.89076 | L9: =AR9/$AR$5 -> 401.70327 | M9: =AS9/$AS$5 -> 435.62081 | N9: =+M9-L9 -> 33.917547 | O9: =+M9-I9 -> 163.03006 | P9: =+J9-I9 -> 8.6268036 | Q9: =+K9-I9 -> 82.299999 | R9: =+L9-I9 -> 129.11251 | S9: =+M9-I9 -> 163.03006 | AN9: Lead Dust | AO9: =U69/1000 -> 894.64287 | AP9: =X70/1000 -> 927.93359 | AQ9: =AA71/1000 -> 1153.4979 | AR9: =AD76/1000 -> 1292.8458 | AS9: =AG76/1000 -> 1441.992 | AT9: =AS9-AR9 -> 149.14621 | AU9: =AS9-AO9 -> 547.34915
H10: Scrap batteries | I10: =AO10/$AO$5 -> 78.500243 | J10: =AP10/$AP$5 -> 141.42849 | K10: =AQ10/$AQ$5 -> 73.383459 | L10: =AR10/$AR$5 -> 90.204437 | M10: =AS10/$AS$5 -> 82.00531 | N10: =+M10-L10 -> -8.1991263 | O10: =+M10-I10 -> 3.5050669 | P10: =+J10-I10 -> 62.92825 | Q10: =+K10-I10 -> -5.1167842 | R10: =+L10-I10 -> 11.704193 | S10: =+M10-I10 -> 3.5050669 | AN10: Scrap batteries | AO10: =U52/1000 -> 257.6378 | AP10: =SUM(X52:X53)/1000 -> 466.6716 | AQ10: =SUM(AA52:AA53)/1000 -> 238.51752 | AR10: =SUM(AD52:AD53)/1000 -> 290.31486 | AS10: =SUM(AG52:AG53)/1000 -> 271.45398 | AT10: =AS10-AR10 -> -18.860883 | AU10: =AS10-AO10 -> 13.816179
H11: Other Lead-containing RM | I11: =AO11/$AO$5 -> 488.35904 | J11: =AP11/$AP$5 -> 416.2267 | K11: =AQ11/$AQ$5 -> 570.44554 | L11: =AR11/$AR$5 -> 420.79154 | M11: =AS11/$AS$5 -> 438.81471 | N11: =+M11-L11 -> 18.023172 | O11: =+M11-I11 -> -49.544328 | P11: =+J11-I11 -> -72.132338 | Q11: =+K11-I11 -> 82.086501 | R11: =+L11-I11 -> -67.5675 | S11: =+M11-I11 -> -49.544328 | W11: =AP12/1000 -> 5.1647399 | X11: =AQ12/1000 -> 6.2919556 | Y11: =AR12/1000 -> 6.4320286 | Z11: =AS12/1000 -> 7.1360799 | AN11: Other Lead-containing RM | AO11: =AO12-SUM(AO8:AO10) -> 1602.7944 | AP11: =AP12-SUM(AP8:AP10) -> 1373.4232 | AQ11: =AQ12-SUM(AQ8:AQ10) -> 1854.1134 | AR11: =AR12-SUM(AR8:AR10) -> 1354.2797 | AS11: =AS12-SUM(AS8:AS10) -> 1452.5644 | AT11: =AS11-AR11 -> 98.284759 | AU11: =AS11-AO11 -> -150.22991
H12: Total Lead-containing materials | I12: =SUM(I8:I11) -> 1439.0435 | J12: =SUM(J8:J11) -> 1565.215 | K12: =SUM(K8:K11) -> 1935.8136 | L12: =SUM(L8:L11) -> 1998.5113 | M12: =SUM(M8:M11) -> 2155.7851 | N12: =+M12-L12 -> 157.27387 | O12: =+M12-I12 -> 716.74165 | P12: =+J12-I12 -> 126.17153 | Q12: =+K12-I12 -> 496.77013 | R12: =+L12-I12 -> 559.46778 | S12: =+M12-I12 -> 716.74165 | W12: =AP13/1000 -> 1.1667594 | X12: =AQ13/1000 -> 1.438632 | Y12: =AR13/1000 -> 1.2423698 | Z12: =AS13/1000 -> 1.4462617 | AN12: Total Lead-containing materials | AO12: 4722.9407 | AP12: 5164.7399 | AQ12: 6291.9556 | AR12: 6432.0286 | AS12: =+AG85/1000 -> 7136.0799 | AT12: =+AS12-AR12 -> 704.05131 | AU12: =+AS12-AO12 -> 2413.1392
H13: Box & Lid | I13: =AO13/$AO$5 -> 311.94049 | J13: =AP13/$AP$5 -> 353.59561 | K13: =AQ13/$AQ$5 -> 442.6165 | L13: =AR13/$AR$5 -> 386.01976 | M13: =AS13/$AS$5 -> 436.91068 | N13: =+M13-L13 -> 50.890919 | O13: =+M13-I13 -> 124.97019 | P13: =+J13-I13 -> 41.655114 | Q13: =+K13-I13 -> 130.67601 | R13: =+L13-I13 -> 74.079266 | S13: =+M13-I13 -> 124.97019 | V13: for ben shihoon | W13: =AP14/1000 -> 2.1986886 | X13: =AQ14/1000 -> 1.458748 | Y13: =AR14/1000 -> 1.4441749 | Z13: =AS14/1000 -> 1.3984381 | AN13: Box & Lid | AO13: 1023.7887 | AP13: 1166.7594 | AQ13: 1438.632 | AR13: 1242.3698 | AS13: =+J37 -> 1446.2617 | AT13: =AS13-AR13 -> 203.89187 | AU13: =AS13-AO13 -> 422.47303
H14: Consumables | I14: =AO14/$AO$5 -> 340.1221 | J14: =AP14/$AP$5 -> 666.32986 | K14: =AQ14/$AQ$5 -> 448.80548 | L14: =AR14/$AR$5 -> 448.72311 | M14: =AS14/$AS$5 -> 422.46333 | N14: =+M14-L14 -> -26.259775 | O14: =+M14-I14 -> 82.341234 | P14: =+J14-I14 -> 326.20776 | Q14: =+K14-I14 -> 108.68338 | R14: =+L14-I14 -> 108.60101 | S14: =+M14-I14 -> 82.341234 | W14: =AP15/1000 -> 0.11269471 | X14: =AQ15/1000 -> 0.20173354 | Y14: =AR15/1000 -> 0.19295876 | Z14: =AS15/1000 -> 0.70513014 | AN14: Consumables | AO14: 1116.2807 | AP14: 2198.6886 | AQ14: 1458.748 | AR14: 1444.1749 | AS14: =+J40 -> 1398.4381 | AT14: =AS14-AR14 -> -45.736813 | AU14: =AS14-AO14 -> 282.15739
H15: Tin | I15: =AO15/$AO$5 -> 32.794398 | J15: =AP15/$AP$5 -> 34.153016 | K15: =AQ15/$AQ$5 -> 62.066319 | L15: =AR15/$AR$5 -> 59.954684 | M15: =AS15/$AS$5 -> 213.01738 | N15: =+M15-L15 -> 153.0627 | O15: =+M15-I15 -> 180.22298 | P15: =+J15-I15 -> 1.358618 | Q15: =+K15-I15 -> 29.271922 | R15: =+L15-I15 -> 27.160287 | S15: =+M15-I15 -> 180.22298 | V15: Tin purshased | W15: =AP16/1000 -> 0.70534295 | X15: =AQ16/1000 -> 0.74471452 | Y15: =AR16/1000 -> 0.78934529 | Z15: =AS16/1000 -> 0.58363065 | AN15: Tin | AO15: 107.63121 | AP15: 112.69471 | AQ15: 201.73354 | AR15: 192.95876 | AS15: =J42 -> 705.13014 | AT15: =AS15-AR15 -> 512.17138 | AU15: =AS15-AO15 -> 597.49892
H16: Spare parts | I16: =AO16/$AO$5 -> 210.00768 | J16: =AP16/$AP$5 -> 213.75972 | K16: =AQ16/$AQ$5 -> 229.12248 | L16: =AR16/$AR$5 -> 245.2594 | M16: =AS16/$AS$5 -> 176.31281 | N16: =+M16-L16 -> -68.94659 | O16: =+M16-I16 -> -33.694876 | P16: =+J16-I16 -> 3.7520392 | Q16: =+K16-I16 -> 19.114802 | R16: =+L16-I16 -> 35.251714 | S16: =+M16-I16 -> -33.694876 | W16: =AP17/1000 -> 0.31932419 | X16: =AQ17/1000 -> 0.30605785 | Y16: =AR17/1000 -> 0.31130544 | Z16: =AS17/1000 -> 0.38567442 | AN16: Spare parts | AO16: 689.24521 | AP16: 705.34295 | AQ16: 744.71452 | AR16: 789.34529 | AS16: =+J43 -> 583.63065 | AT16: =AS16-AR16 -> -205.71464 | AU16: =AS16-AO16 -> -105.61456
H17: Separator | I17: =AO17/$AO$5 -> 60.113579 | J17: =AP17/$AP$5 -> 96.773703 | K17: =AQ17/$AQ$5 -> 94.163243 | L17: =AR17/$AR$5 -> 96.72647 | M17: =AS17/$AS$5 -> 116.51091 | N17: =+M17-L17 -> 19.784443 | O17: =+M17-I17 -> 56.397334 | P17: =+J17-I17 -> 36.660124 | Q17: =+K17-I17 -> 34.049664 | R17: =+L17-I17 -> 36.612891 | S17: =+M17-I17 -> 56.397334 | W17: =AP18/1000 -> 4.5028099 | X17: =AQ18/1000 -> 4.1498859 | Y17: =AR18/1000 -> 3.9801543 | Z17: =AS18/1000 -> 4.5191351 | AN17: Separator | AO17: 197.29277 | AP17: 319.32419 | AQ17: 306.05785 | AR17: 311.30544 | AS17: =+J46 -> 385.67442 | AT17: =AS17-AR17 -> 74.368986 | AU17: =AS17-AO17 -> 188.38166
H18: Total non-lead materials | I18: =SUM(I13:I17) -> 954.97825 | J18: =SUM(J13:J17) -> 1364.6119 | K18: =SUM(K13:K17) -> 1276.774 | L18: =SUM(L13:L17) -> 1236.6834 | M18: =SUM(M13:M17) -> 1365.2151 | N18: =+M18-L18 -> 128.53169 | O18: =+M18-I18 -> 410.23686 | P18: =+J18-I18 -> 409.63366 | Q18: =+K18-I18 -> 321.79578 | R18: =+L18-I18 -> 281.70517 | S18: =+M18-I18 -> 410.23686 | W18: =AP19/1000 -> 1.0651248 | X18: =AQ19/1000 -> 1.6278324 | Y18: =AR19/1000 -> 1.2485487 | Z18: =AS19/1000 -> 0.99205138 | AN18: Total non-lead materials | AO18: =SUM(AO13:AO17) -> 3134.2386 | AP18: =SUM(AP13:AP17) -> 4502.8099 | AQ18: =SUM(AQ13:AQ17) -> 4149.8859 | AR18: =SUM(AR13:AR17) -> 3980.1543 | AS18: =SUM(AS13:AS17) -> 4519.1351 | AT18: =AS18-AR18 -> 538.98079 | AU18: =AS18-AO18 -> 1384.8964
H19: Plates, grids & strip | I19: =AO19/$AO$5 -> 223.23766 | J19: =AP19/$AP$5 -> 322.79443 | K19: =AQ19/$AQ$5 -> 500.82681 | L19: =AR19/$AR$5 -> 387.93959 | M19: =AS19/$AS$5 -> 299.6953 | N19: =+M19-L19 -> -88.24429 | O19: =+M19-I19 -> 76.457639 | P19: =+J19-I19 -> 99.556774 | Q19: =+K19-I19 -> 277.58915 | R19: =+L19-I19 -> 164.70193 | S19: =+M19-I19 -> 76.457639 | W19: =AP20/1000 -> 0.19999004 | X19: =AQ20/1000 -> 0.12802845 | Y19: =AR20/1000 -> 0.13346332 | Z19: =AS20/1000 -> 0.14950951 | AN19: Plates, grids & strip | AO19: 732.666 | AP19: 1065.1248 | AQ19: 1627.8324 | AR19: 1248.5487 | AS19: =+J41 -> 992.05138 | AT19: =AS19-AR19 -> -256.49727 | AU19: =AS19-AO19 -> 259.38538
H20: Industrial plates | I20: =AO20/$AO$5 -> 75.337584 | J20: =AP20/$AP$5 -> 60.608553 | K20: =AQ20/$AQ$5 -> 39.389854 | L20: =AR20/$AR$5 -> 41.468712 | M20: =AS20/$AS$5 -> 45.166307 | N20: =+M20-L20 -> 3.6975951 | O20: =+M20-I20 -> -30.171277 | P20: =+J20-I20 -> -14.729032 | Q20: =+K20-I20 -> -35.94773 | R20: =+L20-I20 -> -33.868872 | S20: =+M20-I20 -> -30.171277 | W20: =AP21/1000 -> 1.2651148 | X20: =AQ21/1000 -> 1.7558608 | Y20: =AR21/1000 -> 1.382012 | Z20: =AS21/1000 -> 1.1415609 | AN20: Industrial plates | AO20: 247.25795 | AP20: 199.99004 | AQ20: 128.02845 | AR20: 133.46332 | AS20: =+J44 -> 149.50951 | AT20: =AS20-AR20 -> 16.046192 | AU20: =AS20-AO20 -> -97.748441
H21: Total semi-finised goods | I21: =I19+I20 -> 298.57524 | J21: =J19+J20 -> 383.40299 | K21: =K19+K20 -> 540.21666 | L21: =L19+L20 -> 429.4083 | M21: =M19+M20 -> 344.86161 | N21: =+M21-L21 -> -84.546694 | O21: =+M21-I21 -> 46.286362 | P21: =+J21-I21 -> 84.827742 | Q21: =+K21-I21 -> 241.64142 | R21: =+L21-I21 -> 130.83306 | S21: =+M21-I21 -> 46.286362 | W21: =AP22/1000 -> 2.6715682 | X21: =AQ22/1000 -> 2.4584731 | Y21: =AR22/1000 -> 2.3250984 | Z21: =AS22/1000 -> 3.6778851 | AN21: Total semi-finised goods | AO21: =AO19+AO20 -> 979.92395 | AP21: =AP19+AP20 -> 1265.1148 | AQ21: =AQ19+AQ20 -> 1755.8608 | AR21: =AR19+AR20 -> 1382.012 | AS21: =AS19+AS20 -> 1141.5609 | AT21: =AS21-AR21 -> -240.45108 | AU21: =AS21-AO21 -> 161.63694
H22: Formed Battery, incl. SND | I22: =AO22/$AO$5 -> 801.90524 | J22: =AP22/$AP$5 -> 809.63972 | K22: =AQ22/$AQ$5 -> 756.38577 | L22: =AR22/$AR$5 -> 722.43698 | M22: =AS22/$AS$5 -> 1111.0764 | N22: =+M22-L22 -> 388.63941 | O22: =+M22-I22 -> 309.17115 | P22: =+J22-I22 -> 7.7344723 | Q22: =+K22-I22 -> -45.519475 | R22: =+L22-I22 -> -79.468259 | S22: =+M22-I22 -> 309.17115 | V22: ben shihoon/lybia | W22: =AP23/1000 -> 3.2372354 | X22: =AQ23/1000 -> 5.8443186 | Y22: =AR23/1000 -> 3.3076761 | Z22: =AS23/1000 -> 2.6426274 | AN22: Formed Battery, incl. SND | AO22: =SUM(V38:V39)/1000 -> 2631.853 | AP22: =SUM(W38:W39)/1000 -> 2671.5682 | AQ22: =SUM(X38:X39)/1000 -> 2458.4731 | AR22: =SUM(Y38:Y39)/1000 -> 2325.0984 | AS22: =SUM(Z38:Z39)/1000 -> 3677.8851 | AT22: =AS22-AR22 -> 1352.7867 | AU22: =AS22-AO22 -> 1046.0321
H23: Unformed Battery | I23: =AO23/$AO$5 -> 749.27858 | J23: =AP23/$AP$5 -> 981.0696 | K23: =AQ23/$AQ$5 -> 1798.0914 | L23: =AR23/$AR$5 -> 1027.7361 | M23: =AS23/$AS$5 -> 798.32864 | N23: =+M23-L23 -> -229.40746 | O23: =+M23-I23 -> 49.050052 | P23: =+J23-I23 -> 231.79102 | Q23: =+K23-I23 -> 1048.8128 | R23: =+L23-I23 -> 278.45752 | S23: =+M23-I23 -> 49.050052 | W23: =AP24/1000 -> 5.9088035 | X23: =AQ24/1000 -> 8.3027917 | Y23: =AR24/1000 -> 5.6327746 | Z23: =AS24/1000 -> 6.3205125 | AN23: Unformed Battery | AO23: 2459.1323 | AP23: 3237.2354 | AQ23: 5844.3186 | AR23: 3307.6761 | AS23: =+J39 -> 2642.6274 | AT23: =AS23-AR23 -> -665.04869 | AU23: =AS23-AO23 -> 183.49514
H24: Total finished goods - Batteries | I24: =I22+I23 -> 1551.1838 | J24: =J22+J23 -> 1790.7093 | K24: =K22+K23 -> 2554.4772 | L24: =L22+L23 -> 1750.1731 | M24: =M22+M23 -> 1909.405 | N24: =+M24-L24 -> 159.23195 | O24: =+M24-I24 -> 358.22121 | P24: =+J24-I24 -> 239.52549 | Q24: =+K24-I24 -> 1003.2934 | R24: =+L24-I24 -> 198.98926 | S24: =+M24-I24 -> 358.22121 | AN24: Total finished goods - Batteries | AO24: =AO22+AO23 -> 5090.9853 | AP24: =AP22+AP23 -> 5908.8035 | AQ24: =AQ22+AQ23 -> 8302.7917 | AR24: =AR22+AR23 -> 5632.7746 | AS24: =AS22+AS23 -> 6320.5125 | AT24: =AS24-AR24 -> 687.73798 | AU24: =AS24-AO24 -> 1229.5272
H25: Total Inventory | I25: =I12+I18+I21+I24 -> 4243.7808 | J25: =J12+J18+J21+J24 -> 5103.9392 | K25: =K12+K18+K21+K24 -> 6307.2815 | L25: =L12+L18+L21+L24 -> 5414.7761 | M25: =M12+M18+M21+M24 -> 5775.2669 | N25: =+M25-L25 -> 360.49082 | O25: =+M25-I25 -> 1531.4861 | P25: =+P24+P21+P18+P12 -> 860.15841 | Q25: =+Q24+Q21+Q18+Q12 -> 2063.5007 | R25: =+R24+R21+R18+R12 -> 1170.9953 | S25: =+S24+S21+S18+S12 -> 1531.4861 | V25: 1018.3613 | AN25: Total Inventory | AO25: =AO12+AO18+AO21+AO24 -> 13928.089 | AP25: =AP12+AP18+AP21+AP24 -> 16841.468 | AQ25: =AQ12+AQ18+AQ21+AQ24 -> 20500.494 | AR25: =AR12+AR18+AR21+AR24 -> 17426.969 | AS25: =AS12+AS18+AS21+AS24 -> 19117.288 | AT25: =AS25-AR25 -> 1690.319 | AU25: =AS25-AO25 -> 5189.1998
V26: -152.63395
V27: =O25-O8-O9 -> 768.70517
V28: =V27/2 -> 384.35258
I35: sep | J35: dec 22
G36: Raw Materials | K36: Finished Goods | U36: Mapping | V36: 44561 | W36: 44651 | X36: 44742 | Y36: 44834 | Z36: 44926
B37: Dec'21 | C37: Mar'22 | D37: Jun'22 | E37: Sep'22 | F37: Dec'22 | G37: Box & Lid | I37: =Y37/1000 -> 1242.3698 | J37: =Z37/1000 -> 1446.2617 | K37: SKU_20 | L37: 4.664 | O37: BOX AND LID | U37: RM & Other | V37: 1023788.7 | W37: 1166759.4 | X37: 1438632 | Y37: 1242369.8 | Z37: 1446261.7
A38: Lead-containing | B38: =SUMIF($U$37:$U$47,$A$38,V37:V47)/V48 -> 0.33909468 | C38: =SUMIF($U$37:$U$47,$A$38,W37:W47)/W48 -> 0.30666803 | D38: =SUMIF($U$37:$U$47,$A$38,X37:X47)/X48 -> 0.30691727 | E38: =SUMIF($U$37:$U$47,$A$38,Y37:Y47)/Y48 -> 0.36908475 | F38: =SUMIF($U$37:$U$47,$A$38,Z37:Z47)/Z48 -> 0.37327888 | G38: Formed Battery | I38: =Y38/1000 -> 247.54941 | J38: =Z38/1000 -> 1206.11 | K38: SKU_19 | L38: 3.905 | O38: BATTERY | U38: FG | V38: 428881.01 | W38: 845901.17 | X38: 916089.1 | Y38: 247549.41 | Z38: 1206110 | AA38: FG
A39: RM & Other | B39: =SUMIF($U$37:$U$47,$A$39,V37:V47)/V48 -> 0.22503006 | C39: =SUMIF($U$37:$U$47,$A$39,W37:W47)/W48 -> 0.26736445 | D39: =SUMIF($U$37:$U$47,$A$39,X37:X47)/X48 -> 0.20242858 | E39: =SUMIF($U$37:$U$47,$A$39,Y37:Y47)/Y48 -> 0.2283905 | F39: =SUMIF($U$37:$U$47,$A$39,Z37:Z47)/Z48 -> 0.23638996 | G39: UF Battery | I39: =Y40/1000 -> 3307.6761 | J39: =Z40/1000 -> 2642.6274 | K39: SKU_18 | L39: 6.16 | O39: BATTERY - SND | U39: FG | V39: =AJ53 -> 2202972 | W39: =AJ54 -> 1825667 | X39: =AJ55 -> 1542384 | Y39: =AJ56 -> 2077549 | Z39: 2471775.1 | AA39: WIP
A40: WIP | B40: =SUMIF($U$37:$U$47,$A$40,V37:V47)/V48 -> 0.070355953 | C40: =SUMIF($U$37:$U$47,$A$40,W37:W47)/W48 -> 0.075119035 | D40: =SUMIF($U$37:$U$47,$A$40,X37:X47)/X48 -> 0.085649683 | E40: =SUMIF($U$37:$U$47,$A$40,Y37:Y47)/Y48 -> 0.079303058 | F40: =SUMIF($U$37:$U$47,$A$40,Z37:Z47)/Z48 -> 0.059713536 | G40: Consumables | I40: =Y41/1000 -> 1444.1749 | J40: =Z41/1000 -> 1398.4381 | K40: SKU_17 | L40: 1.364 | O40: BATTERY NON FORMED | U40: FG | V40: 2459132.3 | W40: 3237235.4 | X40: 5844318.6 | Y40: 3307676.1 | Z40: 2642627.4 | AA40: RM
A41: FG | B41: =SUMIF($U$37:$U$47,$A$41,V37:V47)/V48 -> 0.36551931 | C41: =SUMIF($U$37:$U$47,$A$41,W37:W47)/W48 -> 0.35084848 | D41: =SUMIF($U$37:$U$47,$A$41,X37:X47)/X48 -> 0.40500447 | E41: =SUMIF($U$37:$U$47,$A$41,Y37:Y47)/Y48 -> 0.32322169 | F41: =SUMIF($U$37:$U$47,$A$41,Z37:Z47)/Z48 -> 0.33061763 | G41: Plates, grids & strip | I41: =Y42/1000 -> 1248.5487 | J41: =Z42/1000 -> 992.05138 | K41: SKU_16 | L41: 5.005 | O41: CONSUMABLE | U41: RM & Other | V41: 1116280.7 | W41: 2198688.6 | X41: 1458748 | Y41: 1444174.9 | Z41: 1398438.1
G42: Tin | I42: =Y43/1000 -> 192.95876 | J42: =Z43/1000 -> 705.13014 | K42: SKU_15 | L42: 7.205 | O42: PLATES AND GRIDS AND BANDES | U42: WIP | V42: 732666 | W42: 1065124.8 | X42: 1627832.4 | Y42: 1248548.7 | Z42: 992051.38
G43: Spare parts | I43: =Y44/1000 -> 789.34529 | J43: =Z44/1000 -> 583.63065 | K43: SKU_14 | L43: 3.586 | O43: TIN | U43: RM & Other | V43: 107631.21 | W43: 112694.71 | X43: 201733.54 | Y43: 192958.76 | Z43: 705130.14
G44: Industrial plates | I44: =Y45/1000 -> 133.46332 | J44: =Z45/1000 -> 149.50951 | K44: SKU_13 | L44: 4.158 | O44: SPARE PART | U44: RM & Other | V44: 689245.21 | W44: 705342.95 | X44: 744714.52 | Y44: 789345.29 | Z44: 583630.65
G45: Lead | I45: =Y46/1000 -> 6432.0286 | J45: =Z46/1000 -> 7136.0799 | K45: SKU_12 | L45: 4.763 | O45: INDUSTRIAL PLATE | U45: WIP | V45: 247257.95 | W45: 199990.04 | X45: 128028.45 | Y45: 133463.32 | Z45: 149509.51
G46: Separator | I46: =Y47/1000 -> 311.30544 | J46: =Z47/1000 -> 385.67442 | K46: SKU_11 | L46: 3.905 | O46: LEAD | U46: Lead-containing | V46: 4722940.7 | W46: 5164739.9 | X46: 6291955.6 | Y46: 6432028.6 | Z46: 7136079.9
K47: SKU_10 | L47: 6.16 | O47: SEPARATEUR | U47: RM & Other | V47: 197292.77 | W47: 319324.19 | X47: 306057.85 | Y47: 311305.44 | Z47: 385674.42
K48: SKU_9 | L48: 1.364 | V48: =SUM(V37:V47) -> 13928089 | W48: =SUM(W37:W47) -> 16841468 | X48: =SUM(X37:X47) -> 20500494 | Y48: =SUM(Y37:Y47) -> 17426969 | Z48: =SUM(Z37:Z47) -> 19117288 | AA48: =+Z48-V48 -> 5189199.8
K49: SKU_8 | L49: 5.005
K50: SKU_7 | L50: 7.205
K51: SKU_6 | L51: 4.884 | T51: Dec | U51: Dec21 | W51: Mar | X51: Mar | Z51: Jun | AA51: Jun | AC51: Sep | AD51: Sep | AF51: Dec22 | AG51: dec 22 | AJ51: FG in SND
K52: SKU_5 | L52: 6.952 | T52: BATTERIES USAGEES | U52: 257637.8 | W52: BATTERIES USAGEES | X52: 272078.75 | Z52: BATTERIES USAGEES | AA52: 224633.89 | AC52: BATTERIES USAGEES | AD52: 18573.929 | AF52: BATTERIES USAGEES | AG52: 255753.84 | AI52: Date | AJ52: Value in TND
K53: SKU_4 | L53: 3.916 | T53: CRASSE 30% | U53: 1967865.7 | W53: BATTERIES USAGEES | X53: 194592.85 | Z53: BATTERIES USAGEES | AA53: 13883.638 | AC53: BATTERIES USAGEES | AD53: 271740.93 | AF53: BATTERIES USAGEES | AG53: 15700.136 | AI53: 44561 | AJ53: 2202972
K54: SKU_3 | L54: 2.079 | T54: CRASSE STRIP | U54: 10911.054 | W54: CALCIUM POSITIF | X54: 13199.677 | Z54: CRASSE 30% | AA54: 3045826.8 | AC54: CALCIUM CONCENTREE | AD54: 3566.6432 | AF54: CALCIUM CONCENTREE | AG54: 5614.9159 | AI54: 44651 | AJ54: 1825667
K55: SKU_2 | L55: 2.2 | T55: DECHETS CHAINE DE LINGOTAGE | U55: 2549.47 | W55: CRASSE 3% | X55: 1641.1947 | Z55: dechet strip+WIRTZ+rebut grille | AA55: 63418.695 | AC55: CRASSE 3% | AD55: 3073.5743 | AF55: CRASSE 3% | AG55: =167.558+3009.53148606502 -> 3177.0895 | AH55: 167.55867 | AI55: 44742 | AJ55: 1542384
K56: SKU_1 | L56: 5.731 | T56: ECUMAGE ET BRASSAGEUSINE | U56: 782812.51 | W56: CRASSE 30% | X56: 2396711.5 | Z56: DECHETS CHAINE DE LINGOTAGE | AA56: 9413.1127 | AC56: CRASSE 30% | AD56: 3494588.3 | AF56: CRASSE 30% | AG56: 3970069.5 | AI56: 44834 | AJ56: 2077549
T57: PB SB 3.2 | U57: 67900.075 | W57: dechet strip+WIRTZ+rebut grille+plaque industriel | X57: 53267.082 | Z57: ECUMAGE ET BRASSAGEUSINE | AA57: 131365 | AC57: DECHET DE PLAQUE ACHETE | AD57: 6899.85 | AF57: DECHET DE PLAQUE ACHETE | AI57: 44926 | AJ57: =+Z39 -> 2471775.1
T58: PB SB 3.2 | U58: 6740.1305 | W58: DECHETS CHAINE DE LINGOTAGE | X58: 5421.9901 | Z58: PB SB 3.2 | AA58: 25665.96 | AC58: dechet strip+WIRTZ+rebut grille | AD58: 33639.513 | AF58: dechet strip+WIRTZ+rebut grille
T59: PB SB 3.2 | U59: 127199.74 | W59: ECUMAGE ET BRASSAGEUSINE | X59: 476908.15 | Z59: PLOMB 3% | AA59: 30760.746 | AC59: DECHETS CHAINE DE LINGOTAGE | AD59: 8690.1596 | AF59: DECHETS CHAINE DE LINGOTAGE | AG59: 8866.0601
T60: PLOMB 3% | U60: 7158.0186 | W60: PB CALCIUM WIRTZ | X60: 20559.861 | Z60: PLOMB 3% | AA60: 208346.15 | AC60: ECUMAGE,BRASSAGE ET DECUIVRAGE | AD60: 20093.872 | AF60: ECUMAGE,BRASSAGE ET DECUIVRAGE | AG60: 15518.041
T61: PLOMB CALCIUM NEGATIF | U61: 8794.1269 | W61: PB SB 3.2 | X61: 48886.556 | Z61: PLOMB 3% | AA61: 76289.771 | AC61: GRILLE CASSE BATTERIE | AD61: 293028.04 | AF61: GRILLE CASSE BATTERIE | AG61: 480140.91
T62: PLOMB CALCIUM NEGATIF F | U62: 86521.828 | W62: PB SB 3.2 | X62: 19414.101 | Z62: PLOMB 5% | AA62: 3163.9583 | AC62: OXYDE CASSE BATTERIE | AD62: 84633.986 | AF62: OXYDE CASSE BATTERIE | AG62: 134189.77
T63: PLOMB CALCIUM POSITIF | U63: 51921.044 | W63: PB SB 3.2 A | X63: 60669.067 | Z63: PLOMB CALCIUM NEGATIVE | AA63: 100860.09 | AC63: PB SB 3.2 | AD63: 158569.93 | AF63: PB SB 3.2 | AG63: 38923.832
T64: PLOMB CALCIUM POSITIF | U64: 7411.7291 | W64: PLOMB 3% | X64: 47506.306 | Z64: PLOMB CALCIUM POSITIF | AA64: 110768.89 | AC64: PB SB 3.2 | AD64: 44650.817 | AF64: PB SB 3.2 | AG64: 20929.846
T65: PLOMB CALCIUM POSITIF concentree | U65: 7846.5678 | W65: PLOMB CALCIUM NEGATIVE | X65: 68125.851 | Z65: PLOMB CALCIUM CONCENTREE | AA65: 19714.058 | AC65: PLOMB 1,8% | AD65: 35464.324 | AF65: PLOMB 1,8% | AG65: 26776.313
T66: PLOMB D'ŒUVRE ACHETEE | U66: 173920.16 | W66: PLOMB CALCIUM NEGATIVE | X66: 19572.557 | Z66: PLOMB CALCIUM NEGATIF | AA66: 144809.06 | AC66: PLOMB 1,8% | AD66: 8414.9605 | AF66: PLOMB 1,8% | AG66: 0
T67: PLOMB D'OEUVRE SNA | U67: 163271.17 | W67: PLOMB CALCIUM POSITIF | X67: 99781.572 | Z67: PLOMB D'OEUVRE SNA | AA67: 247776.75 | AC67: PLOMB 5% | AD67: 9972.0157 | AF67: PLOMB 5% | AG67: 4062.5977
T68: PLOMB DOUX FONDERIE SNA | U68: 21140.457 | W68: PLOMB D'ŒUVRE ACHETEE | X68: 213531.8 | Z68: PLOMB DOUX | AA68: 197494.76 | AC68: PLOMB CALCIUM NEGATIVE | AD68: 125767.71 | AF68: PLOMB CALCIUM NEGATIVE | AG68: 136381.25
T69: Poudre de plomb | U69: 894642.87 | W69: PLOMB D'OEUVRE SNA | X69: 94600.843 | Z69: PLOMB DOUX | AA69: 27068.084 | AC69: PLOMB CALCIUM POSITIF | AD69: 125005.61 | AF69: PLOMB CALCIUM POSITIF | AG69: 79731.3
T70: REBUT BANDE | U70: 771.45 | W70: Poudre de plomb | X70: 927933.59 | Z70: PLOMB DOUX EXPORT | AA70: 400788.1 | AC70: PLOMB CALCIUM POSITIF | AD70: 95753.288 | AF70: PLOMB CALCIUM POSITIF | AG70: 109408.3
... T74: REBUT GRILLE CASSE BATTERIE | U74: 21192.943 | W74: REBUT OXYDE CASSE BATTERIE | X74: 45420.228 | Z74: REBUT OXYDE CASSE BATTERIE | AA74: 32724.598 | AC74: PLOMB DOUX | AD74: 31501.135 | AF74: PLOMB DOUX | AG74: 27083.985
T75: REBUT OXYDE CASSE BATTERIE | U75: 22693.614 | W75: rebut usine | X75: 2331.752 | Z75: REBUT PLAQUE | AA75: 572.99857 | AC75: PLOMB DOUX | AD75: 118378.89 | AF75: PLOMB DOUX
T76: REBUT PLAQUE | U76: 3604.7 | Z76: REBUT USINE | AA76: 10801.633 | AC76: Poudre de plomb | AD76: 1292845.8 | AF76: Poudre de plomb | AG76: 1441992
T77: REBUT PLAQUE ET ELEMENT | U77: 1762.946 | AC77: REBUT ¨PLAQUE | AD77: 4407.2202 | AF77: REBUT ¨PLAQUE | AG77: 6375.2083
AC78: REBUT BANDE ET GRILLE USINE+CRASSE 3% | AD78: 1186.22 | AF78: REBUT BANDE ET GRILLE USINE+CRASSE 3% | AG78: 11862.043
AC79: REBUT OXYDE | AD79: 4786.8963 | AF79: REBUT OXYDE
AC80: REBUT PATE | AD80: 28177.92 | AF80: REBUT PATE
AC81: REBUT USINE | AD81: 14141.072 | AF81: REBUT USINE | AG81: =18220.6204275539+40066.469 -> 58287.089
AC82: REBUT USINE+ PATE FOSSE | AD82: 6729.9444 | AF82: REBUT USINE+ PATE FOSSE | AG82: 20944.833
AG85: =+SUM(AG52:AG82) -> 7136079.9

Sheet Analyse marge 
H2: INVENTORY 31/12/2021 | I2: Entrée 2022 | J2: INVENTORY 31/12/2022 | K2: consumed 2022
G3: Plomb doux | H3: 3500 | I3: 2172206 | J3: 4500 | K3: =+H3+I3-J3 -> 2171206
G4: Plomb calcium + | H4: 12225 | I4: 615202 | J4: 27781 | K4: =+H4+I4-J4 -> 599646
G5: Plomb calcium - | H5: 14000 | I5: 600518 | J5: 20500 | K5: =+H5+I5-J5 -> 594018
G6: Plomb calcium CONCENTREE | I6: 45513 | J6: 844 | K6: =+H6+I6-J6 -> 44669
A7: taux d'écart | G7: Plomb 3% SNA 1 | H7: 11074 | I7: 446092 | J7: 9480 | K7: =+H7+I7-J7 -> 447686
G8: Plomb 3% SNA 2 | H8: 18872 | I8: 64374 | J8: 4283 | K8: =+H8+I8-J8 -> 78963
B9: 2022 | C9: 2021 | G9: TOTAL | H9: =+SUM(H3:H8) -> 59671 | I9: =+SUM(I3:I8) -> 3943905 | J9: =+SUM(J3:J8) -> 67388 | K9: =+SUM(K3:K8) -> 3936188
A10: cons° réelle | B10: =+K11/1000 -> 3900.602 | C10: =3327520/1000 -> 3327.52 | J10: SI-SF (WIP) | K10: -35586
A11: cons° theorique | B11: =(2946634.28238762-I20)/1000 -> 2790.9443 | C11: =(2855132.3202-I21)/1000 -> 2811.8323 | K11: =+K9+K10 -> 3900602
A12: Ecart en tonne | B12: =(B10-B11) -> 1109.6577 | C12: =(C10-C11) -> 515.68768 | F12: CONS° theorique
A13: Taux d'écart | B13: =+B12/B10 -> 0.28448371 | C13: =+C12/C10 -> 0.15497658 | D13: =+B13-C13 -> 0.12950712 | E13: Q1 | F13: 699681.52
A14: Ecart K TND | B14: =+(B12-C12)*6.25 -> 3712.3127 | E14: Q2 | F14: 702529.03
E15: Q3 | F15: 753270.25
A16: SI-SF (WIP) | B16: =+B21-B20 -> -35586 | E16: Q4 | F16: =561050+230103.486022296 -> 791153.49
A17: DIFF | B17: =+B12+B16 -> -34476.342 | F17: =+SUM(F13:F16) -> 2946634.3
A18: RATE TW | B18: =+B17/B11 -> -12.352931
A20: SF WIP | B20: =158899+1598 -> 160497 | G20: Ecart batterie 2022 (unité) | H20: 15569 | I20: =+H20*10 -> 155690
A21: SI WIP | B21: 124911 | G21: Ecart batterie 2021 (unité) | H21: 4330 | I21: =+H21*10 -> 43300
B22: =+B20-B21 -> 35586 | H22: =+H20-H21 -> 11239 | I22: =+H22*10 -> 112390
G24: 300000 | H24: =+H22/H21 -> 2.595612 | I24: =+H20*10*2.1 -> 326949
G25: =+H20/G24 -> 0.051896667
A28: ARTICLE | B28: Qté achetée 2021 | C28: VALEUR ACHAT2021 | D28: PMP2021 | E28: Qté achetée 2022 | F28: VALEUR ACHAT 2022 | G28: PMP 2022 | H28: variation | I28: variation en % | J28: variation en montant | K28: STK 31-12-20 | L28: STK 31-12-21 | M28: STK 31-12-22 | N28: VALEUR 31-12-20 | O28: VALEUR 31-12-21 | P28: VALEUR 31-12-22 | Q28: Qté cons° matiere 2021 | R28: Qtécons° matiere 2022 | S28: valeur Totale cons° matiere 2021 | T28: valeur Totale cons° matiere 2022 | U28: PMP CONS° 2021 | V28: PMP CONS° 2022 | W28: Variation PMP CONS° | Z28: Price effect | AA28: méthode 2 | AB28: Quantity effect
A29: ACHAT PLOMB D'OEUVRE | B29: 314931 | C29: 1613877.7 | D29: =+C29/B29 -> 5.1245439 | E29: 745414 | F29: 4351674.7 | G29: =+F29/E29 -> 5.8379299 | H29: =+G29-D29 -> 0.71338607 | I29: =+H29/D29 -> 0.13920967 | J29: =+I29*C29 -> 224667.39 | K29: 78635 | L29: 33471 | M29: 6725 | N29: 358575.6 | O29: 173920.16 | P29: 34309.269 | Q29: =+K29+B29-L29 -> 360095 | R29: =+L29+E29-M29 -> 772160 | S29: =+N29+C29-O29 -> 1798533.2 | T29: =+O29+F29-P29 -> 4491285.6 | U29: =+S29/Q29 -> 4.9946074 | V29: =+T29/R29 -> 5.816522 | W29: =+(V29-U29)/U29 -> 0.16456038 | X29: =R29-Q29 -> 412065 | Y29: =+X29/Q29 -> 1.144323 | Z29: =+S29*W29 -> 295967.31 | AA29: =+Q29*V29-Q29*U29 -> 295967.31 | AB29: =+(R29-Q29)*V29 -> 2396785.1 | AC29: =(V29-U29)*Q29 -> 295967.31 | AD29: =(R29-Q29)*V29 -> 2396785.1 | AE29: =+R29-Q29 -> 412065 | AF29: =+AE29/Q29 -> 1.144323
A30: Achat Dechets Batteries | B30: 4835237 | C30: 11179662 | D30: =+C30/B30 -> 2.312123 | E30: 5375902 | F30: =12187092.494-30000 -> 12157092 | G30: =+F30/E30 -> 2.2614052 | H30: =+G30-D30 -> -0.050717801 | I30: =+H30/D30 -> -0.021935599 | J30: =+I30*C30 -> -245232.59 | K30: 36494 | L30: 117862 | M30: 126493 | N30: 52952.794 | O30: 257637.8 | P30: 271499 | Q30: =+K30+B30-L30 -> 4753869 | R30: =+L30+E30-M30 -> 5367271 | S30: =+N30+C30-O30 -> 10974977 | T30: =+O30+F30-P30 -> 12143231 | U30: =+S30/Q30 -> 2.3086411 | V30: =+T30/R30 -> 2.2624591 | W30: =+(V30-U30)/U30 -> -0.020003971 | X30: =R30-Q30 -> 613402 | Y30: =+X30/Q30 -> 0.12903216 | Z30: =+S30*W30 -> -219543.13 | AA30: =+Q30*V30-Q30*U30 -> -219543.13 | AB30: =+(R30-Q30)*V30 -> 1387797 | AC30: =(V30-U30)*Q30 -> -219543.13 | AE30: =+R30-Q30 -> 613402 | AF30: =+AE30/Q30 -> 0.12903216
A31: ACHAT ANTIMOINE | B31: 500 | C31: 19483.77 | D31: =+C31/B31 -> 38.96754 | E31: 2588 | F31: 126297.71 | G31: =+F31/E31 -> 48.80128 | H31: =+G31-D31 -> 9.8337401 | I31: =+H31/D31 -> 0.25235722 | J31: =+I31*C31 -> 4916.8701 | K31: 1341 | L31: 24 | M31: 528 | N31: 29426.393 | O31: 968.05147 | P31: 27162.207 | Q31: =+K31+B31-L31 -> 1817 | R31: =+L31+E31-M31 -> 2084 | S31: =+N31+C31-O31 -> 47942.112 | T31: =+O31+F31-P31 -> 100103.56 | U31: =+S31/Q31 -> 26.385312 | V31: =+T31/R31 -> 48.034336 | W31: =+(V31-U31)/U31 -> 0.8204953 | X31: =R31-Q31 -> 267 | Y31: =+X31/Q31 -> 0.14694551 | Z31: =+S31*W31 -> 39336.277 | AA31: =+Q31*V31-Q31*U31 -> 39336.277 | AB31: =+(R31-Q31)*V31 -> 12825.168 | AC31: =(V31-U31)*Q31 -> 39336.277 | AE31: =+R31-Q31 -> 267 | AF31: =+AE31/Q31 -> 0.14694551
A32: ACHAT CALCIUM METAL | B32: 3220 | C32: =+B32*D32 -> 107304.29 | D32: 33.324315 | E32: 3000 | F32: 137790.54 | G32: =+F32/E32 -> 45.930178 | H32: =+G32-D32 -> 12.605863 | I32: =+H32/D32 -> 0.37827823 | J32: =+I32*C32 -> 40590.879 | K32: 1140 | L32: 1150 | M32: 1255 | N32: 41283.638 | O32: 49879.577 | P32: 58081 | Q32: =+K32+B32-L32 -> 3210 | R32: =+L32+E32-M32 -> 2895 | S32: =+N32+C32-O32 -> 98708.356 | T32: =+O32+F32-P32 -> 129589.11 | U32: =+S32/Q32 -> 30.750267 | V32: =+T32/R32 -> 44.763078 | W32: =+(V32-U32)/U32 -> 0.45569724 | X32: =R32-Q32 -> -315 | Y32: =+X32/Q32 -> -0.098130841 | Z32: =+S32*W32 -> 44981.125 | AA32: =+Q32*V32-Q32*U32 -> 44981.125 | AB32: =+(R32-Q32)*V32 -> -14100.37 | AC32: =(V32-U32)*Q32 -> 44981.125 | AE32: =+R32-Q32 -> -315 | AF32: =+AE32/Q32 -> -0.098130841
A33: ACHAT SEPARATEUR | B33: 1232963 | C33: 859394.5 | D33: =+C33/B33 -> 0.69701565 | E33: 1659514 | F33: 1331078.2 | G33: =+F33/E33 -> 0.80208918 | H33: =+G33-D33 -> 0.10507353 | I33: =+H33/D33 -> 0.15074774 | J33: =+I33*C33 -> 129551.78 | K33: 628275 | L33: 691038.15 | M33: 880723 | N33: 345179 | O33: 239939.14 | P33: 385674.42 | Q33: =+K33+B33-L33 -> 1170199.9 | R33: =+L33+E33-M33 -> 1469829.1 | S33: =+N33+C33-O33 -> 964634.36 | T33: =+O33+F33-P33 -> 1185342.9 | U33: =+S33/Q33 -> 0.82433301 | V33: =+T33/R33 -> 0.80644947 | W33: =+(V33-U33)/U33 -> -0.021694556 | X33: =R33-Q33 -> 299629.3 | Y33: =+X33/Q33 -> 0.25604968 | Z33: =+S33*W33 -> -20927.314 | AA33: =+Q33*V33-Q33*U33 -> -20927.314 | AB33: =+(R33-Q33)*V33 -> 241635.89 | AC33: =(V33-U33)*Q33 -> -20927.314 | AE33: =+R33-Q33 -> 299629.3 | AF33: =+AE33/Q33 -> 0.25604968
A34: ACIDE SULFIRIQUE | B34: 864586 | C34: 608595.4 | D34: =+C34/B34 -> 0.7039154 | E34: 920780 | F34: 1055269 | G34: =+F34/E34 -> 1.1460599 | H34: =+G34-D34 -> 0.44214446 | I34: =+H34/D34 -> 0.62812159 | J34: =+I34*C34 -> 382271.91 | K34: 36600 | L34: 51480 | M34: 69540 | N34: 17811.715 | O34: 53024.4 | P34: 70574.736 | Q34: =+K34+B34-L34 -> 849706 | R34: =+L34+E34-M34 -> 902720 | S34: =+N34+C34-O34 -> 573382.72 | T34: =+O34+F34-P34 -> 1037718.7 | U34: =+S34/Q34 -> 0.6748013 | V34: =+T34/R34 -> 1.1495466 | W34: =+(V34-U34)/U34 -> 0.70353339 | X34: =R34-Q34 -> 53014 | Y34: =+X34/Q34 -> 0.062390992 | Z34: =+S34*W34 -> 403393.89 | AA34: =+Q34*V34-Q34*U34 -> 403393.89 | AB34: =+(R34-Q34)*V34 -> 60942.061 | AC34: =(V34-U34)*Q34 -> 403393.89 | AE34: =+R34-Q34 -> 53014 | AF34: =+AE34/Q34 -> 0.062390992
A35: ACHAT SOUDE CAUSTIQUE | B35: 150075 | C35: 309053.95 | D35: =+C35/B35 -> 2.05933 | E35: 135000 | F35: 508315 | G35: =+F35/E35 -> 3.7652963 | H35: =+G35-D35 -> 1.7059663 | I35: =+H35/D35 -> 0.82840841 | J35: =+I35*C35 -> 256022.89 | K35: 25725 | L35: 4700 | M35: 20450 | N35: 51519.137 | O35: 9486 | P35: 76706 | Q35: =+K35+B35-L35 -> 171100 | R35: =+L35+E35-M35 -> 119250 | S35: =+N35+C35-O35 -> 351087.09 | T35: =+O35+F35-P35 -> 441095 | U35: =+S35/Q35 -> 2.0519409 | V35: =+T35/R35 -> 3.6989099 | W35: =+(V35-U35)/U35 -> 0.80263957 | X35: =R35-Q35 -> -51850 | Y35: =+X35/Q35 -> -0.30303916 | Z35: =+S35*W35 -> 281796.39 | AA35: =+Q35*V35-Q35*U35 -> 281796.39 | AB35: =+(R35-Q35)*V35 -> -191788.48 | AC35: =(V35-U35)*Q35 -> 281796.39 | AE35: =+R35-Q35 -> -51850 | AF35: =+AE35/Q35 -> -0.30303916
A36: ACHAT COKE DE PETROLE | B36: 553870 | C36: 434276.11 | D36: =+C36/B36 -> 0.78407589 | E36: 522750 | F36: 632998 | G36: =+F36/E36 -> 1.2109 | H36: =+G36-D36 -> 0.42682416 | I36: =+H36/D36 -> 0.54436588 | J36: =+I36*C36 -> 236405.1 | K36: 63259 | L36: 64122 | M36: 6477 | N36: 51227 | O36: 56447.305 | P36: 9864.8528 | Q36: =+K36+B36-L36 -> 553007 | R36: =+L36+E36-M36 -> 580395 | S36: =+N36+C36-O36 -> 429055.81 | T36: =+O36+F36-P36 -> 679580.45 | U36: =+S36/Q36 -> 0.77585963 | V36: =+T36/R36 -> 1.170893 | W36: =+(V36-U36)/U36 -> 0.50915574 | X36: =R36-Q36 -> 27388 | Y36: =+X36/Q36 -> 0.049525594 | Z36: =+S36*W36 -> 218456.23 | AA36: =+Q36*V36-Q36*U36 -> 218456.23 | AB36: =+(R36-Q36)*V36 -> 32068.418 | AC36: =(V36-U36)*Q36 -> 218456.23 | AE36: =+R36-Q36 -> 27388 | AF36: =+AE36/Q36 -> 0.049525594
O38: =SUM(O29:O37) -> 841302.43 | P38: =SUM(P29:P37) -> 933871.49 | S38: =SUM(S29:S37)/1000 -> 15238.321 | T38: =SUM(T29:T37)/1000 -> 20207.947
Z39: effet prix KTND | AB39: effet qté T
T40: =+T38-S38 -> 4969.6255 | Z40: =+SUM(Z29:Z36)/1000 -> 1043.4608 | AA40: =+SUM(AA29:AA36) -> 1043460.8 | AB40: =+SUM(AB29:AB36)/1000 -> 3926.1648 | AC40: =+AB40+Z40 -> 4969.6255 | AD40: =+AC40-T40 -> 0 | AE40: =+AC40/3.27 -> 1519.7632 | AF40: =+AD40/3.27 -> 0
Z41: =+Z40/S38 -> 0.068476098 | AB41: =+AB40/S38 -> 0.25765074 | AE41: =+Z40/$AC$40 -> 0.20996769 | AF41: =+AB40/AC40 -> 0.79003231
AC42: 3547 | AE42: =+AE41*AE40 -> 319.10115
AC43: =+AC40-AC42 -> 1422.6255
AC45: =+'5,6 Inventory stratificatio (2)'!M29 -> 0
AC46: =+AC40-AC45 -> 4969.6255

Sheet YTD Q1'23 SNA vs Q1'22
O2: Ramzi
B3: Applicable FX rate | C3: ='FY22 Fcst'!N6 -> 3.3321 | F3: ='FY22 Fcst'!N7 -> 3.2702 | T3: Profitability dynamics (EURs)
B5: SNA | C5: 44926 | E5: % of Rev | F5: 44561 | H5: % of Rev | J5: YoY Var
C6: TND | D6: EUR | F6: TND | G6: EUR | J6: TND | K6: EUR | L6: EUR %
B7: Local Sales Revenue | C7: 31465471 | D7: =+C7/$C$3 -> 9443135.2 | F7: 28572438 | G7: =+F7/$F$3 -> 8737214.2 | J7: =C7-F7 -> 2893033 | K7: =D7-G7 -> 705921.01 | L7: =K7/G7 -> 0.080794748
B8: Export Sales Revenue | C8: 7380617.3 | D8: =+C8/$C$3 -> 2215004.7 | F8: 9010087.4 | G8: =+F8/$F$3 -> 2755209.9 | J8: =C8-F8 -> -1629470.1 | K8: =D8-G8 -> -540205.16 | L8: =K8/G8 -> -0.19606679
B9: Other Revenues | C9: 769977.89 | D9: =+C9/$C$3 -> 231078.87 | F9: 221147.12 | G9: =+F9/$F$3 -> 67624.953 | J9: =C9-F9 -> 548830.77 | K9: =D9-G9 -> 163453.91 | L9: =K9/G9 -> 2.4170651
B10: Total sales revenues | C10: =SUM(C7:C9) -> 39616066 | D10: =SUM(D7:D9) -> 11889219 | F10: =SUM(F7:F9) -> 37803672 | G10: =+F10/$F$3 -> 11560049 | J10: =C10-F10 -> 1812393.6 | K10: =D10-G10 -> 329169.77 | L10: =K10/G10 -> 0.028474773 | O10: 12148068 | P10: =+O10-D10 -> 258849.63
B11: Change in inventory | C11: 1124564.6 | D11: =+C11/$C$3 -> 337494.27 | E11: =+D11/$D$10 -> 0.02838658 | F11: =-1054861.408 -> -1054861.4 | G11: =+F11/$F$3 -> -322567.86 | H11: =+G11/$G$10 -> -0.027903676 | J11: =C11-F11 -> 2179426.1 | K11: =D11-G11 -> 660062.12 | L11: =K11/G11 -> -2.0462737 | T11: =+E11+E12-H11-H12 -> -0.011473344 | Y11: 0.1
B12: Expense for materials | C12: =-28027514.927+271000 -> -27756515 | D12: =+C12/$C$3 -> -8330036.6 | E12: =+D12/$D$10 -> -0.70063784 | F12: -23924970 | G12: =+F12/$F$3 -> -7316057.3 | H12: =+G12/$G$10 -> -0.63287424 | J12: =C12-F12 -> -3831544.5 | K12: =D12-G12 -> -1013979.3 | L12: =-K12/G12 -> -0.13859642
B13: GROSS CONTRIBUTION | C13: =C10+C11+C12 -> 12984116 | D13: =D10+D11+D12 -> 3896676.5 | E13: =+D13/$D$10 -> 0.32774874 | F13: =F10+F11+F12 -> 12823840 | G13: =G10+G11+G12 -> 3921423.9 | H13: =+G13/$G$10 -> 0.33922208 | J13: =C13-F13 -> 160275.2 | K13: =D13-G13 -> -24747.439 | L13: =K13/G13 -> -0.0063108299 | O13: =+L13 -> -0.0063108299 | P13: * 6% increase of total revenue compensating a negative variance on the on the COGS | T13: =E13-H13 -> -0.011473344 | V13: =K11+K12 -> -353917.21 | W13: * Increase in the cost of consumed raw material 1,5 M EUR negatively impacting the Gross contribution by 12,5% (20% driven by price variance and 80% by volume variance) * The material cost increase hit is partially mitigated by the following price increasing (Increase in the export selling price by 10% and local sale price 14% from october 22 and 3% from march 22 and 3% from sep 21)
B14: Personnel expenses | C14: =-3991712.925-271000 -> -4262712.9 | D14: =+C14/$C$3 -> -1279287.2 | E14: =+D14/$D$10 -> -0.10760061 | F14: -3351174.9 | G14: =+F14/$F$3 -> -1024761.5 | H14: =+G14/$G$10 -> -0.088646809 | J14: =C14-F14 -> -911538 | K14: =D14-G14 -> -254525.75 | L14: =-K14/G14 -> -0.24837561 | W14: * 90K EUR 33 K EUR SNA and 57 K EUR SND
B15: Other expenses | C15: -3027640.1 | D15: =+C15/$C$3 -> -908628.23 | E15: =+D15/$D$10 -> -0.076424553 | F15: -2476935.2 | G15: =+F15/$F$3 -> -757426.2 | H15: =+G15/$G$10 -> -0.06552102 | J15: =C15-F15 -> -550704.95 | K15: =D15-G15 -> -151202.03 | L15: =-K15/G15 -> -0.19962608
B16: Total Expenses | C16: =SUM(C11:C15)-C13 -> -33922303 | D16: =SUM(D11:D15)-D13 -> -10180458 | E16: =D16/D10 -> -0.85627643 | F16: =SUM(F11:F15)-F13 -> -30807942 | G16: =SUM(G11:G15)-G13 -> -9420812.8 | H16: =+G16/$G$10 -> -0.81494575 | J16: =C16-F16 -> -3114361.4 | K16: =D16-G16 -> -759644.99 | L16: =-K16/G16 -> -0.080634761
B17: EBITDA | C17: =+C10+C16 -> 5693762.6 | D17: =+D10+D16 -> 1708761 | E17: =+D17/D10 -> 0.14372357 | F17: =+F10+F16 -> 6995730.4 | G17: =+F17/$F$3 -> 2139236.2 | H17: =+G17/$G$10 -> 0.18505425 | J17: =C17-F17 -> -1301967.8 | K17: =D17-G17 -> -430475.22 | L17: =K17/G17 -> -0.20122846 | O17: =+L17 -> -0.20122846 | P17: *See the labour stratification for 240 K EUR *See the semi OPEX stratification items | T17: =E17-H17 -> -0.041330679 | U17: =T17-T13 -> -0.029857335 | V17: =K14+K15 -> -405727.78 | W17: *See the labour stratification for 240 K EUR *See the semi OPEX stratification items
B18: Depreciation charges | C18: -2329752.8 | D18: =+C18/$C$3 -> -699184.52 | E18: =+D18/$D$10 -> -0.058808281 | F18: -2052630.7 | G18: =+F18/$F$3 -> -627677.41 | H18: =+G18/$G$10 -> -0.054297123 | J18: =C18-F18 -> -277122.09 | K18: =D18-G18 -> -71507.117 | L18: =-K18/G18 -> -0.11392336 | O18: =+L18 -> -0.11392336 | P18: * Increase in the amortization cost related to new equipements (70 KEUR is related to new equipments)
B19: EBIT | C19: =C17+C18 -> 3364009.9 | D19: =D17+D18 -> 1009576.5 | E19: =+D19/$D$10 -> 0.084915293 | F19: =F17+F18 -> 4943099.7 | G19: =G17+G18 -> 1511558.8 | H19: =+G19/$G$10 -> 0.13075713 | J19: =C19-F19 -> -1579089.8 | K19: =D19-G19 -> -501982.34 | L19: =K19/G19 -> -0.3320958
B20: Net finance charges | C20: -1220980 | D20: =+C20/$C$3 -> -366429.58 | E20: =+D20/$D$10 -> -0.030820324 | F20: -1373516.7 | G20: =+F20/$F$3 -> -420009.99 | H20: =+G20/$G$10 -> -0.03633289 | J20: =C20-F20 -> 152536.66 | K20: =D20-G20 -> 53580.409 | L20: =-K20/G20 -> 0.12756937 | O20: =+L20 -> 0.12756937 | P20: * Positive variance coming from decrease in the MT loan
B21: Other income | C21: 29325.842 | D21: =+C21/$C$3 -> 8801.009 | E21: =+D21/$D$10 -> 0.00074025124 | F21: 14148.99 | G21: =+F21/$F$3 -> 4326.6436 | H21: =+G21/$G$10 -> 0.00037427554 | J21: =C21-F21 -> 15176.852 | K21: =D21-G21 -> 4474.3653 | L21: -1
B22: Other expense | C22: -19222.234 | D22: =+C22/$C$3 -> -5768.8047 | E22: =+D22/$D$10 -> -0.0004852131 | F22: -19002.064 | G22: =+F22/$F$3 -> -5810.6734 | H22: =+G22/$G$10 -> -0.00050265127 | J22: =C22-F22 -> -220.17 | K22: =D22-G22 -> 41.868696 | L22: =-K22/G22 -> 0.0072054809
B23: EBT | C23: =C19+C20+C21+C22 -> 2153133.5 | D23: =D19+D20+D21+D22 -> 646179.13 | E23: =+D23/$D$10 -> 0.054350007 | F23: =F19+F20+F21+F22 -> 3564730 | G23: =G19+G20+G21+G22 -> 1090064.8 | H23: =+G23/$G$10 -> 0.094295865 | J23: =C23-F23 -> -1411596.5 | K23: =D23-G23 -> -443885.69 | L23: =K23/G23 -> -0.40721036 | T23: =E23-H23 -> -0.039945858 | U23: =T23-T17 -> 0.0013848214 | V23: =K20+K21+K22 -> 58096.643 | W23: * Increase of average of TMM by 8% * Increase of the WC employed * Increase of SNR interest on MT loan (40 K EUR)
D29: =D12+D11 -> -7992542.3 | G29: =G12+G11 -> -7638625.1 | K29: =D29-G29 -> -353917.21 | T29: =G30-D30 -> 0.011473344
D30: =D29/D10 -> -0.67225126 | G30: =G29/G10 -> -0.66077792 | T30: =D30-G30 -> -0.011473344
D32: =D14+D15 -> -2187915.4 | G32: =G14+G15 -> -1782187.7 | K32: 0

Sheet YTD Q1'23 SND vs Q1'22
B3: Applicable FX rate | C3: 3.2611 | F3: 3.2964 | O3: Profitability dynamics (EURs)
T4: =6%*5/12+14%*3/12+3%*3/12 -> 0.0675
B5: SND | C5: 44926 | E5: % of Rev | F5: 44561 | H5: % of Rev | J5: YoY Var
C6: TND | D6: EUR | F6: TND | G6: EUR | J6: TND | K6: EUR | L6: EUR %
B7: Local Sales Revenue | C7: =Feuil1!C4+Feuil1!C5 -> 39672674 | D7: =+C7/$C$3 -> 12165427 | F7: =+Feuil1!D4+Feuil1!D5 -> 33044803 | G7: =+F7/$F$3 -> 10024512 | J7: =C7-F7 -> 6627871.9 | K7: =D7-G7 -> 2140914.8 | L7: =K7/G7 -> 0.21356797
B8: Total sales revenues | C8: =SUM(C7:C7) -> 39672674 | D8: =SUM(D7:D7) -> 12165427 | F8: =SUM(F7:F7) -> 33044803 | G8: =+F8/$F$3 -> 10024512 | J8: =C8-F8 -> 6627871.9 | K8: =D8-G8 -> 2140914.8 | L8: =K8/G8 -> 0.21356797
B9: Expense for materials | C9: =Feuil1!C10 -> -34494671 | D9: =+C9/$C$3 -> -10577618 | E9: =+D9/$D$8 -> -0.86948186 | F9: =+Feuil1!D10 -> -29258377 | G9: =+F9/$F$3 -> -8875857.7 | H9: =+G9/$G$8 -> -0.8854154 | J9: =C9-F9 -> -5236293.7 | K9: =D9-G9 -> -1701760.6 | L9: =-K9/G9 -> -0.19172915 | O9: =+E10 -> 0.13051814
B10: GROSS CONTRIBUTION | C10: =C8+C9 -> 5178003.5 | D10: =D8+D9 -> 1587808.9 | E10: =+D10/$D$8 -> 0.13051814 | F10: =F8+F9 -> 3786425.4 | G10: =G8+G9 -> 1148654.7 | H10: =+G10/$G$8 -> 0.1145846 | J10: =C10-F10 -> 1391578.1 | K10: =D10-G10 -> 439154.17 | L10: =K10/G10 -> 0.38232043 | O10: =E10-H10+O9 -> 0.14645168 | Q10: =+K10 -> 439154.17 | R10: * Increase of an average of 7% in cost of material (intercompany transfert price) * Increase of an average of 9% of net sale price to third parties
B11: Personnel expenses | C11: =Feuil1!C12 -> -1276755.9 | D11: =+C11/$C$3 -> -391510.82 | E11: =+D11/$D$8 -> -0.03218225 | F11: =+Feuil1!D12 -> -771912.3 | G11: =+F11/$F$3 -> -234168.27 | H11: =+G11/$G$8 -> -0.023359568 | J11: =C11-F11 -> -504843.62 | K11: =D11-G11 -> -157342.54 | L11: =-K11/G11 -> -0.67192083 | O11: =+E11-H11+O10 -> 0.13762899 | Q11: =+K11 -> -157342.54 | R11: * See the labour stratification
B12: Provision | C12: =+Feuil1!C14 -> -187340.41 | D12: =+C12/$C$3 -> -57446.999 | E12: =+D12/$D$8 -> -0.0047221523 | F12: =+Feuil1!D14 -> -828323.56 | G12: =+F12/$F$3 -> -251281.26 | H12: =+G12/$G$8 -> -0.025066682 | J12: =C12-F12 -> 640983.15 | K12: =D12-G12 -> 193834.26 | L12: =-K12/G12 -> 0.77138367 | O12: =+O11+E12-H12 -> 0.15797352 | Q12: =+K12 -> 193834.26 | R12: * first time booking provision of 180 KEUR on 2021
B13: Other expenses | C13: =+Feuil1!C15 -> -1264260.3 | D13: =+C13/$C$3 -> -387679.1 | E13: =+D13/$D$8 -> -0.031867282 | F13: =+Feuil1!D15 -> -963508.49 | G13: =+F13/$F$3 -> -292291.13 | H13: =+G13/$G$8 -> -0.029157641 | J13: =C13-F13 -> -300751.81 | K13: =D13-G13 -> -95387.964 | L13: =-K13/G13 -> -0.32634573 | O13: =+O12+E13-H13 -> 0.15526388 | Q13: =K13 -> -95387.964 | R13: * Increase of the following costs: 31 K EUR of marketting costs (compaign) 24 K EUR of reparation costs (The aging of cars) 18 K EUR of rent costs (Increase of rent of megrine agency of 14KEUR and 5% annual increase) 9 K EUR of the fuel (Increase in the price of fuel) 5 K EUR of tax revenue (Increase of revenue) | U13: 135
B14: Total Expenses | C14: =SUM(C9:C13)-C10 -> -37223028 | D14: =SUM(D9:D13)-D10 -> -11414255 | E14: =D14/D8 -> -0.93825355 | F14: =SUM(F9:F13)-F10 -> -31822122 | G14: =SUM(G9:G13)-G10 -> -9653598.3 | H14: =+G14/$G$8 -> -0.96299929 | J14: =C14-F14 -> -5400906 | K14: =D14-G14 -> -1760656.8 | L14: =-K14/G14 -> -0.18238348 | U14: 90
B15: EBITDA | C15: =+C8+C14 -> 2449646.9 | D15: =+D8+D14 -> 751171.96 | E15: =+D15/D8 -> 0.061746452 | F15: =+F8+F14 -> 1222681 | G15: =+F15/$F$3 -> 370914.03 | H15: =+G15/$G$8 -> 0.037000706 | J15: =C15-F15 -> 1226965.9 | K15: =D15-G15 -> 380257.93 | L15: =K15/G15 -> 1.0251915 | O15: =+E15 -> 0.061746452 | U15: =+U13-U14 -> 45
B16: Depreciation charges | C16: =+Feuil1!C13 -> -172777.61 | D16: =+C16/$C$3 -> -52981.388 | E16: =+D16/$D$8 -> -0.0043550783 | F16: =+Feuil1!D13 -> -158209.36 | G16: =+F16/$F$3 -> -47994.588 | H16: =+G16/$G$8 -> -0.004787723 | J16: =C16-F16 -> -14568.244 | K16: =D16-G16 -> -4986.7998 | L16: =-K16/G16 -> -0.10390338 | O16: =+E16-H16 -> 0.00043264465 | U16: =+U15/DateFin1 -> 13.799025
B17: EBIT | C17: =C15+C16 -> 2276869.3 | D17: =D15+D16 -> 698190.57 | E17: =+D17/$D$8 -> 0.057391374 | F17: =F15+F16 -> 1064471.7 | G17: =G15+G16 -> 322919.45 | H17: =+G17/$G$8 -> 0.032212983 | J17: =C17-F17 -> 1212397.6 | K17: =D17-G17 -> 375271.13 | L17: =K17/G17 -> 1.1621199 | O17: =+O15+O16 -> 0.062179097
B18: Net finance charges | C18: =+Feuil1!C21+Feuil1!C22 -> -341582.26 | D18: =+C18/$C$3 -> -104744.49 | E18: =+D18/$D$8 -> -0.0086100134 | F18: =+Feuil1!D21 -> -204066.6 | G18: =+F18/$F$3 -> -61905.896 | H18: =+G18/$G$8 -> -0.0061754521 | J18: =C18-F18 -> -137515.66 | K18: =D18-G18 -> -42838.594 | L18: =-K18/G18 -> -0.69199538 | O18: =+E18-H18 -> -0.0024345612 | Q18: =+K18 -> -42838.594 | R18: * Increase use of the escompte facility correlate with the account receivables * Increase of TMM between 2021 and 2022
B19: Other income | C19: =+Feuil1!C23 -> 38230.382 | D19: =+C19/$C$3 -> 11723.155 | E19: =+D19/$D$8 -> 0.00096364519 | F19: =+Feuil1!D23 -> 33893.792 | G19: =+F19/$F$3 -> 10282.063 | H19: =+G19/$G$8 -> 0.0010256921 | J19: =C19-F19 -> 4336.59 | K19: =D19-G19 -> 1441.0925 | L19: =-K19/G19 -> -0.14015597 | O19: =+E19-H19 -> -6.2046879e-05
B20: Other expense | C20: =+Feuil1!C24 -> -818.087 | D20: =+C20/$C$3 -> -250.86229 | E20: =+D20/$D$8 -> -2.0620919e-05 | F20: =+Feuil1!D24 -> -22812.038 | G20: =+F20/$F$3 -> -6920.2882 | H20: =+G20/$G$8 -> -0.00069033664 | J20: =C20-F20 -> 21993.951 | K20: =D20-G20 -> 6669.4259 | L20: =-K20/G20 -> 0.96374973 | O20: =+E20-H20 -> 0.00066971572
B21: EBT | C21: =C17+C18+C19+C20 -> 1972699.3 | D21: =D17+D18+D19+D20 -> 604918.38 | E21: =+D21/$D$8 -> 0.049724384 | F21: =F17+F18+F19+F20 -> 871486.82 | G21: =G17+G18+G19+G20 -> 264375.32 | H21: =+G21/$G$8 -> 0.026372886 | J21: =C21-F21 -> 1101212.5 | K21: =D21-G21 -> 340543.05 | L21: =K21/G21 -> 1.2881045 | O21: =+O17+O18+O19+O20 -> 0.060352204
D24: =D9/D7 -> -0.86948186 | G24: =G9/G7 -> -0.8854154 | L24: =D24-G24 -> 0.015933539

Sheet YTD Q1'23 Cons. vs Q1'22
Z1: 33
C2: Price | E2: =+J10/I7 -> 48.068696 | F2: =+M10/L7 -> 40.285915 | Z2: =57+86 -> 143
C3: Material COGS | E3: =+(J11+J12)/I7 -> -29.951028 | F3: =(M11+M12)/L7 -> -24.700436 | H3: Applicable FX rate | I3: 3.2611 | L3: 3.2964 | Z3: 51
E4: =((J15+J16+J14)/I7)*0.6 -> -6.3623433 | F4: =+M17/L7 -> -32.343377 | U4: Profitability dynamics (EURs)
E5: =+E2+E3++E4 -> 11.755325 | F5: =+F2+F3++F4 -> -16.757898 | H5: NOUR consolidated | I5: 44926 | K5: % of Rev | L5: 44561 | N5: % of Rev | P5: YoY Var
E6: =+E5/E2 -> 0.24455261 | I6: TND | J6: EUR | L6: TND | M6: EUR | P6: TND | Q6: EUR | R6: EUR %
C7: GAP YTD EBIDTA | E7: =+Q18 -> -276944.15 | H7: Sales volume (Batteries) | I7: 302324.34 | L7: 320871.91 | Q7: =+I7-L7 -> -18547.573 | R7: =+Q7/L7 -> -0.057803667
C8: GAP to forecast EBIDTA | E8: =+'I.2 Operating Perfor_CONS_YTD'!N39*1000 -> -703111.66 | H8: Sales revenue | I8: 47173702 | J8: =+I8/$I$3 -> 14465580 | L8: 42428658 | M8: =+L8/$L$3 -> 12871210 | P8: =I8-L8 -> 4745044.6 | Q8: =J8-M8 -> 1594369.5 | R8: =Q8/M8 -> 0.12387098 | AA8: =T8/J8 -> 0
C9: Level of 2021 | E9: =+E7/E5 -> -23559.038 | F9: =+F7/F5 -> 0 | H9: Other revenue | I9: 217701.18 | J9: =+I9/$I$3 -> 66756.978 | L9: 182647.82 | M9: =+L9/$L$3 -> 55408.27 | P9: =I9-L9 -> 35053.361 | Q9: =J9-M9 -> 11348.708 | R9: =Q9/M9 -> 0.20481976
C10: Level of forecast | E10: =+E8/E5 -> -59812.183 | H10: Total revenues | I10: =SUM(I8:I9) -> 47391403 | J10: =SUM(J8:J9) -> 14532337 | L10: =SUM(L8:L9) -> 42611305 | M10: =+L10/$L$3 -> 12926619 | P10: =I10-L10 -> 4780097.9 | Q10: =J10-M10 -> 1605718.2 | R10: =Q10/M10 -> 0.12421796 | U10: =R10 -> 0.12421796 | W10: =+Q10 -> 1605718.2 | X10: The increse of the sales of 1,6 M is due to the offset of : 1) Increase of local revenue of 1,9M Eur 19% : +1,1M reflecting the increase of the price (+8%) +0,8M refleting the increse of the volume ( 10%) 2) Decrease of export volume of -0,4 M Eur (-17%) : +0,7M reflecting the increase of the price (+10% LME ) -1,9M reflecting the decrese of the volume (-32%) | Z10: 2040.14 | AA10: =T10/M10 -> 0
H11: Change in inventory | I11: 1678740.7 | J11: =+I11/$I$3 -> 514777.42 | K11: =+J11/$J$10 -> 0.035422894 | L11: -2344325.4 | M11: =+L11/$L$3 -> -711177.47 | N11: =+M11/$M$10 -> -0.055016512 | P11: =I11-L11 -> 4023066.1 | Q11: =J11-M11 -> 1225954.9 | R11: =Q11/M11 -> -1.7238382 | Z11: 1867.97 | AA11: =+Z10-Z11 -> 172.17 | AB11: =+AA11/Z11 -> 0.092169574
H12: Expense for materials | I12: =-31478755.483+271000 -> -31207755 | J12: =+I12/$I$3 -> -9569702.1 | K12: =+J12/$J$10 -> -0.6585109 | L12: -23781874 | M12: =+L12/$L$3 -> -7214498.8 | N12: =+M12/$M$10 -> -0.55811183 | P12: =I12-L12 -> -7425881.7 | Q12: =J12-M12 -> -2355203.3 | R12: =-Q12/M12 -> -0.32645419
H13: GROSS CONTRIBUTION | I13: =+I10+SUM(I11:I12) -> 17862389 | J13: =+J10+SUM(J11:J12) -> 5477412.1 | K13: =+J13/J10 -> 0.376912 | L13: =+L10+SUM(L11:L12) -> 16485106 | M13: =+L13/$L$3 -> 5000942.3 | N13: =+M13/M10 -> 0.38687166 | P13: =I13-L13 -> 1377282.3 | Q13: =J13-M13 -> 476469.76 | R13: =Q13/M13 -> 0.095275995 | U13: =K13-N13 -> -0.0099596575 | W13: =+Q13 -> 476469.76 | X13: * Increase in the cost of consumed raw material 1,5 M EUR negatively impacting the Gross contribution by 12,5% (20% driven by price variance and 80% by volume variance) The material cost increase hit is partially mitigated by the following price increasing : (Increase in the export selling price by 10% and local sale price 14% from october 22 and 3% from march 22 and 3% from sep 21)
H14: Personnel expenses | I14: =-5680758.601-271000 -> -5951758.6 | J14: =+I14/$I$3 -> -1825077 | K14: =+J14/$J$10 -> -0.1255873 | L14: -4270310.1 | M14: =+L14/$L$3 -> -1295446.6 | N14: =+M14/$M$10 -> -0.10021543 | P14: =I14-L14 -> -1681448.5 | Q14: =J14-M14 -> -529630.41 | R14: =-Q14/M14 -> -0.40884002 | W14: =+Q14 -> -529630.41 | X14: Main variance areas : SNA 233 KEUR SND 215 KEUR SNR 51 KEUR | AA14: EBITDA | AB14: 2022 YTD Sep | AC14: 2021 YTD Sep | AE14: EBITDA, kEUR | AF14: 2022 YTD Sep | AG14: 2021 YTD Sep | AH14: Delta
H15: Other expenses | I15: -4248881.1 | J15: =+I15/$I$3 -> -1302898.1 | K15: =+J15/$J$10 -> -0.089655102 | L15: -3267653.6 | M15: =+L15/$L$3 -> -991279.45 | N15: =+M15/$M$10 -> -0.076685132 | P15: =I15-L15 -> -981227.54 | Q15: =J15-M15 -> -311618.69 | R15: =-Q15/M15 -> -0.31436008 | W15: =+Q15 -> -311618.69 | X15: - Main Increase of: * 177 K EUR SNA * 95 K EUR SND | AA15: SNA | AB15: 4848524 | AC15: 5354675.4 | AE15: SNA | AF15: =AB15/$I$3/1000 -> 1486.7756 | AG15: =AC15/$L$3/1000 -> 1624.401 | AH15: =AF15-AG15 -> -137.62533
H16: Provision | I16: -253855.67 | J16: =+I16/$I$3 -> -77843.571 | K16: =+J16/$M$10 -> -0.0060219593 | L16: =34856.5504156369-581000 -> -546143.45 | M16: =+L16/$L$3 -> -165678.76 | N16: =+M16/$M$10 -> -0.012816867 | P16: =I16-L16 -> 292287.78 | Q16: =J16-M16 -> 87835.184 | R16: =-Q16/M16 -> 0.53015357 | W16: =+Q16 -> 87835.184 | X16: * Recognition of the provision related to garanties for the first time in 2021 (180 KEUR) | AA16: SND | AB16: 1649929.4 | AC16: 701451.77 | AE16: SND | AF16: =AB16/$I$3/1000 -> 505.94261 | AG16: =AC16/$L$3/1000 -> 212.79328 | AH16: =AF16-AG16 -> 293.14933
H17: Total Expenses | I17: =SUM(I11:I16)-I13 -> -39983510 | J17: =SUM(J11:J16)-J13 -> -12260743 | K17: =J17/J10 -> -0.84368699 | L17: =SUM(L11:L16)-L13 -> -34210306 | M17: =SUM(M11:M16)-M13 -> -10378081 | N17: =M17/M10 -> -0.80284577 | P17: =I17-L17 -> -5773203.9 | Q17: =J17-M17 -> -1882662.3 | R17: =-Q17/M17 -> -0.18140756 | AA17: SNR | AB17: -283000 | AC17: 0 | AE17: SNR | AF17: =AB17/$I$3/1000 -> -86.780534 | AG17: =AC17/$L$3 -> 0 | AH17: =AF17-AG17 -> -86.780534
H18: EBITDA | I18: =SUM(I10+I17) -> 7407893.1 | J18: =SUM(J10+J17) -> 2271593.4 | K18: =+J18/$J$10 -> 0.15631301 | L18: =SUM(L10+L17) -> 8400999.1 | M18: =+L18/$L$3 -> 2548537.5 | N18: =+M18/$M$10 -> 0.19715423 | P18: =I18-L18 -> -993105.95 | Q18: =J18-M18 -> -276944.15 | R18: =Q18/M18 -> -0.10866787 | AB18: =I18 -> 7407893.1 | AC18: =L18 -> 8400999.1 | AH18: =SUM(AH15:AH17) -> 68.74346
H19: Depreciation charges | I19: -2520896.8 | J19: =+I19/$I$3 -> -773020.38 | K19: =+J19/$J$10 -> -0.053193124 | L19: -2295191 | M19: =+L19/$L$3 -> -696272.01 | N19: =+M19/$M$10 -> -0.05386343 | P19: =I19-L19 -> -225705.73 | Q19: =J19-M19 -> -76748.376 | R19: =-Q19/M19 -> -0.11022758 | W19: =Q19 -> -76748.376 | X19: * Increase in the amortization cost related to new equipements | AB19: =#REF!-AB18 -> #REF! | AC19: =#REF!-AC18 -> #REF!
H20: EBIT | I20: =SUM(I18+I19) -> 4886996.3 | J20: =SUM(J18+J19) -> 1498573 | K20: =+J20/$J$10 -> 0.10311989 | L20: =SUM(L18+L19) -> 6105808 | M20: =SUM(M18+M19) -> 1852265.5 | N20: =+M20/$M$10 -> 0.1432908 | P20: =I20-L20 -> -1218811.7 | Q20: =J20-M20 -> -353692.53 | R20: =Q20/M20 -> -0.19095131
H21: Net finance charges | I21: -1629504.4 | J21: =+I21/$I$3 -> -499679.38 | K21: =+J21/$M$10 -> -0.038655073 | L21: -1521214.8 | M21: =+L21/$L$3 -> -461477.63 | N21: =+M21/$M$10 -> -0.035699794 | P21: =I21-L21 -> -108289.59 | Q21: =J21-M21 -> -38201.758 | R21: =-Q21/M21 -> -0.082781388 | W21: =+Q21 -> -38201.758 | X21: Net effect: saving from MT loan 42 KEUR Increase use of the escompte facility correlate with the account receivables -43 KEUR New SNR contract MT loan with 41 K EUR interest
H22: Other income | I22: 54705.123 | J22: =+I22/$I$3 -> 16775.052 | K22: =+J22/$M$10 -> 0.0012977139 | L22: 48504.292 | M22: =+L22/$L$3 -> 14714.322 | N22: =+M22/$M$10 -> 0.0011382963 | P22: =I22-L22 -> 6200.831 | Q22: =J22-M22 -> 2060.73 | R22: =-Q22/M22 -> -0.14004926
H23: Other expense | I23: -21957.801 | J23: =+I23/$I$3 -> -6733.2498 | K23: =+J23/$M$10 -> -0.00052088253 | L23: -50417.701 | M23: =+L23/$L$3 -> -15294.776 | N23: =+M23/$M$10 -> -0.0011832001 | P23: =I23-L23 -> 28459.9 | Q23: =J23-M23 -> 8561.5266 | R23: =-Q23/M23 -> 0.55976801
H24: EBT | I24: =SUM(I20:I23) -> 3290239.2 | J24: =SUM(J20:J23) -> 1008935.4 | K24: =+J24/$J$10 -> 0.069426921 | L24: =SUM(L20:L23) -> 4582679.8 | M24: =SUM(M20:M23) -> 1390207.4 | N24: =+M24/$M$10 -> 0.1075461 | P24: =I24-L24 -> -1292440.5 | Q24: =J24-M24 -> -381272.03 | R24: =Q24/M24 -> -0.2742555
H25: Income tax | I25: -454321.36 | J25: =+I25/$I$3 -> -139315.37 | L25: -452912.4 | M25: =+L25/$L$3 -> -137396.07 | P25: =I25-L25 -> -1408.9598 | Q25: =J25-M25 -> -1919.3036 | R25: -1
H26: Net profit | I26: =SUM(I24:I25) -> 2835917.9 | J26: =SUM(J24:J25) -> 869620.03 | K26: =+J26/$J$10 -> 0.059840344 | L26: =SUM(L24:L25) -> 4129767.4 | M26: =SUM(M24:M25) -> 1252811.4 | N26: =+M26/$M$10 -> 0.096917176 | P26: =I26-L26 -> -1293849.5 | Q26: =J26-M26 -> -383191.33 | R26: =Q26/M26 -> -0.30586515
H28: Total net consolidated profit | I28: =SUM(I26:I27) -> 2835917.9 | J28: =SUM(J26:J27) -> 869620.03 | K28: =+J28/$J$10 -> 0.059840344 | L28: =SUM(L26:L27) -> 4129767.4 | M28: =SUM(M26:M27) -> 1252811.4 | N28: =+M28/$M$10 -> 0.096917176 | P28: =I28-L28 -> -1293849.5 | Q28: =J28-M28 -> -383191.33 | R28: =Q28/M28 -> -0.30586515
H29: Pertaining to minority shareholders | I29: -305190.45 | J29: =+I29/$I$3 -> -93585.124 | L29: -27903.94 | M29: =+L29/$L$3 -> -8464.974 | P29: =I29-L29 -> -277286.51 | Q29: =J29-M29 -> -85120.149 | R29: =Q29/M29 -> 10.055571
H30: Pertaining to owners of the parent | I30: 3159186.5 | J30: =+I30/$I$3 -> 968748.73 | L30: 4738671.3 | M30: =+L30/$L$3 -> 1437529.2 | P30: =I30-L30 -> -1579484.8 | Q30: =J30-M30 -> -468780.49 | R30: =Q30/M30 -> -0.32610154
Z41: =U41/6 -> 0
J44: =(J12+J11)/J10 -> -0.623088 | M44: =(M12+M11)/M10 -> -0.61312834

Sheet Feuil1
C1: 44926 | D1: 44561
A3: Produits D'exploitation
B4: Revenus | C4: 39582068 | D4: 32989803 | E4: Local Sales Revenue
B5: Autres Revenus | C5: 90606.028 | D5: 55000 | E5: Local Sales Revenue
B6: Production Immobilisée
A7: Total des Produits d'exploitation | C7: 39672674 | D7: 33044803
A9: Charges D'exploitation
B10: Achats Marchandises Consommées | C10: -34494671 | D10: -29258377 | E10: Expense for materials
B11: Achats d'Approvisionnement Consommés | C11: 0 | D11: 0
B12: Charges de Personnel | C12: -1276755.9 | D12: -771912.3 | E12: Personnel expenses
B13: Dotation aux Amortissements | C13: =-360118.015-C14 -> -172777.61 | D13: -158209.36 | E13: Depreciation charges
B14: Dotation aux Provisions | C14: -187340.41 | D14: =-247323.56-581000 -> -828323.56 | E14: Provision
B15: Autres Charges d'Exploitation | C15: -1264260.3 | D15: -963508.49 | E15: Other expenses
A16: Total des Charges d'exploitation | C16: =SUM(C10:C15) -> -37395805 | D16: =SUM(D10:D15) -> -31980331
A18: Résultat d'exploitation | C18: =+C7+C16 -> 2276869.3 | D18: =+D7+D16 -> 1064471.7
B21: Charges Financières nettes | C21: -342233.67 | D21: -204066.6 | E21: Net finance charges
B22: Produits Financières , Placements | C22: 651.412 | D22: 0 | E22: Net finance charges
B23: Autres gains ordinaires | C23: 38230.382 | D23: 33893.792 | E23: Other income
B24: Autres pertes ordinaires | C24: -818.087 | D24: -22812.038 | E24: Other expense
A26: Résultat des activités ordinaires avant impôt | C26: =SUM(C18:C24) -> 1972699.3 | D26: =SUM(D18:D24) -> 871486.82
B27: Impots sur les bénéfices | C27: -336337.31 | D27: -261003.3
A28: Résultat des activités ordinaires après impôt | C28: =SUM(C26:C27) -> 1636362 | D28: =SUM(D26:D27) -> 610483.52
B30: Eléments extraordinaires | C30: 0 | D30: 0
A32: Résultat Net de l'exercice | C32: =+C30+C28 -> 1636362 | D32: =+D30+D28 -> 610483.52
A34: Résultat Net de l'exercice | C34: =+C32 -> 1636362 | D34: =+D32 -> 610483.52

Sheet YTD Sep Cons. vs PY V2
C3: Applicable FX rate | D3: 3.2184 | G3: 3.2837 | K3: =D3-G3 -> -0.0653
O4: Profitability dynamics (EURs)
C5: NOUR consolidated | D5: 44834 | F5: % of Rev | G5: 44469 | I5: % of Rev | K5: YoY Var
D6: TND | E6: EUR | G6: TND | H6: EUR | K6: TND | L6: EUR | M6: EUR %
C7: Sales revenue | D7: =+'[80]ER CONSO'!J7 -> 33976715 | E7: =+D7/$D$3 -> 10557020 | G7: =+'[80]ER CONSO'!K7 -> 30263697 | H7: =+G7/$G$3 -> 9216340.4 | K7: =D7-G7 -> 3713017.7 | L7: =E7-H7 -> 1340680.1 | M7: =L7/H7 -> 0.14546772 | U7: =N7/E7 -> 0
C8: Other revenue | D8: =+'[80]ER CONSO'!J8 -> 172459.34 | E8: =+D8/$D$3 -> 53585.428 | G8: =+'[80]ER CONSO'!K8 -> 126656.34 | H8: =+G8/$G$3 -> 38571.229 | K8: =D8-G8 -> 45802.998 | L8: =E8-H8 -> 15014.199 | M8: =L8/H8 -> 0.38925904
C9: Total revenues | D9: =SUM(D7:D8) -> 34149174 | E9: =SUM(E7:E8) -> 10610606 | G9: =SUM(G7:G8) -> 30390353 | H9: =+G9/$G$3 -> 9254911.6 | K9: =D9-G9 -> 3758820.7 | L9: =E9-H9 -> 1355694.3 | M9: =L9/H9 -> 0.14648376 | O9: =M9 -> 0.14648376 | R9: 1. LME>12,5% 2. Domestic volume growth > 9% volume, 3. Price increase, lead to 24% Revenue growth - domestic | U9: =N9/H9 -> 0
C10: Change in inventory | D10: 1378567.6 | E10: =+D10/$D$3 -> 428339.41 | F10: =+E10/$E$9 -> 0.040368987 | G10: -829693.9 | H10: =+G10/$G$3 -> -252670.43 | I10: =+H10/$H$9 -> -0.027301226 | K10: =D10-G10 -> 2208261.5 | L10: =E10-H10 -> 681009.84 | M10: =L10/H10 -> -2.6952494 | Q10: =+Q12/9 -> -112639.82 | R10: =+Q10*12 -> -1351677.8
C11: Expense for materials | D11: =-22563941.939 -> -22563942 | E11: =+D11/$D$3 -> -7010919.1 | F11: =+E11/$E$9 -> -0.66074634 | G11: -17456645 | H11: =+G11/$G$3 -> -5316150.9 | I11: =+H11/$H$9 -> -0.57441401 | K11: =D11-G11 -> -5107297.3 | L11: =E11-H11 -> -1694768.2 | M11: =-L11/H11 -> -0.31879611
C12: GROSS CONTRIBUTION | D12: =+D9+SUM(D10:D11) -> 12963800 | E12: =+E9+SUM(E10:E11) -> 4028026.2 | F12: =+E12/E9 -> 0.37962264 | G12: =+G9+SUM(G10:G11) -> 12104015 | H12: =+G12/$G$3 -> 3686090.3 | I12: =+H12/H9 -> 0.39828477 | K12: =D12-G12 -> 859784.82 | L12: =E12-H12 -> 341935.9 | M12: =L12/H12 -> 0.092763843 | O12: =F12-I12 -> -0.018662127 | Q12: =L11+L10 -> -1013758.4 | R12: Unfavourable price varience of raw materials - 20% on Y-t-Y basis. The participation is a) Lead equivalents - 44% b) Key materials and reagents - 56% On the flip side, there is a fav, effect of EUR +0.2m from lead extraction from drosses
C13: Personnel expenses | D13: =+'[80]ER CONSO'!J16 -> -4140473.4 | E13: =+D13/$D$3 -> -1286500.6 | F13: =+E13/$E$9 -> -0.12124666 | G13: =+'[80]ER CONSO'!K16 -> -2981896.8 | H13: =+G13/$G$3 -> -908090.5 | I13: =+H13/$H$9 -> -0.098119846 | K13: =D13-G13 -> -1158576.6 | L13: =E13-H13 -> -378410.05 | M13: =-L13/H13 -> -0.41670962 | O13: =+F13-I13 -> -0.023126816 | U13: EBITDA | V13: 2022 YTD Sep | W13: 2021 YTD Sep | Y13: EBITDA, kEUR | Z13: 2022 YTD Sep | AA13: 2021 YTD Sep | AB13: Delta
C14: Other expenses | D14: -2550170.7 | E14: =+D14/$D$3 -> -792372.2 | F14: =+E14/$E$9 -> -0.074677375 | G14: -2341657.1 | H14: =+G14/$G$3 -> -713115.42 | I14: =+H14/$H$9 -> -0.077052645 | K14: =D14-G14 -> -208513.57 | L14: =E14-H14 -> -79256.774 | M14: =-L14/H14 -> -0.11114158 | U14: SNA | V14: 4848524 | W14: 5354675.4 | Y14: SNA | Z14: =V14/$D$3/1000 -> 1506.5014 | AA14: =W14/$G$3/1000 -> 1630.6835 | AB14: =Z14-AA14 -> -124.18211
C15: Provision for returned batteries | D15: =+'[80]ER CONSO'!J18 -> -120074.78 | E15: =+D15/$D$3 -> -37308.844 | F15: =+E15/$H$9 -> -0.0040312479 | G15: =+'[80]ER CONSO'!K18 -> -700000 | H15: =+G15/$G$3 -> -213174.16 | I15: =+H15/$H$9 -> -0.023033625 | K15: =D15-G15 -> 579925.22 | L15: =E15-H15 -> 175865.32 | M15: =-L15/H15 -> 0.82498422 | U15: SND | V15: 1649929.4 | W15: 701451.77 | Y15: SND | Z15: =V15/$D$3/1000 -> 512.65518 | AA15: =W15/$G$3/1000 -> 213.61628 | AB15: =Z15-AA15 -> 299.0389
C16: Total Expenses | D16: =SUM(D10:D15)-D12 -> -27996093 | E16: =SUM(E10:E15)-E12 -> -8698761.3 | F16: =E16/E9 -> -0.81981758 | G16: =SUM(G10:G15)-G12 -> -24309892 | H16: =SUM(H10:H15)-H12 -> -7403201.4 | I16: =H16/H9 -> -0.79992135 | K16: =D16-G16 -> -3686200.8 | L16: =E16-H16 -> -1295559.9 | M16: =-L16/H16 -> -0.17499995 | U16: SNR | V16: -283000 | W16: 0 | Y16: SNR | Z16: =V16/$D$3/1000 -> -87.931892 | AA16: =W16/$G$3 -> 0 | AB16: =Z16-AA16 -> -87.931892
C17: EBITDA | D17: =SUM(D9+D16) -> 6153080.8 | E17: =SUM(E9+E16) -> 1911844.7 | F17: =+E17/$E$9 -> 0.18018242 | G17: =SUM(G9+G16) -> 6080461 | H17: =+G17/$G$3 -> 1851710.3 | I17: =+H17/$H$9 -> 0.20007865 | K17: =D17-G17 -> 72619.884 | L17: =E17-H17 -> 60134.403 | M17: =L17/H17 -> 0.032475061 | O17: =F17-I17 -> -0.019896232 | P17: =O17-O12 -> -0.0012341055 | Q17: =L13+L14+L15 -> -281801.5 | R17: PERSONNEL EXPENSES 1) 187k Accrucals (re-class issue) 2) 66k production workforce > Salary indexation + capacity >450-500k pcs 3) 54k EUR Business OPEX > Senior managers, salary indexation 4) 57K EUR Runing cost of SNR OTHER EXPENSES 1. Non-recurring (40%) - 87k EUR (SNR related + advocat) 2. Protection materials (partial re-class (80%) and cost increase (37%) - 56k EUR | V17: =D17 -> 6153080.8 | W17: =G17 -> 6080461 | AB17: =SUM(AB14:AB16) -> 86.924905
C18: Depreciation charges | D18: =+'[80]ER CONSO'!J17 -> -1885213.9 | E18: =+D18/$D$3 -> -585761.22 | F18: =+E18/$E$9 -> -0.055205256 | G18: =+'[80]ER CONSO'!K17 -> -1772592.1 | H18: =+G18/$G$3 -> -539815.49 | I18: =+H18/$H$9 -> -0.05832746 | K18: =D18-G18 -> -112621.77 | L18: =E18-H18 -> -45945.724 | M18: =-L18/H18 -> -0.085113755 | V18: =#REF!-V17 -> #REF! | W18: =#REF!-W17 -> #REF!
C19: EBIT | D19: =SUM(D17+D18) -> 4267866.9 | E19: =SUM(E17+E18) -> 1326083.4 | F19: =+E19/$E$9 -> 0.12497716 | G19: =SUM(G17+G18) -> 4307868.8 | H19: =SUM(H17+H18) -> 1311894.8 | I19: =+H19/$H$9 -> 0.14175119 | K19: =D19-G19 -> -40001.882 | L19: =E19-H19 -> 14188.679 | M19: =L19/H19 -> 0.01081541
C20: Net finance charges | D20: =+'[80]ER CONSO'!J25 -> -1364428.1 | E20: =+D20/$D$3 -> -423946.1 | G20: =+'[80]ER CONSO'!K25 -> -1039503.4 | H20: =+G20/$G$3 -> -316564.65 | K20: =D20-G20 -> -324924.78 | L20: =E20-H20 -> -107381.45 | M20: =-L20/H20 -> -0.33920858
C21: Other income | D21: =+'[80]ER CONSO'!J27 -> 11929.391 | E21: =+D21/$D$3 -> 3706.6216 | G21: =+'[80]ER CONSO'!K27 -> 525.728 | H21: =+G21/$G$3 -> 160.10232 | K21: =D21-G21 -> 11403.663 | L21: =E21-H21 -> 3546.5193 | M21: =-L21/H21 -> -22.151579
C22: Other expense | D22: =+'[80]ER CONSO'!J28 -> -19027.425 | E22: =+D22/$D$3 -> -5912.0759 | G22: =+'[80]ER CONSO'!K28 -> -3081.617 | H22: =+G22/$G$3 -> -938.45875 | K22: =D22-G22 -> -15945.808 | L22: =E22-H22 -> -4973.6171 | M22: =-L22/H22 -> -5.2997717
C23: EBT | D23: =SUM(D19:D22) -> 2896340.8 | E23: =SUM(E19:E22) -> 899931.88 | F23: =+E23/$E$9 -> 0.084814373 | G23: =SUM(G19:G22) -> 3265809.6 | H23: =SUM(H19:H22) -> 994551.75 | I23: =+H23/$H$9 -> 0.10746205 | K23: =D23-G23 -> -369468.8 | L23: =E23-H23 -> -94619.865 | M23: =L23/H23 -> -0.095138202 | O23: =F23-I23 -> -0.022647674 | P23: =O23-O17 -> -0.002751442 | Q23: =L20+L21+L22 -> -108808.54 | R23: 1. Interest rate due to incease of the WC employed
C24: Income tax | D24: =+'[80]ER CONSO'!J34 -> -332664 | E24: =+D24/$D$3 -> -103363.16 | G24: =+'[80]ER CONSO'!K34 -> 0 | H24: =+G24/$G$3 -> 0 | K24: =D24-G24 -> -332664 | L24: =E24-H24 -> -103363.16 | M24: -1
C25: Net profit | D25: =SUM(D23:D24) -> 2563676.8 | E25: =SUM(E23:E24) -> 796568.72 | F25: =+E25/$E$9 -> 0.075072878 | G25: =SUM(G23:G24) -> 3265809.6 | H25: =SUM(H23:H24) -> 994551.75 | I25: =+H25/$H$9 -> 0.10746205 | K25: =D25-G25 -> -702132.8 | L25: =E25-H25 -> -197983.03 | M25: =L25/H25 -> -0.1990676
C27: Total net consolidated profit | D27: =SUM(D25:D26) -> 2563676.8 | E27: =SUM(E25:E26) -> 796568.72 | F27: =+E27/$E$9 -> 0.075072878 | G27: =SUM(G25:G26) -> 3265809.6 | H27: =SUM(H25:H26) -> 994551.75 | I27: =+H27/$H$9 -> 0.10746205 | K27: =D27-G27 -> -702132.8 | L27: =E27-H27 -> -197983.03 | M27: =L27/H27 -> -0.1990676
C28: Pertaining to minority shareholders | D28: =+'[80]ER CONSO'!J44 -> -192836.58 | E28: =+D28/$D$3 -> -59916.91 | G28: =+'[80]ER CONSO'!K44 -> 2670.9462 | H28: =+G28/$G$3 -> 813.39533 | K28: =D28-G28 -> -195507.53 | L28: =E28-H28 -> -60730.306 | M28: =L28/H28 -> -74.662717
C29: Pertaining to owners of the parent | D29: =+'[80]ER CONSO'!J46 -> 2756513.4 | E29: =+D29/$D$3 -> 856485.63 | G29: =+'[80]ER CONSO'!K46 -> 3339471.8 | H29: =+G29/$G$3 -> 1016984.4 | K29: =D29-G29 -> -582958.4 | L29: =E29-H29 -> -160498.79 | M29: =L29/H29 -> -0.15781834
T40: =O40/6 -> 0
E43: =(E11+E10)/E9 -> -0.62037736 | H43: =(H11+H10)/H9 -> -0.60171523

Sheet Amortization analyse 
A1: AMT 2022
A3: VALEUR BRUT MATERIEL | B3: AMORTISSEMENT 2022 | C3: ADMINISTRATION | D3: PRODUCTION
A4: 2674493.2 | B4: 221514.59 | C4: 55719.876 | D4: 165794.71

Sheet TMM
A1: icateurs | B1: 2017 | C1: 2018 | D1: 2019 | E1: 2020 | F1: 2021 | G1: 2022
A4: Janvier | B4: 4.26 | C4: 5.53 | D4: 7.24 | E4: 7.81 | F4: 6.15 | G4: 6.19
A5: Février | B5: 4.29 | C5: 5.61 | D5: 7.28 | E5: 7.84 | F5: 6.23 | G5: 6.25
A6: Mars | B6: 4.29 | C6: 6.04 | D6: 7.9 | E6: 7.35 | F6: 6.23 | G6: 6.26
A7: Avril | B7: 4.41 | C7: 6.5 | D7: 7.86 | E7: 6.8 | F7: 6.25 | G7: 6.26
A8: Mai | B8: 4.83 | C8: 6.39 | D8: 7.83 | E8: 6.8 | F8: 6.25 | G8: 6.6
A9: Juin | B9: 4.94 | C9: 6.72 | D9: 7.83 | E9: 6.8 | F9: 6.26 | G9: 7.01
A10: Juillet | B10: 5.15 | C10: 7.25 | D10: 7.83 | E10: 6.82 | F10: 6.29 | G10: 7.02
A11: Août | B11: 5.19 | C11: 7.25 | D11: 7.83 | E11: 6.79 | F11: 6.26 | G11: 7.03
A12: Septembre | B12: 5.22 | C12: 7.29 | D12: 7.82 | E12: 6.76 | F12: 6.25 | G12: 7.03
A13: Octobre | B13: 5.23 | C13: 7.27 | D13: 7.81 | E13: 6.3 | F13: 6.24 | G13: 7.23
A14: Novembre | B14: 5.23 | C14: 7.25 | D14: 7.8 | E14: 6.13 | F14: 6.25 | G14: 7.27
A15: Décembre | B15: 5.23 | C15: 7.24 | D15: 7.81 | E15: 6.12 | F15: 6.25 | G15: 7.26
F16: =AVERAGE(F4:F15) -> 6.2425 | G16: =AVERAGE(G4:G15) -> 6.7841667 | H16: =+G16-F16 -> 0.54166667 | I16: =+H16/F16 -> 0.086770792

Sheet salary 
D2: 2022 | E2: 2021
B3: fethi | C3: sna | D3: =25000*3 -> 75000 | E3: =11000*6+25000*6 -> 216000
C4: snr | D4: =30559*9 -> 275031
D5: =SUM(D3:D4) -> 350031 | E5: =SUM(E3:E4) -> 216000 | F5: =+D5-E5 -> 134031

Sheet Other expense analyse 
A1: Other expenses | B1: -4257891.1 | C1: -1305661 | D1: -0.089845221 | E1: -2952668.1 | F1: -895725.08 | G1: -0.069293069
A4: n ° compte | B4: Libéllé | C4: SOLDE AU 31/12/2022 Avant CONSOLIDATION | D4: SOLDE AU 31/12/2021 Avant CONSOLIDATION | E4: Affectation | F4: Variation | G4: var%
A5: 603300000 | B5: VARIATION STOCK PDR | C5: 105614.56 | D5: =IFERROR(VLOOKUP(A5,'[81]Balance globale aprés conso 21'!$B$1:$M$65536,12,0),0) -> -128686.58 | E5: Maintenance | F5: =+C5-D5 -> 234301.14 | G5: =+F5/D5 -> -1.8207115
A6: 605020000 | B6: PIECE DE RECHGE USINE | C6: 566439.5 | D6: =IFERROR(VLOOKUP(A6,'[81]Balance globale aprés conso 21'!$B$1:$M$65536,12,0),0) -> 565343.47 | E6: Maintenance | F6: =+C6-D6 -> 1096.0319 | G6: =+F6/D6 -> 0.001938701 | I6: Étiquettes de lignes | J6: Somme de SOLDE AU 31/12/2022 Avant CONSOLIDATION | K6: Somme de SOLDE AU 31/12/2021 Avant CONSOLIDATION | L6: Somme de Variation
A7: 606140000 | B7: FOURNI.DE CARBURANT | C7: 436049.76 | D7: =IFERROR(VLOOKUP(A7,'[81]Balance globale aprés conso 21'!$B$1:$M$65536,12,0),0) -> 338001.56 | E7: Fuel | F7: =+C7-D7 -> 98048.203 | G7: =+F7/D7 -> 0.2900821 | H7: Augmentation prix carburant | I7: Autres | J7: 137023.47 | K7: 137167.16 | L7: -143.69
A8: 606200000 | B8: FOURNITURE DE BUREAU | C8: 65264.172 | D8: =IFERROR(VLOOKUP(A8,'[81]Balance globale aprés conso 21'!$B$1:$M$65536,12,0),0) -> 45323.99 | E8: fourniture | F8: =+C8-D8 -> 19940.182 | G8: =+F8/D8 -> 0.43994763 | I8: fourniture | J8: 65264.172 | K8: 45323.99 | L8: 19940.182
A9: 606600000 | B9: ACHAT LUBRIFIANT | C9: 19607.598 | D9: =IFERROR(VLOOKUP(A9,'[81]Balance globale aprés conso 21'!$B$1:$M$65536,12,0),0) -> 32398.643 | E9: Maintenance | F9: =+C9-D9 -> -12791.045 | G9: =+F9/D9 -> -0.39480187 | I9: frais bancaires | J9: 245618.06 | K9: 205418.46 | L9: 40199.598
A10: 606700000 | B10: ACHAT PRODUITS DE NETT. | C10: 15667.324 | D10: =IFERROR(VLOOKUP(A10,'[81]Balance globale aprés conso 21'!$B$1:$M$65536,12,0),0) -> 17067.322 | E10: Securité et environnement | F10: =+C10-D10 -> -1399.998 | G10: =+F10/D10 -> -0.082027983 | I10: Fuel | J10: 436049.76 | K10: 338001.56 | L10: 98048.203
A11: 606710000 | B11: MATERIL DE SECURITE | C11: 153893.67 | D11: 106468.82 | E11: Securité et environnement | F11: =+C11-D11 -> 47424.847 | G11: =+F11/D11 -> 0.44543413 | H11: 47 MATERIEL DE SECURITE | I11: Honoraires | J11: 239319.12 | K11: 169768.48 | L11: 69550.64
A12: 606720000 | B12: ENTRETIEN MAT. INCENDIE | C12: 2881 | D12: =IFERROR(VLOOKUP(A12,'[81]Balance globale aprés conso 21'!$B$1:$M$65536,12,0),0) -> 0 | E12: Securité et environnement | F12: =+C12-D12 -> 2881 | G12: =+F12/D12 -> #DIV/0! | I12: Jetons de présence | J12: 125000 | K12: 0 | L12: 125000
A13: 614000000 | B13: CHARGE LOCA.ET. E COR | C13: 360720.7 | D13: =IFERROR(VLOOKUP(A13,'[81]Balance globale aprés conso 21'!$B$1:$M$65536,12,0),0) -> 430873.19 | E13: location | F13: =+C13-D13 -> -70152.486 | G13: =+F13/D13 -> -0.16281469 | I13: location | J13: 360720.7 | K13: 430873.19 | L13: -70152.486
A14: 615000000 | B14: ENTRETIEN ET REPARA | C14: 424181.34 | D14: =IFERROR(VLOOKUP(A14,'[81]Balance globale aprés conso 21'!$B$1:$M$65536,12,0),0) -> 353306.66 | E14: Maintenance | F14: =+C14-D14 -> 70874.678 | G14: =+F14/D14 -> 0.20060385 | I14: Maintenance | J14: 1415175.2 | K14: 976781 | L14: 438394.24
A15: 615010000 | B15: ENTRETIENTS | C15: 299332.24 | D15: =IFERROR(VLOOKUP(A15,'[81]Balance globale aprés conso 21'!$B$1:$M$65536,12,0),0) -> 154418.8 | E15: Maintenance | F15: =+C15-D15 -> 144913.44 | G15: =+F15/D15 -> 0.93844423 | I15: Marketting | J15: 223674.31 | K15: 115338.46 | L15: 108335.85
A16: 616000000 | B16: PRIMES D'ASSURANCE | C16: 271.526 | D16: =IFERROR(VLOOKUP(A16,'[81]Balance globale aprés conso 21'!$B$1:$M$65536,12,0),0) -> 243.426 | E16: Services extérieurs | F16: =+C16-D16 -> 28.1 | G16: =+F16/D16 -> 0.11543549 | I16: Missions et réception | J16: 159918.27 | K16: 114775.15 | L16: 45143.127
A17: 616030000 | B17: ASSURANCE AUTOS | C17: 65935.791 | D17: =IFERROR(VLOOKUP(A17,'[81]Balance globale aprés conso 21'!$B$1:$M$65536,12,0),0) -> 62056.43 | E17: Services extérieurs | F17: =+C17-D17 -> 3879.361 | G17: =+F17/D17 -> 0.062513441 | I17: Securité et environnement | J17: 241268.23 | K17: 153192.63 | L17: 88075.601
A18: 616070000 | B18: ASSURANCE INCENDIE | C18: 13809.8 | D18: =IFERROR(VLOOKUP(A18,'[81]Balance globale aprés conso 21'!$B$1:$M$65536,12,0),0) -> 13809.8 | E18: Services extérieurs | F18: =+C18-D18 -> 0 | G18: =+F18/D18 -> 0 | I18: Services extérieurs | J18: 80017.117 | K18: 88845.686 | L18: -8828.569
A19: 621200000 | B19: ENLEVEMENT DE DECHETS | C19: 68826.236 | D19: =IFERROR(VLOOKUP(A19,'[81]Balance globale aprés conso 21'!$B$1:$M$65536,12,0),0) -> 29656.484 | E19: Securité et environnement | F19: =+C19-D19 -> 39169.752 | G19: =+F19/D19 -> 1.3207821 | H19: 40 ENLEVEMENT DE DECHETS | I19: Taxes | J19: 392757.9 | K19: 253886.57 | L19: 138871.33
A20: 622000000 | B20: REMUN.D'INTERM.HONOR | C20: 38738.088 | D20: =IFERROR(VLOOKUP(A20,'[81]Balance globale aprés conso 21'!$B$1:$M$65536,12,0),0) -> 169768.48 | E20: Honoraires | F20: =+C20-D20 -> -131030.39 | G20: =+F20/D20 -> -0.77181814 | I20: Transport sur vente | J20: 127074.76 | K20: 111498.56 | L20: 15576.205
A21: 622100000 | C21: 31494.02 | D21: =IFERROR(VLOOKUP(A21,'[81]Balance globale aprés conso 21'!$B$1:$M$65536,12,0),0) -> 0 | E21: Honoraires | F21: =+C21-D21 -> 31494.02 | G21: =+F21/D21 -> #DIV/0! | I21: Total général | J21: 4248881.1 | K21: 3140870.9 | L21: 1108010.2
A22: 622200000 | C22: 23006.054 | D22: =IFERROR(VLOOKUP(A22,'[81]Balance globale aprés conso 21'!$B$1:$M$65536,12,0),0) -> 0 | E22: Honoraires | F22: =+C22-D22 -> 23006.054 | G22: =+F22/D22 -> #DIV/0!
A23: 622400000 | C23: 33390.29 | D23: =IFERROR(VLOOKUP(A23,'[81]Balance globale aprés conso 21'!$B$1:$M$65536,12,0),0) -> 0 | E23: Honoraires | F23: =+C23-D23 -> 33390.29 | G23: =+F23/D23 -> #DIV/0!
A24: 622700000 | C24: 10300.325 | D24: =IFERROR(VLOOKUP(A24,'[81]Balance globale aprés conso 21'!$B$1:$M$65536,12,0),0) -> 0 | E24: Honoraires | F24: =+C24-D24 -> 10300.325 | G24: =+F24/D24 -> #DIV/0!
A25: 622800000 | C25: 13870 | D25: =IFERROR(VLOOKUP(A25,'[81]Balance globale aprés conso 21'!$B$1:$M$65536,12,0),0) -> 0 | E25: Honoraires | F25: =+C25-D25 -> 13870 | G25: =+F25/D25 -> #DIV/0! | H25: Formation 13
A26: 623000000 | B26: PUBLICITE | C26: 223674.31 | D26: =IFERROR(VLOOKUP(A26,'[81]Balance globale aprés conso 21'!$B$1:$M$65536,12,0),0) -> 115338.46 | E26: Marketting | F26: =+C26-D26 -> 108335.85 | G26: =+F26/D26 -> 0.93928646 | H26: compagne publicitaire SND
A27: 623010000 | B27: COTISATION & DONS | C27: 60183.02 | D27: =IFERROR(VLOOKUP(A27,'[81]Balance globale aprés conso 21'!$B$1:$M$65536,12,0),0) -> 56879.8 | E27: Autres | F27: =+C27-D27 -> 3303.22 | G27: =+F27/D27 -> 0.058073692
A28: 622300000 | B28: ETUDES ET EXPERTISES | C28: 17667.283 | D28: =IFERROR(VLOOKUP(A28,'[81]Balance globale aprés conso 21'!$B$1:$M$65536,12,0),0) -> 0 | E28: Honoraires | F28: =+C28-D28 -> 17667.283 | G28: =+F28/D28 -> #DIV/0! | H28: Certification 50
A29: 622500000 | B29: HONORAIRES CAC | C29: 51345.061 | D29: =IFERROR(VLOOKUP(A29,'[81]Balance globale aprés conso 21'!$B$1:$M$65536,12,0),0) -> 0 | E29: Honoraires | F29: =+C29-D29 -> 51345.061 | G29: =+F29/D29 -> #DIV/0!
A30: 622600000 | B30: HONOR.AVOCATS+HUISSIERS | C30: 19508 | D30: =IFERROR(VLOOKUP(A30,'[81]Balance globale aprés conso 21'!$B$1:$M$65536,12,0),0) -> 0 | E30: Honoraires | F30: =+C30-D30 -> 19508 | G30: =+F30/D30 -> #DIV/0!
A31: 624100000 | B31: TRANSPORT SUR ACHAT | C31: 23784 | D31: =IFERROR(VLOOKUP(A31,'[81]Balance globale aprés conso 21'!$B$1:$M$65536,12,0),0) -> 30107.693 | E31: Autres | F31: =+C31-D31 -> -6323.693 | G31: =+F31/D31 -> -0.21003579
A32: 624200000 | B32: TRANSPORT SUR VENTE | C32: 3400 | D32: =IFERROR(VLOOKUP(A32,'[81]Balance globale aprés conso 21'!$B$1:$M$65536,12,0),0) -> 3950 | E32: Transport sur vente | F32: =+C32-D32 -> -550 | G32: =+F32/D32 -> -0.13924051
A33: 624300000 | B33: FRAIS/VENTE EXPORT | C33: 123674.76 | D33: 107548.56 | E33: Transport sur vente | F33: =+C33-D33 -> 16126.205 | G33: =+F33/D33 -> 0.14994348
A34: 625000000 | B34: FRAIS DE DEPLACEMENT | C34: 14733.566 | D34: =IFERROR(VLOOKUP(A34,'[81]Balance globale aprés conso 21'!$B$1:$M$65536,12,0),0) -> 8326.025 | E34: Missions et réception | F34: =+C34-D34 -> 6407.541 | G34: =+F34/D34 -> 0.76957984
A35: 625100000 | B35: VOYAGES ET MISSIONS | C35: 31122.916 | D35: =IFERROR(VLOOKUP(A35,'[81]Balance globale aprés conso 21'!$B$1:$M$65536,12,0),0) -> 36034.3 | E35: Missions et réception | F35: =+C35-D35 -> -4911.384 | G35: =+F35/D35 -> -0.13629747
A36: 625200000 | C36: 25532.463 | D36: =IFERROR(VLOOKUP(A36,'[81]Balance globale aprés conso 21'!$B$1:$M$65536,12,0),0) -> 0 | E36: Missions et réception | F36: =+C36-D36 -> 25532.463 | G36: =+F36/D36 -> #DIV/0!
A37: 625700000 | B37: RECEPTIONS | C37: 35455.123 | D37: =IFERROR(VLOOKUP(A37,'[81]Balance globale aprés conso 21'!$B$1:$M$65536,12,0),0) -> 48767.467 | E37: Missions et réception | F37: =+C37-D37 -> -13312.344 | G37: =+F37/D37 -> -0.27297592
A38: 625710000 | C38: 20171.505 | D38: =IFERROR(VLOOKUP(A38,'[81]Balance globale aprés conso 21'!$B$1:$M$65536,12,0),0) -> 0 | E38: Missions et réception | F38: =+C38-D38 -> 20171.505 | G38: =+F38/D38 -> #DIV/0!
A39: 625720000 | C39: 16779.9 | D39: =IFERROR(VLOOKUP(A39,'[81]Balance globale aprés conso 21'!$B$1:$M$65536,12,0),0) -> 0 | E39: Missions et réception | F39: =+C39-D39 -> 16779.9 | G39: =+F39/D39 -> #DIV/0!
A40: 625730000 | C40: 5874.4 | D40: =IFERROR(VLOOKUP(A40,'[81]Balance globale aprés conso 21'!$B$1:$M$65536,12,0),0) -> 0 | E40: Missions et réception | F40: =+C40-D40 -> 5874.4 | G40: =+F40/D40 -> #DIV/0!
A41: 625800000 | B41: ABONNEMENT ET DOCU. | C41: 10248.399 | D41: =IFERROR(VLOOKUP(A41,'[81]Balance globale aprés conso 21'!$B$1:$M$65536,12,0),0) -> 21647.353 | E41: Missions et réception | F41: =+C41-D41 -> -11398.954 | G41: =+F41/D41 -> -0.52657496
A42: 626000000 | B42: FRAIS POSTAUX & TELEC | C42: 53056.451 | D42: =IFERROR(VLOOKUP(A42,'[81]Balance globale aprés conso 21'!$B$1:$M$65536,12,0),0) -> 50179.668 | E42: Autres | F42: =+C42-D42 -> 2876.783 | G42: =+F42/D42 -> 0.057329654
A43: 627800000 | B43: AUT.FRAI.COM.PRES.SER | C43: 245618.06 | D43: =IFERROR(VLOOKUP(A43,'[81]Balance globale aprés conso 21'!$B$1:$M$65536,12,0),0) -> 205418.46 | E43: frais bancaires | F43: =+C43-D43 -> 40199.598 | G43: =+F43/D43 -> 0.19569613
A44: 633000000 | B44: JETONS DE PRESENCE | C44: 125000 | D44: =IFERROR(VLOOKUP(A44,'[81]Balance globale aprés conso 21'!$B$1:$M$65536,12,0),0) -> 0 | E44: Jetons de présence | F44: =+C44-D44 -> 125000 | G44: =+F44/D44 -> #DIV/0!
A45: 661100000 | B45: T F P | C45: 21276.623 | D45: =IFERROR(VLOOKUP(A45,'[81]Balance globale aprés conso 21'!$B$1:$M$65536,12,0),0) -> 13719.277 | E45: Taxes | F45: =+C45-D45 -> 7557.346 | G45: =+F45/D45 -> 0.550856 | H45: augmentation de la masse salariale
A46: 661200000 | B46: FOPROLOS | C46: 10638.338 | D46: =IFERROR(VLOOKUP(A46,'[81]Balance globale aprés conso 21'!$B$1:$M$65536,12,0),0) -> 6859.636 | E46: Taxes | F46: =+C46-D46 -> 3778.702 | G46: =+F46/D46 -> 0.55086042 | H46: augmentation de la masse salariale
A47: 665000000 | B47: AUT.IMP.TAX.VERS.ASSIM | C47: 67476.078 | D47: =IFERROR(VLOOKUP(A47,'[81]Balance globale aprés conso 21'!$B$1:$M$65536,12,0),0) -> 30794.17 | E47: Taxes | F47: =+C47-D47 -> 36681.908 | G47: =+F47/D47 -> 1.1911965 | H47: 3% Benefice imposable au lieu de 1%
A48: 665200000 | B48: TAX/LE CHIF.D'AFF.N.REC | C48: 183526.44 | D48: =IFERROR(VLOOKUP(A48,'[81]Balance globale aprés conso 21'!$B$1:$M$65536,12,0),0) -> 159813.2 | E48: Taxes | F48: =+C48-D48 -> 23713.24 | G48: =+F48/D48 -> 0.14838098 | H48: augmentation CA
A49: 665400000 | B49: DROITS D'EREG.DE TIM | C49: 90140.007 | D49: =IFERROR(VLOOKUP(A49,'[81]Balance globale aprés conso 21'!$B$1:$M$65536,12,0),0) -> 22601.628 | E49: Taxes | F49: =+C49-D49 -> 67538.379 | G49: =+F49/D49 -> 2.9882086 | H49: enregistrement crédit
A50: 665500000 | B50: TAXE SUR LES VEHICULE | C50: 19642.161 | D50: =IFERROR(VLOOKUP(A50,'[81]Balance globale aprés conso 21'!$B$1:$M$65536,12,0),0) -> 18377.152 | E50: Taxes | F50: =+C50-D50 -> 1265.009 | G50: =+F50/D50 -> 0.068835965
A51: 665800000 | B51: AUTRES DROITS | C51: 58.25 | D51: =IFERROR(VLOOKUP(A51,'[81]Balance globale aprés conso 21'!$B$1:$M$65536,12,0),0) -> 1721.5 | E51: Taxes | F51: =+C51-D51 -> -1663.25 | G51: =+F51/D51 -> -0.96616323
A52: 617000000 | B52: ETUD.RECH..DIV.SER.EX | C52: 0 | D52: =IFERROR(VLOOKUP(A52,'[81]Balance globale aprés conso 21'!$B$1:$M$65536,12,0),0) -> 345.985 | E52: Services extérieurs | F52: =+C52-D52 -> -345.985 | G52: =+F52/D52 -> -1
A53: 620000000 | B53: ADMI ADMINISTRATION | C53: 0 | D53: =IFERROR(VLOOKUP(A53,'[81]Balance globale aprés conso 21'!$B$1:$M$65536,12,0),0) -> 10097.164 | E53: Services extérieurs | F53: =+C53-D53 -> -10097.164 | G53: =+F53/D53 -> -1
A54: 621000000 | B54: PERSON.EXT.A L'ENTRE | C54: 0 | D54: =IFERROR(VLOOKUP(A54,'[81]Balance globale aprés conso 21'!$B$1:$M$65536,12,0),0) -> 2292.881 | E54: Services extérieurs | F54: =+C54-D54 -> -2292.881 | G54: =+F54/D54 -> -1
C56: =SUM(C5:C55) -> 4248881.1 | D56: =SUM(D5:D55) -> 3140870.9 | E56: =+C56-D56 -> 1108010.2 | F56: =+E56/D56 -> 0.35277166
D58: 2926853
D59: =+D58-D56 -> -214017.88
H60: 1705
H61: 1985
H62: =+H61-H60 -> 280
H63: =+H62/H60 -> 0.16422287
E65: =+'YTD Q1''23 Cons. vs Q1''22'!I3 -> 3.2611
A66: Étiquettes de lignes | B66: 44926 | C66: 44561 | D66: Variation | E66: K EUR
A67: Maintenance | B67: 1415175.2 | C67: =976780.995775+'[81]Balance globale aprés conso 21'!$M$345 -> 1103563.7 | D67: =+B67-C67 -> 311611.54 | E67: =+D67/$E$65 -> 95554.118 | F67: =+D67/$D$82 -> 0.31757317 | G67: =+D67/C67 -> 0.28236842
A68: Taxes | B68: 392757.9 | C68: 253886.57 | D68: =+B68-C68 -> 138871.33 | E68: =+D68/$E$65 -> 42584.2 | F68: =+D68/$D$82 -> 0.14152817 | G68: =+D68/C68 -> 0.54698181
A69: Jetons de présence | B69: 125000 | C69: 0 | D69: =+B69-C69 -> 125000 | E69: =+D69/$E$65 -> 38330.625 | F69: =+D69/$D$82 -> 0.12739145 | G69: =+D69/C69 -> #DIV/0!
A70: Marketting | B70: 223674.31 | C70: 115338.46 | D70: =+B70-C70 -> 108335.85 | E70: =+D70/$E$65 -> 33220.648 | F70: =+D70/$D$82 -> 0.11040849 | G70: =+D70/C70 -> 0.93928646
A71: Fuel | B71: 436049.76 | C71: 338001.56 | D71: =+B71-C71 -> 98048.203 | E71: =+D71/$E$65 -> 30065.991 | F71: =+D71/$D$82 -> 0.099924023 | G71: =+D71/C71 -> 0.2900821
A72: Securité et environnement | B72: 241268.23 | C72: 153192.63 | D72: =+B72-C72 -> 88075.601 | E72: =+D72/$E$65 -> 27007.942 | F72: =+D72/$D$82 -> 0.089760629 | G72: =+D72/C72 -> 0.57493368
A73: Honoraires | B73: 239319.12 | C73: 169768.48 | D73: =+B73-C73 -> 69550.64 | E73: =+D73/$E$65 -> 21327.356 | F73: =+D73/$D$82 -> 0.070881256 | G73: =+D73/C73 -> 0.40967934
A74: Missions et réception | B74: 159918.27 | C74: 114775.15 | D74: =+B74-C74 -> 45143.127 | E74: =+D74/$E$65 -> 13842.914 | F74: =+D74/$D$82 -> 0.046006788 | G74: =+D74/C74 -> 0.39331797
A75: frais bancaires | B75: 245618.06 | C75: 205418.46 | D75: =+B75-C75 -> 40199.598 | E75: =+D75/$E$65 -> 12327.006 | F75: =+D75/$D$82 -> 0.040968681 | G75: =+D75/C75 -> 0.19569613
A76: fourniture | B76: 65264.172 | C76: 45323.99 | D76: =+B76-C76 -> 19940.182 | E76: =+D76/$E$65 -> 6114.5571 | F76: =+D76/$D$82 -> 0.02032167 | G76: =+D76/C76 -> 0.43994763
A77: Transport sur vente | B77: 127074.76 | C77: 111498.56 | D77: =+B77-C77 -> 15576.205 | E77: =+D77/$E$65 -> 4776.3653 | F77: =+D77/$D$82 -> 0.015874203 | G77: =+D77/C77 -> 0.13969871
A78: Autres | B78: 137023.47 | C78: 137167.16 | D78: =+B78-C78 -> -143.69 | E78: =+D78/$E$65 -> -44.06182 | F78: =+D78/$D$82 -> -0.00014643902 | G78: =+D78/C78 -> -0.0010475539
A79: Services extérieurs | B79: 80017.117 | C79: 88845.686 | D79: =+B79-C79 -> -8828.569 | E79: =+D79/$E$65 -> -2707.2365 | F79: =+D79/$D$82 -> -0.0089974738 | G79: =+D79/C79 -> -0.099369698
A80: location | B80: 360720.7 | C80: 430873.19 | D80: =+B80-C80 -> -70152.486 | E80: =+D80/$E$65 -> -21511.909 | F80: =+D80/$D$82 -> -0.071494616 | G80: =+D80/C80 -> -0.16281469
B82: =SUM(B67:B81) -> 4248881.1 | C82: =SUM(C67:C81) -> 3267653.6 | D82: =SUM(D67:D81) -> 981227.53

Sheet Revenue analyse
B1: Local revenue
B3: VOLUME | C3: Total | D3: Prix moyen | G3: 3.2611
A4: 2022 | B4: 205264 | C4: 39205372 | D4: =+C4/B4 -> 190.99975 | E4: =+C4-C5 -> 6210014.3 | F4: =+E4/C5 -> 0.18820873 | G4: =E4/G3 -> 1904269.8
A5: 2021 | B5: 187003 | C5: 32995357 | D5: =+C5/B5 -> 176.44293
B6: =+B4-B5 -> 18261 | D6: =+D4-D5 -> 14.556814
B7: =+B6/B5 -> 0.09765084 | D7: =+D6/D5 -> 0.082501545
B8: Effet prix | C8: =+(D4-D5)*B5 -> 2722168 | D8: =+C8/$C$10 -> 0.43835132 | E8: =+C8/$G$3 -> 834739.19
B9: Effet volume | C9: =+(B4-B5)*D4 -> 3487846.3 | D9: =+C9/$C$10 -> 0.56164868 | E9: =+C9/$G$3 -> 1069530.6
C10: =SUM(C8:C9) -> 6210014.3
B13: Export revenue
B15: VOLUME | C15: Total | D15: Prix moyen
A16: 2022 | B16: 64997 | C16: 6044679.6 | D16: =+C16/B16 -> 92.999364 | E16: =+C16-C17 -> -1231459.6 | F16: =+E16/C17 -> -0.1692463
A17: 2021 | B17: 85804 | C17: 7276139.3 | D17: =+C17/B17 -> 84.799535
B18: =+B16-B17 -> -20807 | D18: =+(D16-D17)/D17 -> 0.09669663
B19: =+B18/B16 -> -0.32012247
B20: Effet prix | C20: =+(D16-D17)*B17 -> 703578.14 | D20: =+C20/$C$22 -> -0.57133676 | E20: =+C20/$G$3 -> 215748.72
B21: Effet volume | C21: =+(B16-B17)*D16 -> -1935037.8 | D21: =+C21/$C$22 -> 1.5713368 | E21: =+C21/$G$3 -> -593369.65
C22: =SUM(C20:C21) -> -1231459.6

Sheet YTD Sep SNA vs PY
B3: Applicable FX rate | C3: 3.2184 | F3: 3.2837 | O3: Profitability dynamics (EURs)
B5: SNA | C5: 44834 | E5: % of Rev | F5: 44469 | H5: % of Rev | J5: YoY Var
C6: TND | D6: EUR | F6: TND | G6: EUR | J6: TND | K6: EUR | L6: EUR %
B7: Local Sales Revenue | C7: 23107430 | D7: =+C7/$C$3 -> 7179788 | F7: 19692997 | G7: =+F7/$F$3 -> 5997197.3 | J7: =C7-F7 -> 3414432.7 | K7: =D7-G7 -> 1182590.6 | L7: =K7/G7 -> 0.19719055
B8: Export Sales Revenue | C8: 4966508.5 | D8: =+C8/$C$3 -> 1543160.7 | F8: 6378575.6 | G8: =+F8/$F$3 -> 1942496.4 | J8: =C8-F8 -> -1412067 | K8: =D8-G8 -> -399335.7 | L8: =K8/G8 -> -0.2055786
B9: Other Revenues | C9: 418522.49 | D9: =+C9/$C$3 -> 130040.55 | F9: 154250.34 | G9: =+F9/$F$3 -> 46974.554 | J9: =C9-F9 -> 264272.15 | K9: =D9-G9 -> 83065.991 | L9: =K9/G9 -> 1.7683189
B10: Total sales revenues | C10: =SUM(C7:C9) -> 28492461 | D10: =SUM(D7:D9) -> 8852989.2 | F10: =SUM(F7:F9) -> 26225823 | G10: =+F10/$F$3 -> 7986668.3 | J10: =C10-F10 -> 2266637.8 | K10: =D10-G10 -> 866320.9 | L10: =K10/G10 -> 0.10847088
B11: Change in inventory | C11: 1148054.4 | D11: =+C11/$C$3 -> 356715.88 | E11: =+D11/$D$10 -> 0.040293269 | F11: 187199.1 | G11: =+F11/$F$3 -> 57008.588 | H11: =+G11/$G$10 -> 0.0071379686 | J11: =C11-F11 -> 960855.29 | K11: =D11-G11 -> 299707.29 | L11: =K11/G11 -> 5.2572306
B12: Expense for materials | C12: -20162945 | D12: =+C12/$C$3 -> -6264897 | E12: =+D12/$D$10 -> -0.70765894 | F12: -16890152 | G12: =+F12/$F$3 -> -5143634.4 | H12: =+G12/$G$10 -> -0.64402755 | J12: =C12-F12 -> -3272792.2 | K12: =D12-G12 -> -1121262.6 | L12: =-K12/G12 -> -0.21799034
B13: GROSS CONTRIBUTION | C13: =C10+C11+C12 -> 9477570.4 | D13: =D10+D11+D12 -> 2944808.1 | E13: =+D13/$D$10 -> 0.33263433 | F13: =F10+F11+F12 -> 9522869.6 | G13: =G10+G11+G12 -> 2900042.5 | H13: =+G13/$G$10 -> 0.36311042 | J13: =C13-F13 -> -45299.163 | K13: =D13-G13 -> 44765.602 | L13: =K13/G13 -> 0.015436188 | O13: =E13-H13 -> -0.030476096 | Q13: =K11+K12 -> -821555.3 | R13: Unfavourable raw materials
B14: Personnel expenses | C14: -2683234.2 | D14: =+C14/$C$3 -> -833716.83 | E14: =+D14/$D$10 -> -0.094173483 | F14: -2320730.1 | G14: =+F14/$F$3 -> -706742.43 | H14: =+G14/$G$10 -> -0.088490269 | J14: =C14-F14 -> -362504.14 | K14: =D14-G14 -> -126974.4 | L14: =-K14/G14 -> -0.1796615
B15: Other expenses | C15: -1945812.1 | D15: =+C15/$C$3 -> -604589.9 | E15: =+D15/$D$10 -> -0.068292177 | F15: -1847464.1 | G15: =+F15/$F$3 -> -562616.6 | H15: =+G15/$G$10 -> -0.070444468 | J15: =C15-F15 -> -98348.019 | K15: =D15-G15 -> -41973.304 | L15: =-K15/G15 -> -0.074603743
B16: Total Expenses | C16: =SUM(C11:C15)-C13 -> -23643937 | D16: =SUM(D11:D15)-D13 -> -7346487.9 | E16: =D16/D10 -> -0.82983133 | F16: =SUM(F11:F15)-F13 -> -20871147 | G16: =SUM(G11:G15)-G13 -> -6355984.8 | H16: =+G16/$G$10 -> -0.79582431 | J16: =C16-F16 -> -2772789.1 | K16: =D16-G16 -> -990503.01 | L16: =-K16/G16 -> -0.15583785
B17: EBITDA | C17: =+C10+C16 -> 4848524 | D17: =+D10+D16 -> 1506501.4 | E17: =+D17/D10 -> 0.17016867 | F17: =+F10+F16 -> 5354675.4 | G17: =+F17/$F$3 -> 1630683.5 | H17: =+G17/$G$10 -> 0.20417569 | J17: =C17-F17 -> -506151.32 | K17: =D17-G17 -> -124182.11 | L17: =K17/G17 -> -0.076153409 | O17: =E17-H17 -> -0.034007019 | P17: =O17-O13 -> -0.003530923 | Q17: =K14+K15 -> -168947.71 | R17: Targeted labour costs increase
B18: Depreciation charges | C18: -1678133.6 | D18: =+C18/$C$3 -> -521418.61 | E18: =+D18/$D$10 -> -0.058897463 | F18: -1584631.1 | G18: =+F18/$F$3 -> -482574.88 | H18: =+G18/$G$10 -> -0.060422551 | J18: =C18-F18 -> -93502.515 | K18: =D18-G18 -> -38843.728 | L18: =-K18/G18 -> -0.080492645
B19: EBIT | C19: =C17+C18 -> 3170390.4 | D19: =D17+D18 -> 985082.77 | E19: =+D19/$D$10 -> 0.1112712 | F19: =F17+F18 -> 3770044.2 | G19: =G17+G18 -> 1148108.6 | H19: =+G19/$G$10 -> 0.14375313 | J19: =C19-F19 -> -599653.84 | K19: =D19-G19 -> -163025.83 | L19: =K19/G19 -> -0.14199513
B20: Net finance charges | C20: -1068193.3 | D20: =+C20/$C$3 -> -331901.96 | E20: =+D20/$D$10 -> -0.037490383 | F20: -938358.16 | G20: =+F20/$F$3 -> -285762.45 | H20: =+G20/$G$10 -> -0.035779932 | J20: =C20-F20 -> -129835.11 | K20: =D20-G20 -> -46139.511 | L20: =-K20/G20 -> -0.16146107
B21: Other income | C21: 3440.002 | D21: =+C21/$C$3 -> 1068.8547 | E21: =+D21/$D$10 -> 0.00012073376 | F21: 1.116 | G21: =+F21/$F$3 -> 0.33986052 | H21: =+G21/$G$10 -> 4.2553479e-08 | J21: =C21-F21 -> 3438.886 | K21: =D21-G21 -> 1068.5148 | L21: -1
B22: Other expense | C22: -16672.681 | D22: =+C22/$C$3 -> -5180.4254 | E22: =+D22/$D$10 -> -0.00058516115 | F22: -2280.551 | G22: =+F22/$F$3 -> -694.5065 | H22: =+G22/$G$10 -> -8.6958225e-05 | J22: =C22-F22 -> -14392.13 | K22: =D22-G22 -> -4485.9189 | L22: =-K22/G22 -> -6.459146
B23: EBT | C23: =C19+C20+C21+C22 -> 2088964.4 | D23: =D19+D20+D21+D22 -> 649069.24 | E23: =+D23/$D$10 -> 0.073316393 | F23: =F19+F20+F21+F22 -> 2829406.6 | G23: =G19+G20+G21+G22 -> 861651.99 | H23: =+G23/$G$10 -> 0.10788629 | J23: =C23-F23 -> -740442.2 | K23: =D23-G23 -> -212582.75 | L23: =K23/G23 -> -0.24671532 | O23: =E23-H23 -> -0.034569893 | P23: =O23-O17 -> -0.00056287474 | Q23: =K20+K21+K22 -> -49556.915 | R23: Bank interest due to WC increase
D29: =D12+D11 -> -5908181.1 | G29: =G12+G11 -> -5086625.8 | K29: =D29-G29 -> -821555.3 | O29: =G30-D30 -> 0.030476096
D30: =D29/D10 -> -0.66736567 | G30: =G29/G10 -> -0.63688958 | O30: =D30-G30 -> -0.030476096
D32: =D14+D15 -> -1438306.7 | G32: =G14+G15 -> -1269359 | K32: =D32-G32 -> -168947.71

Sheet Q1'23 CONSO vs BP Q1'22
C3: Applicable FX rate | D3: (EUR Q4 numbers calculated as a difference between YTD Dec and YTD Sep reported)
S4: Profitability dynamics (EURs)
C5: NOUR consolidated | D5: Q4'2022 | F5: % of Rev | G5: Q4'2021 | I5: % of Rev | K5: YoY Var | O5: Q4'22 FCST | P5: Act to Fcst Var
D6: TND | E6: EUR | G6: TND | H6: EUR | K6: TND | L6: EUR | M6: EUR % | O6: EUR | P6: EUR | Q6: EUR %
C7: Sales revenue | D7: =+'YTD Q1''23 Cons. vs Q1''22'!I8-'YTD Sep Cons. vs PY V2'!D7 -> 13196987 | E7: =+'YTD Q1''23 Cons. vs Q1''22'!J8-'YTD Sep Cons. vs PY V2'!E7 -> 3908559.3 | G7: =+'YTD Q1''23 Cons. vs Q1''22'!L8-'YTD Sep Cons. vs PY V2'!G7 -> 12164961 | H7: =+'YTD Q1''23 Cons. vs Q1''22'!M8-'YTD Sep Cons. vs PY V2'!H7 -> 3654869.9 | K7: =D7-G7 -> 1032026.9 | L7: =E7-H7 -> 253689.41 | M7: =L7/H7 -> 0.069411339 | Y7: =R7/E7 -> 0
C8: Other revenue | D8: =+'YTD Q1''23 Cons. vs Q1''22'!I9-'YTD Sep Cons. vs PY V2'!D8 -> 45241.839 | E8: =+'YTD Q1''23 Cons. vs Q1''22'!J9-'YTD Sep Cons. vs PY V2'!E8 -> 13171.55 | G8: =+'YTD Q1''23 Cons. vs Q1''22'!L9-'YTD Sep Cons. vs PY V2'!G8 -> 55991.476 | H8: =+'YTD Q1''23 Cons. vs Q1''22'!M9-'YTD Sep Cons. vs PY V2'!H8 -> 16837.041 | K8: =D8-G8 -> -10749.637 | L8: =E8-H8 -> -3665.491 | M8: =L8/H8 -> -0.21770399
C9: Total revenues | D9: =SUM(D7:D8) -> 13242229 | E9: =SUM(E7:E8) -> 3921730.8 | G9: =SUM(G7:G8) -> 12220952 | H9: =SUM(H7:H8) -> 3671706.9 | K9: =D9-G9 -> 1021277.2 | L9: =E9-H9 -> 250023.92 | M9: =L9/H9 -> 0.068094738 | O9: ='FY22 Fcst'!E8*1000 -> 5671792.3 | P9: =E9-O9 -> -1750061.5 | Q9: =P9/O9 -> -0.30855529 | S9: =M9 -> 0.068094738 | V9: Increase in the sale price with less discount | Y9: =R9/H9 -> 0
C10: Change in inventory | D10: =+'YTD Q1''23 Cons. vs Q1''22'!I11-'YTD Sep Cons. vs PY V2'!D10 -> 300173.1 | E10: =+'YTD Q1''23 Cons. vs Q1''22'!J11-'YTD Sep Cons. vs PY V2'!E10 -> 86438.015 | F10: =+E10/$E$9 -> 0.022040782 | G10: =+'YTD Q1''23 Cons. vs Q1''22'!L11-'YTD Sep Cons. vs PY V2'!G10 -> -1514631.5 | H10: =+'YTD Q1''23 Cons. vs Q1''22'!M11-'YTD Sep Cons. vs PY V2'!H10 -> -458507.04 | I10: =+H10/$H$9 -> -0.12487572 | K10: =D10-G10 -> 1814804.6 | L10: =E10-H10 -> 544945.05 | M10: =L10/H10 -> -1.1885206
C11: Expense for materials | D11: =+'YTD Q1''23 Cons. vs Q1''22'!I12-'YTD Sep Cons. vs PY V2'!D11 -> -8643813.5 | E11: =+'YTD Q1''23 Cons. vs Q1''22'!J12-'YTD Sep Cons. vs PY V2'!E11 -> -2558783 | F11: =+E11/$E$9 -> -0.65246268 | G11: =+'YTD Q1''23 Cons. vs Q1''22'!L12-'YTD Sep Cons. vs PY V2'!G11 -> -6325229.1 | H11: =+'YTD Q1''23 Cons. vs Q1''22'!M12-'YTD Sep Cons. vs PY V2'!H11 -> -1898347.9 | I11: =+H11/$H$9 -> -0.51702054 | K11: =D11-G11 -> -2318584.4 | L11: =E11-H11 -> -660435.12 | M11: =-L11/H11 -> -0.34789994
C12: GROSS CONTRIBUTION | D12: =+D9+SUM(D10:D11) -> 4898588.8 | E12: =+E9+SUM(E10:E11) -> 1449385.8 | F12: =+E12/E9 -> 0.3695781 | G12: =+G9+SUM(G10:G11) -> 4381091.4 | H12: =+H9+SUM(H10:H11) -> 1314852 | I12: =+H12/H9 -> 0.35810374 | K12: =D12-G12 -> 517497.44 | L12: =E12-H12 -> 134533.85 | M12: =L12/H12 -> 0.10231863 | S12: =F12-I12 -> 0.01147436 | U12: =L11+L10 -> -115490.07
C13: Personnel expenses | D13: =+'YTD Q1''23 Cons. vs Q1''22'!I14-'YTD Sep Cons. vs PY V2'!D13 -> -1811285.2 | E13: =+'YTD Q1''23 Cons. vs Q1''22'!J14-'YTD Sep Cons. vs PY V2'!E13 -> -538576.45 | F13: =+E13/$E$9 -> -0.13733131 | G13: =+'YTD Q1''23 Cons. vs Q1''22'!L14-'YTD Sep Cons. vs PY V2'!G13 -> -1288413.4 | H13: =+'YTD Q1''23 Cons. vs Q1''22'!M14-'YTD Sep Cons. vs PY V2'!H13 -> -387356.09 | I13: =+H13/$H$9 -> -0.10549755 | K13: =D13-G13 -> -522871.87 | L13: =E13-H13 -> -151220.36 | M13: =-L13/H13 -> -0.39039107
C14: Other expenses | D14: =+'YTD Q1''23 Cons. vs Q1''22'!I15-'YTD Sep Cons. vs PY V2'!D14 -> -1698710.4 | E14: =+'YTD Q1''23 Cons. vs Q1''22'!J15-'YTD Sep Cons. vs PY V2'!E14 -> -510525.94 | F14: =+E14/$E$9 -> -0.13017873 | G14: =+'YTD Q1''23 Cons. vs Q1''22'!L15-'YTD Sep Cons. vs PY V2'!G14 -> -925996.46 | H14: =+'YTD Q1''23 Cons. vs Q1''22'!M15-'YTD Sep Cons. vs PY V2'!H14 -> -278164.03 | I14: =+H14/$H$9 -> -0.075758778 | K14: =D14-G14 -> -772713.97 | L14: =E14-H14 -> -232361.91 | M14: =-L14/H14 -> -0.83534135
C15: Provision | D15: =+'YTD Q1''23 Cons. vs Q1''22'!I16-'YTD Sep Cons. vs PY V2'!D15 -> -133780.89 | E15: =+'YTD Q1''23 Cons. vs Q1''22'!J16-'YTD Sep Cons. vs PY V2'!E15 -> -40534.728 | F15: =+E15/$H$9 -> -0.01103975 | G15: =+'YTD Q1''23 Cons. vs Q1''22'!L16-'YTD Sep Cons. vs PY V2'!G15 -> 153856.55 | H15: =+'YTD Q1''23 Cons. vs Q1''22'!M16-'YTD Sep Cons. vs PY V2'!H15 -> 47495.408 | I15: =+H15/$H$9 -> 0.012935512 | K15: =D15-G15 -> -287637.44 | L15: =E15-H15 -> -88030.135 | M15: =-L15/H15 -> 1.8534452
C16: Total Expenses | D16: =SUM(D10:D15)-D12 -> -11987417 | E16: =SUM(E10:E15)-E12 -> -3561982.1 | F16: =E16/E9 -> -0.90826787 | G16: =SUM(G10:G15)-G12 -> -9900413.9 | H16: =SUM(H10:H15)-H12 -> -2974879.6 | I16: =H16/H9 -> -0.81021708 | K16: =D16-G16 -> -2087003.1 | L16: =E16-H16 -> -587102.48 | M16: =-L16/H16 -> -0.19735335
C17: EBITDA | D17: =SUM(D9+D16) -> 1254812.3 | E17: =SUM(E9+E16) -> 359748.71 | F17: =+E17/$E$9 -> 0.091732127 | G17: =SUM(G9+G16) -> 2320538.1 | H17: =SUM(H9+H16) -> 696827.27 | I17: =+H17/$H$9 -> 0.18978292 | K17: =D17-G17 -> -1065725.8 | L17: =E17-H17 -> -337078.56 | M17: =L17/H17 -> -0.4837333 | O17: ='FY22 Fcst'!E15*1000 -> 1014457.5 | P17: =E17-O17 -> -654708.81 | Q17: =P17/O17 -> -0.64537824 | S17: =F17-I17 -> -0.098050795 | T17: =S17-S12 -> -0.10952515 | U17: =L13+L14+L15 -> -471612.41
C18: Depreciation charges | D18: =+'YTD Q1''23 Cons. vs Q1''22'!I19-'YTD Sep Cons. vs PY V2'!D18 -> -635682.88 | E18: =+'YTD Q1''23 Cons. vs Q1''22'!J19-'YTD Sep Cons. vs PY V2'!E18 -> -187259.17 | F18: =+E18/$E$9 -> -0.047749113 | G18: =+'YTD Q1''23 Cons. vs Q1''22'!L19-'YTD Sep Cons. vs PY V2'!G18 -> -522598.92 | H18: =+'YTD Q1''23 Cons. vs Q1''22'!M19-'YTD Sep Cons. vs PY V2'!H18 -> -156456.52 | I18: =+H18/$H$9 -> -0.042611385 | K18: =D18-G18 -> -113083.96 | L18: =E18-H18 -> -30802.653 | M18: =-L18/H18 -> -0.19687676
C19: EBIT | D19: =SUM(D17+D18) -> 619129.4 | E19: =SUM(E17+E18) -> 172489.54 | F19: =+E19/$E$9 -> 0.043983014 | G19: =SUM(G17+G18) -> 1797939.2 | H19: =SUM(H17+H18) -> 540370.75 | I19: =+H19/$H$9 -> 0.14717154 | K19: =D19-G19 -> -1178809.8 | L19: =E19-H19 -> -367881.21 | M19: =L19/H19 -> -0.68079408
C20: Net finance charges | D20: =+'YTD Q1''23 Cons. vs Q1''22'!I21-'YTD Sep Cons. vs PY V2'!D20 -> -265076.31 | E20: =+'YTD Q1''23 Cons. vs Q1''22'!J21-'YTD Sep Cons. vs PY V2'!E20 -> -75733.283 | G20: =+'YTD Q1''23 Cons. vs Q1''22'!L21-'YTD Sep Cons. vs PY V2'!G20 -> -481711.49 | H20: =+'YTD Q1''23 Cons. vs Q1''22'!M21-'YTD Sep Cons. vs PY V2'!H20 -> -144912.97 | K20: =D20-G20 -> 216635.18 | L20: =E20-H20 -> 69179.688 | M20: =-L20/H20 -> 0.47738783
C21: Other income | D21: =+'YTD Q1''23 Cons. vs Q1''22'!I22-'YTD Sep Cons. vs PY V2'!D21 -> 42775.732 | E21: =+'YTD Q1''23 Cons. vs Q1''22'!J22-'YTD Sep Cons. vs PY V2'!E21 -> 13068.431 | G21: =+'YTD Q1''23 Cons. vs Q1''22'!L22-'YTD Sep Cons. vs PY V2'!G21 -> 47978.564 | H21: =+'YTD Q1''23 Cons. vs Q1''22'!M22-'YTD Sep Cons. vs PY V2'!H21 -> 14554.22 | K21: =D21-G21 -> -5202.832 | L21: =E21-H21 -> -1485.7893 | M21: =-L21/H21 -> 0.10208649
C22: Other expense | D22: =+'YTD Q1''23 Cons. vs Q1''22'!I23-'YTD Sep Cons. vs PY V2'!D22 -> -2930.376 | E22: =+'YTD Q1''23 Cons. vs Q1''22'!J23-'YTD Sep Cons. vs PY V2'!E22 -> -821.17395 | G22: =+'YTD Q1''23 Cons. vs Q1''22'!L23-'YTD Sep Cons. vs PY V2'!G22 -> -47336.084 | H22: =+'YTD Q1''23 Cons. vs Q1''22'!M23-'YTD Sep Cons. vs PY V2'!H22 -> -14356.318 | K22: =D22-G22 -> 44405.708 | L22: =E22-H22 -> 13535.144 | M22: =-L22/H22 -> 0.94280052
C23: EBT | D23: =SUM(D19:D22) -> 393898.45 | E23: =SUM(E19:E22) -> 109003.51 | F23: =+E23/$E$9 -> 0.027794747 | G23: =SUM(G19:G22) -> 1316870.2 | H23: =SUM(H19:H22) -> 395655.68 | I23: =+H23/$H$9 -> 0.10775797 | K23: =D23-G23 -> -922971.74 | L23: =E23-H23 -> -286652.17 | M23: =L23/H23 -> -0.72449905 | S23: =F23-I23 -> -0.079963223 | T23: =S23-S17 -> 0.018087572 | U23: =L20+L21+L22 -> 81229.042 | V23: 1. Interest rate due to incease of the WC employed
C24: Income tax | D24: ='YTD Q1''23 Cons. vs Q1''22'!I25-'YTD Sep Cons. vs PY V2'!D24 -> -121657.36 | E24: ='YTD Q1''23 Cons. vs Q1''22'!J25-'YTD Sep Cons. vs PY V2'!E24 -> -35952.21 | G24: ='YTD Q1''23 Cons. vs Q1''22'!L25-'YTD Sep Cons. vs PY V2'!G24 -> -452912.4 | H24: ='YTD Q1''23 Cons. vs Q1''22'!M25-'YTD Sep Cons. vs PY V2'!H24 -> -137396.07 | K24: =D24-G24 -> 331255.04 | L24: =E24-H24 -> 101443.86 | M24: -1
C25: Net profit | D25: =SUM(D23:D24) -> 272241.09 | E25: =SUM(E23:E24) -> 73051.305 | F25: =+E25/$E$9 -> 0.018627312 | G25: =SUM(G23:G24) -> 863957.8 | H25: =SUM(H23:H24) -> 258259.61 | I25: =+H25/$H$9 -> 0.070337753 | K25: =D25-G25 -> -591716.7 | L25: =E25-H25 -> -185208.31 | M25: =L25/H25 -> -0.71714004
C27: Total net consolidated profit | D27: =SUM(D25:D26) -> 272241.09 | E27: =SUM(E25:E26) -> 73051.305 | F27: =+E27/$E$9 -> 0.018627312 | G27: =SUM(G25:G26) -> 863957.8 | H27: =SUM(H25:H26) -> 258259.61 | I27: =+H27/$H$9 -> 0.070337753 | K27: =D27-G27 -> -591716.7 | L27: =E27-H27 -> -185208.31 | M27: =L27/H27 -> -0.71714004
C28: Pertaining to minority shareholders | D28: ='YTD Q1''23 Cons. vs Q1''22'!I29-'YTD Sep Cons. vs PY V2'!D28 -> -112353.86 | E28: ='YTD Q1''23 Cons. vs Q1''22'!J29-'YTD Sep Cons. vs PY V2'!E28 -> -33668.213 | G28: ='YTD Q1''23 Cons. vs Q1''22'!L29-'YTD Sep Cons. vs PY V2'!G28 -> -30574.887 | H28: ='YTD Q1''23 Cons. vs Q1''22'!M29-'YTD Sep Cons. vs PY V2'!H28 -> -9278.3694 | K28: =D28-G28 -> -81778.975 | L28: =E28-H28 -> -24389.844 | M28: =L28/H28 -> 2.6286778
C29: Pertaining to owners of the parent | D29: ='YTD Q1''23 Cons. vs Q1''22'!I30-'YTD Sep Cons. vs PY V2'!D29 -> 402673.12 | E29: ='YTD Q1''23 Cons. vs Q1''22'!J30-'YTD Sep Cons. vs PY V2'!E29 -> 112263.1 | G29: ='YTD Q1''23 Cons. vs Q1''22'!L30-'YTD Sep Cons. vs PY V2'!G29 -> 1399199.6 | H29: ='YTD Q1''23 Cons. vs Q1''22'!M30-'YTD Sep Cons. vs PY V2'!H29 -> 420544.79 | K29: =D29-G29 -> -996526.43 | L29: =E29-H29 -> -308281.7 | M29: =L29/H29 -> -0.73305318
X40: =S40/6 -> 0

Sheet Q1'23 SNA vs BP Q1'22
B3: Applicable FX rate | C3: (EUR Q4 numbers calculated as a difference between YTD Dec and YTD Sep reported) | S3: Profitability dynamics (EURs)
B5: SNA | C5: Q4'2022 | E5: % of Rev | F5: Q4'2021 | H5: % of Rev | J5: YoY Var | N5: Q4'22 FCST | O5: Act to Fcst Var
C6: TND | D6: EUR | F6: TND | G6: EUR | J6: TND | K6: EUR | L6: EUR % | N6: EUR | O6: EUR | P6: EUR %
B7: Local Sales Revenue | C7: ='YTD Q1''23 SNA vs Q1''22'!C7-'YTD Sep SNA vs PY'!C7 -> 8358041.2 | D7: ='YTD Q1''23 SNA vs Q1''22'!D7-'YTD Sep SNA vs PY'!D7 -> 2263347.2 | F7: ='YTD Q1''23 SNA vs Q1''22'!F7-'YTD Sep SNA vs PY'!F7 -> 8879440.9 | G7: ='YTD Q1''23 SNA vs Q1''22'!G7-'YTD Sep SNA vs PY'!G7 -> 2740016.8 | J7: =C7-F7 -> -521399.69 | K7: =D7-G7 -> -476669.6 | L7: =K7/G7 -> -0.17396594
B8: Export Sales Revenue | C8: =+'YTD Q1''23 SNA vs Q1''22'!C8-'YTD Sep SNA vs PY'!C8 -> 2414108.8 | D8: ='YTD Q1''23 SNA vs Q1''22'!D8-'YTD Sep SNA vs PY'!D8 -> 671844.01 | F8: =+'YTD Q1''23 SNA vs Q1''22'!F8-'YTD Sep SNA vs PY'!F8 -> 2631511.9 | G8: =+'YTD Q1''23 SNA vs Q1''22'!G8-'YTD Sep SNA vs PY'!G8 -> 812713.47 | J8: =C8-F8 -> -217403.07 | K8: =D8-G8 -> -140869.45 | L8: =K8/G8 -> -0.17333225
B9: Other Revenues | C9: =+'YTD Q1''23 SNA vs Q1''22'!C9-'YTD Sep SNA vs PY'!C9 -> 351455.4 | D9: =+'YTD Q1''23 SNA vs Q1''22'!D9-'YTD Sep SNA vs PY'!D9 -> 101038.32 | F9: =+'YTD Q1''23 SNA vs Q1''22'!F9-'YTD Sep SNA vs PY'!F9 -> 66896.776 | G9: =+'YTD Q1''23 SNA vs Q1''22'!G9-'YTD Sep SNA vs PY'!G9 -> 20650.398 | J9: =C9-F9 -> 284558.62 | K9: =D9-G9 -> 80387.922 | L9: =K9/G9 -> 3.8928025
B10: Total sales revenues | C10: =SUM(C7:C9) -> 11123605 | D10: =SUM(D7:D9) -> 3036229.6 | F10: =SUM(F7:F9) -> 11577850 | G10: =SUM(G7:G9) -> 3573380.7 | J10: =C10-F10 -> -454244.13 | K10: =D10-G10 -> -537151.13 | L10: =K10/G10 -> -0.15032015 | N10: ='FY22 Fcst'!E5*1000 -> 4709530.8 | O10: =D10-N10 -> -1673301.2 | P10: =O10/N10 -> -0.35530105
B11: Change in inventory | C11: ='YTD Q1''23 SNA vs Q1''22'!C11-'YTD Sep SNA vs PY'!C11 -> -23489.741 | D11: =+'YTD Q1''23 SNA vs Q1''22'!D11-'YTD Sep SNA vs PY'!D11 -> -19221.613 | F11: =+'YTD Q1''23 SNA vs Q1''22'!F11-'YTD Sep SNA vs PY'!F11 -> -1242060.5 | G11: =+'YTD Q1''23 SNA vs Q1''22'!G11-'YTD Sep SNA vs PY'!G11 -> -379576.45
B12: Expense for materials | C12: =+'YTD Q1''23 SNA vs Q1''22'!C12-'YTD Sep SNA vs PY'!C12 -> -7593570.4 | D12: =+'YTD Q1''23 SNA vs Q1''22'!D12-'YTD Sep SNA vs PY'!D12 -> -2065139.6 | E12: =(D12+D11)/$D$10 -> -0.68649658 | F12: =+'YTD Q1''23 SNA vs Q1''22'!F12-'YTD Sep SNA vs PY'!F12 -> -7034818.1 | G12: =+'YTD Q1''23 SNA vs Q1''22'!G12-'YTD Sep SNA vs PY'!G12 -> -2172422.8 | H12: =(G12+G11)/$D$10 -> -0.84051593 | J12: =C12-F12 -> -558752.27 | K12: =D12-G12 -> 107283.26 | L12: =-K12/G12 -> 0.049384153
B13: GROSS CONTRIBUTION | C13: =C10+C12+C11 -> 3506545.2 | D13: =D10+D12+D11 -> 951868.36 | E13: =+D13/$D$10 -> 0.31350342 | F13: =F10+F11+F12 -> 3300970.9 | G13: =G10+G11+G12 -> 1021381.4 | H13: =+G13/$G$10 -> 0.28583056 | J13: =C13-F13 -> 205574.36 | K13: =D13-G13 -> -69513.041 | L13: =K13/G13 -> -0.068057869 | S13: =E13-H13 -> 0.027672864 | U13: =-K12 -> -107283.26
B14: Personnel expenses | C14: ='YTD Q1''23 SNA vs Q1''22'!C14-'YTD Sep SNA vs PY'!C14 -> -1579478.7 | D14: =+'YTD Q1''23 SNA vs Q1''22'!D14-'YTD Sep SNA vs PY'!D14 -> -445570.38 | E14: =+D14/$D$10 -> -0.14675122 | F14: =+'YTD Q1''23 SNA vs Q1''22'!F14-'YTD Sep SNA vs PY'!F14 -> -1030444.8 | G14: =+'YTD Q1''23 SNA vs Q1''22'!G14-'YTD Sep SNA vs PY'!G14 -> -318019.03 | H14: =+G14/$G$10 -> -0.088996684 | J14: =C14-F14 -> -549033.86 | K14: =D14-G14 -> -127551.35 | L14: =-K14/G14 -> -0.40108087 | X14: =K14+160000 -> 32448.65
B15: Other expenses | C15: =+'YTD Q1''23 SNA vs Q1''22'!C15-'YTD Sep SNA vs PY'!C15 -> -1081828 | D15: =+'YTD Q1''23 SNA vs Q1''22'!D15-'YTD Sep SNA vs PY'!D15 -> -304038.33 | E15: =+D15/$D$10 -> -0.1001368 | F15: =+'YTD Q1''23 SNA vs Q1''22'!F15-'YTD Sep SNA vs PY'!F15 -> -629471.04 | G15: =+'YTD Q1''23 SNA vs Q1''22'!G15-'YTD Sep SNA vs PY'!G15 -> -194809.6 | H15: =+G15/$G$10 -> -0.05451689 | J15: =C15-F15 -> -452356.94 | K15: =D15-G15 -> -109228.72 | L15: =-K15/G15 -> -0.56069475 | U15: =K15 -> -109228.72
B16: Total Expenses | C16: =SUM(C11:C15)-C13 -> -10278367 | D16: =SUM(D11:D15)-D13 -> -2833969.9 | E16: =D16/D10 -> -0.9333846 | F16: =SUM(F11:F15)-F13 -> -9936794.5 | G16: =SUM(G11:G15)-G13 -> -3064827.9 | H16: =+G16/$G$10 -> -0.85768302 | J16: =C16-F16 -> -341572.3 | K16: =D16-G16 -> 230858.02 | L16: =-K16/G16 -> 0.075324954
B17: EBITDA | C17: =+C10+C16 -> 845238.57 | D17: =+D10+D16 -> 202259.65 | E17: =+D17/D10 -> 0.0666154 | F17: =+F10+F16 -> 1641055 | G17: =+G10+G16 -> 508552.76 | H17: =+G17/$G$10 -> 0.14231698 | J17: =C17-F17 -> -795816.43 | K17: =D17-G17 -> -306293.11 | L17: =K17/G17 -> -0.60228385 | N17: ='FY22 Fcst'!E12*1000 -> 541770 | O17: =D17-N17 -> -339510.35 | P17: =O17/N17 -> -0.62666879
B18: Depreciation charges | C18: =+'YTD Q1''23 SNA vs Q1''22'!C18-'YTD Sep SNA vs PY'!C18 -> -651619.11 | D18: =+'YTD Q1''23 SNA vs Q1''22'!D18-'YTD Sep SNA vs PY'!D18 -> -177765.92 | E18: =+D18/$D$10 -> -0.058548247 | F18: =+'YTD Q1''23 SNA vs Q1''22'!F18-'YTD Sep SNA vs PY'!F18 -> -467999.53 | G18: =+'YTD Q1''23 SNA vs Q1''22'!G18-'YTD Sep SNA vs PY'!G18 -> -145102.53 | H18: =+G18/$G$10 -> -0.040606513 | J18: =C18-F18 -> -183619.58 | K18: =D18-G18 -> -32663.389 | L18: =-K18/G18 -> -0.22510558
B19: EBIT | C19: =C17+C18 -> 193619.47 | D19: =D17+D18 -> 24493.729 | E19: =+D19/$D$10 -> 0.0080671533 | F19: =F17+F18 -> 1173055.5 | G19: =G17+G18 -> 363450.23 | H19: =+G19/$G$10 -> 0.10171047 | J19: =C19-F19 -> -979436.01 | K19: =D19-G19 -> -338956.5 | L19: =K19/G19 -> -0.93260775
B20: Net finance charges | C20: =+'YTD Q1''23 SNA vs Q1''22'!C20-'YTD Sep SNA vs PY'!C20 -> -152786.72 | D20: =+'YTD Q1''23 SNA vs Q1''22'!D20-'YTD Sep SNA vs PY'!D20 -> -34527.616 | E20: =+D20/$D$10 -> -0.011371873 | F20: =+'YTD Q1''23 SNA vs Q1''22'!F20-'YTD Sep SNA vs PY'!F20 -> -435158.5 | G20: =+'YTD Q1''23 SNA vs Q1''22'!G20-'YTD Sep SNA vs PY'!G20 -> -134247.54 | H20: =+G20/$G$10 -> -0.037568775 | J20: =C20-F20 -> 282371.78 | K20: =D20-G20 -> 99719.921 | L20: =-K20/G20 -> 0.74280633
B21: Other income | C21: =+'YTD Q1''23 SNA vs Q1''22'!C21-'YTD Sep SNA vs PY'!C21 -> 25885.84 | D21: =+'YTD Q1''23 SNA vs Q1''22'!D21-'YTD Sep SNA vs PY'!D21 -> 7732.1543 | E21: =+D21/$D$10 -> 0.0025466303 | F21: =+'YTD Q1''23 SNA vs Q1''22'!F21-'YTD Sep SNA vs PY'!F21 -> 14147.874 | G21: =+'YTD Q1''23 SNA vs Q1''22'!G21-'YTD Sep SNA vs PY'!G21 -> 4326.3038 | H21: =+G21/$G$10 -> 0.0012107033 | J21: =C21-F21 -> 11737.966 | K21: =D21-G21 -> 3405.8505 | L21: =-K21/G21 -> -0.78724257
B22: Other expense | C22: =+'YTD Q1''23 SNA vs Q1''22'!C22-'YTD Sep SNA vs PY'!C22 -> -2549.553 | D22: =+'YTD Q1''23 SNA vs Q1''22'!D22-'YTD Sep SNA vs PY'!D22 -> -588.37929 | E22: =+D22/$D$10 -> -0.00019378617 | F22: =+'YTD Q1''23 SNA vs Q1''22'!F22-'YTD Sep SNA vs PY'!F22 -> -16721.513 | G22: =+'YTD Q1''23 SNA vs Q1''22'!G22-'YTD Sep SNA vs PY'!G22 -> -5116.1669 | H22: =+G22/$G$10 -> -0.0014317441 | J22: =C22-F22 -> 14171.96 | K22: =D22-G22 -> 4527.7876 | L22: =-K22/G22 -> 0.88499607
B23: EBT | C23: =C19+C20+C21+C22 -> 64169.031 | D23: =D19+D20+D21+D22 -> -2890.1118 | E23: =+D23/$D$10 -> -0.00095187527 | F23: =F19+F20+F21+F22 -> 735323.34 | G23: =G19+G20+G21+G22 -> 228412.83 | H23: =+G23/$G$10 -> 0.063920654 | J23: =C23-F23 -> -671154.31 | K23: =D23-G23 -> -231302.94 | L23: =K23/G23 -> -1.012653 | S23: =E23-H23 -> -0.064872529 | U23: =K20+K21+K22 -> 107653.56 | V23: Bank interest due to the increased WC
D26: =D12/D7 -> -0.91242721 | G26: =G12/G7 -> -0.79285019 | L26: =D26-G26 -> -0.11957702
C27: =+C23+'YTD Sep SNA vs PY'!C23 -> 2153133.5 | D27: =+D23+'YTD Sep SNA vs PY'!D23 -> 646179.13 | F27: =+F23+'YTD Sep SNA vs PY'!F23 -> 3564730 | G27: =+G23+'YTD Sep SNA vs PY'!G23 -> 1090064.8
C28: =+C27-'YTD Q1''23 SNA vs Q1''22'!C23 -> 5.1222742e-09 | D28: =+D27-'YTD Q1''23 SNA vs Q1''22'!D23 -> 0 | F28: =+F27-'YTD Q1''23 SNA vs Q1''22'!F23 -> 0 | G28: =+G27-'YTD Q1''23 SNA vs Q1''22'!G23 -> 0

Sheet YTD Sep SND vs PY
B3: Applicable FX rate | C3: 3.2184 | F3: 3.2837 | O3: Profitability dynamics (EURs)
B5: SND | C5: 44834 | E5: % of Rev | F5: 44469 | H5: % of Rev | J5: YoY Var
C6: TND | D6: EUR | F6: TND | G6: EUR | J6: TND | K6: EUR | L6: EUR %
B7: Local Sales Revenue | C7: 28607427 | D7: =+C7/$C$3 -> 8888711 | F7: 23571017 | G7: =+F7/$F$3 -> 7178188.2 | J7: =C7-F7 -> 5036410.8 | K7: =D7-G7 -> 1710522.8 | L7: =K7/G7 -> 0.2382945
B8: Total sales revenues | C8: =SUM(C7:C7) -> 28607427 | D8: =SUM(D7:D7) -> 8888711 | F8: =SUM(F7:F7) -> 23571017 | G8: =+F8/$F$3 -> 7178188.2 | J8: =C8-F8 -> 5036410.8 | K8: =D8-G8 -> 1710522.8 | L8: =K8/G8 -> 0.2382945
B9: Expense for materials | C9: -24911356 | D9: =+C9/$C$3 -> -7740292.1 | E9: =+D9/$D$8 -> -0.87080029 | F9: -21027220 | G9: =+F9/$F$3 -> -6403514.3 | H9: =+G9/$G$8 -> -0.89207946 | J9: =C9-F9 -> -3884136.4 | K9: =D9-G9 -> -1336777.9 | L9: =-K9/G9 -> -0.20875691
B10: GROSS CONTRIBUTION | C10: =C8+C9 -> 3696071.3 | D10: =D8+D9 -> 1148418.9 | E10: =+D10/$D$8 -> 0.12919971 | F10: =F8+F9 -> 2543796.9 | G10: =G8+G9 -> 774673.95 | H10: =+G10/$G$8 -> 0.10792054 | J10: =C10-F10 -> 1152274.4 | K10: =D10-G10 -> 373744.91 | L10: =K10/G10 -> 0.48245447 | O10: =E10-H10 -> 0.021279167 | Q10: =-K9 -> 1336777.9 | R10: Two-staged market price adjustment, combined with lag-time on SNA side and same level of mark-up
B11: Personnel expenses | C11: -1173438.9 | D11: =+C11/$C$3 -> -364603.19 | E11: =+D11/$D$8 -> -0.041018679 | F11: -567670.28 | G11: =+F11/$F$3 -> -172875.2 | H11: =+G11/$G$8 -> -0.024083402 | J11: =C11-F11 -> -605768.61 | K11: =D11-G11 -> -191727.99 | L11: =-K11/G11 -> -1.1090544 | T11: =K11+160000 -> -31727.99
B12: Provision for returned batteries | C12: -120074.78 | D12: =+C12/$C$3 -> -37308.844 | E12: =+D12/$D$8 -> -0.0041973289 | F12: -700000 | G12: =+F12/$F$3 -> -213174.16 | H12: =+G12/$G$8 -> -0.029697489 | J12: =C12-F12 -> 579925.22 | K12: =D12-G12 -> 175865.32 | L12: =-K12/G12 -> 0.82498422 | T12: =G12+D12 -> -250483.01 | U12: =T12-T11 -> -218755.02
B13: Other expenses | C13: -752702.92 | D13: =+C13/$C$3 -> -233874.88 | E13: =+D13/$D$8 -> -0.026311451 | F13: -574674.8 | G13: =+F13/$F$3 -> -175008.31 | H13: =+G13/$G$8 -> -0.024380569 | J13: =C13-F13 -> -178028.13 | K13: =D13-G13 -> -58866.57 | L13: =-K13/G13 -> -0.33636442 | Q13: =K13 -> -58866.57 | R13: Partialy due to re-branding activitoes
B14: Total Expenses | C14: =SUM(C9:C13)-C10 -> -26957573 | D14: =SUM(D9:D13)-D10 -> -8376079 | E14: =D14/D8 -> -0.94232775 | F14: =SUM(F9:F13)-F10 -> -22869565 | G14: =SUM(G9:G13)-G10 -> -6964571.9 | H14: =+G14/$G$8 -> -0.97024092 | J14: =C14-F14 -> -4088007.9 | K14: =D14-G14 -> -1411507.1 | L14: =-K14/G14 -> -0.20266961
B15: EBITDA | C15: =+C8+C14 -> 1649854.7 | D15: =+D8+D14 -> 512631.95 | E15: =+D15/D8 -> 0.057672248 | F15: =+F8+F14 -> 701451.77 | G15: =+F15/$F$3 -> 213616.28 | H15: =+G15/$G$8 -> 0.02975908 | J15: =C15-F15 -> 948402.88 | K15: =D15-G15 -> 299015.67 | L15: =K15/G15 -> 1.3997794
B16: Depreciation charges | C16: -131446.54 | D16: =+C16/$C$3 -> -40842.202 | E16: =+D16/$D$8 -> -0.0045948397 | F16: -202459.08 | G16: =+F16/$F$3 -> -61655.778 | H16: =+G16/$G$8 -> -0.0085893231 | J16: =C16-F16 -> 71012.534 | K16: =D16-G16 -> 20813.576 | L16: =-K16/G16 -> 0.33757705
B17: EBIT | C17: =C15+C16 -> 1518408.1 | D17: =D15+D16 -> 471789.74 | E17: =+D17/$D$8 -> 0.053077408 | F17: =F15+F16 -> 498992.7 | G17: =G15+G16 -> 151960.5 | H17: =+G17/$G$8 -> 0.021169757 | J17: =C17-F17 -> 1019415.4 | K17: =D17-G17 -> 319829.24 | L17: =K17/G17 -> 2.1046867
B18: Net finance charges | C18: -223974.09 | D18: =+C18/$C$3 -> -69591.75 | E18: =+D18/$D$8 -> -0.0078292286 | F18: -151685.53 | G18: =+F18/$F$3 -> -46193.48 | H18: =+G18/$G$8 -> -0.0064352562 | J18: =C18-F18 -> -72288.558 | K18: =D18-G18 -> -23398.27 | L18: =-K18/G18 -> -0.50652754
B19: Other income | C19: 19664.556 | D19: =+C19/$C$3 -> 6110.041 | E19: =+D19/$D$8 -> 0.00068739337 | F19: 8098.013 | G19: =+F19/$F$3 -> 2466.1245 | H19: =+G19/$G$8 -> 0.00034355807 | J19: =C19-F19 -> 11566.543 | K19: =D19-G19 -> 3643.9165 | L19: =-K19/G19 -> -1.4775882
B20: Other expense | C20: -569.001 | D20: =+C20/$C$3 -> -176.79623 | E20: =+D20/$D$8 -> -1.9889974e-05 | F20: -574.918 | G20: =+F20/$F$3 -> -175.08238 | H20: =+G20/$G$8 -> -2.4390887e-05 | J20: =C20-F20 -> 5.917 | K20: =D20-G20 -> -1.7138576 | L20: =-K20/G20 -> -0.009788864
B21: EBT | C21: =C17+C18+C19+C20 -> 1313529.6 | D21: =D17+D18+D19+D20 -> 408131.24 | E21: =+D21/$D$8 -> 0.045915683 | F21: =F17+F18+F19+F20 -> 354830.26 | G21: =G17+G18+G19+G20 -> 108058.06 | H21: =+G21/$G$8 -> 0.015053668 | J21: =C21-F21 -> 958699.32 | K21: =D21-G21 -> 300073.18 | L21: =K21/G21 -> 2.7769624 | O21: =E21-H21 -> 0.030862015 | Q21: =K18+K19+K20 -> -19756.067 | R21: Bank interest due to the increased WC
D24: =D9/D7 -> -0.87080029 | G24: =G9/G7 -> -0.89207946 | L24: =D24-G24 -> 0.021279167

Sheet Q1'23 SND vs BP Q1'22
B3: Applicable FX rate | C3: (EUR Q4 numbers calculated as a difference between YTD Dec and YTD Sep reported) | S3: Profitability dynamics (EURs)
B5: SND | C5: Q4'2022 | E5: % of Rev | F5: Q4'2021 | H5: % of Rev | J5: YoY Var | N5: Q4'22 FCST | O5: Act to Fcst Var
C6: TND | D6: EUR | F6: TND | G6: EUR | J6: TND | K6: EUR | L6: EUR % | N6: EUR | O6: EUR | P6: EUR %
B7: Local Sales Revenue | C7: ='YTD Q1''23 SND vs Q1''22'!C7-'YTD Sep SND vs PY'!C7 -> 11065247 | D7: ='YTD Q1''23 SND vs Q1''22'!D7-'YTD Sep SND vs PY'!D7 -> 3276716.1 | F7: ='YTD Q1''23 SND vs Q1''22'!F7-'YTD Sep SND vs PY'!F7 -> 9473785.9 | G7: ='YTD Q1''23 SND vs Q1''22'!G7-'YTD Sep SND vs PY'!G7 -> 2846324.1 | J7: =C7-F7 -> 1591461 | K7: =D7-G7 -> 430391.99 | L7: =K7/G7 -> 0.15120976
B8: Total sales revenues | C8: =SUM(C7:C7) -> 11065247 | D8: =SUM(D7:D7) -> 3276716.1 | F8: =SUM(F7:F7) -> 9473785.9 | G8: =SUM(G7:G7) -> 2846324.1 | J8: =C8-F8 -> 1591461 | K8: =D8-G8 -> 430391.99 | L8: =K8/G8 -> 0.15120976 | N8: ='FY22 Fcst'!E6*1000 -> 3544903.7 | O8: =D8-N8 -> -268187.58 | P8: =O8/N8 -> -0.075654404
B9: Expense for materials | C9: ='YTD Q1''23 SND vs Q1''22'!C9-'YTD Sep SND vs PY'!C9 -> -9583314.7 | D9: ='YTD Q1''23 SND vs Q1''22'!D9-'YTD Sep SND vs PY'!D9 -> -2837326.1 | E9: =+D9/$D$8 -> -0.86590538 | F9: ='YTD Q1''23 SND vs Q1''22'!F9-'YTD Sep SND vs PY'!F9 -> -8231157.4 | G9: ='YTD Q1''23 SND vs Q1''22'!G9-'YTD Sep SND vs PY'!G9 -> -2472343.4 | H9: =+G9/$G$8 -> -0.86860922 | J9: =C9-F9 -> -1352157.3 | K9: =D9-G9 -> -364982.73 | L9: =-K9/G9 -> -0.14762623
B10: GROSS CONTRIBUTION | C10: =C8+C9 -> 1481932.3 | D10: =D8+D9 -> 439390.01 | E10: =+D10/$D$8 -> 0.13409462 | F10: =F8+F9 -> 1242628.5 | G10: =G8+G9 -> 373980.76 | H10: =+G10/$G$8 -> 0.13139078 | J10: =C10-F10 -> 239303.74 | K10: =D10-G10 -> 65409.258 | L10: =K10/G10 -> 0.17490007 | S10: =E10-H10 -> 0.0027038407 | U10: =-K9 -> 364982.73
B11: Personnel expenses | C11: ='YTD Q1''23 SND vs Q1''22'!C11-'YTD Sep SND vs PY'!C11 -> -103317.03 | D11: ='YTD Q1''23 SND vs Q1''22'!D11-'YTD Sep SND vs PY'!D11 -> -26907.629 | E11: =+D11/$D$8 -> -0.0082117669 | F11: ='YTD Q1''23 SND vs Q1''22'!F11-'YTD Sep SND vs PY'!F11 -> -204242.02 | G11: ='YTD Q1''23 SND vs Q1''22'!G11-'YTD Sep SND vs PY'!G11 -> -61293.079 | H11: =+G11/$G$8 -> -0.021534118 | J11: =C11-F11 -> 100924.99 | K11: =D11-G11 -> 34385.45 | L11: =-K11/G11 -> 0.56100053 | X11: =K11+160000 -> 194385.45
B12: Provision | C12: ='YTD Q1''23 SND vs Q1''22'!C12-'YTD Sep SND vs PY'!C12 -> -67265.628 | D12: ='YTD Q1''23 SND vs Q1''22'!D12-'YTD Sep SND vs PY'!D12 -> -20138.156 | E12: =+D12/$D$8 -> -0.0061458348 | F12: ='YTD Q1''23 SND vs Q1''22'!F12-'YTD Sep SND vs PY'!F12 -> -128323.56 | G12: ='YTD Q1''23 SND vs Q1''22'!G12-'YTD Sep SND vs PY'!G12 -> -38107.101 | H12: =+G12/$G$8 -> -0.01338818 | J12: =C12-F12 -> 61057.932 | K12: =D12-G12 -> 17968.945 | L12: =-K12/G12 -> 0.47153797 | X12: =G12+D12 -> -58245.257 | Y12: =X12-X11 -> -252630.71
B13: Other expenses | C13: ='YTD Q1''23 SND vs Q1''22'!C13-'YTD Sep SND vs PY'!C13 -> -511557.38 | D13: ='YTD Q1''23 SND vs Q1''22'!D13-'YTD Sep SND vs PY'!D13 -> -153804.21 | E13: =+D13/$D$8 -> -0.046938522 | F13: ='YTD Q1''23 SND vs Q1''22'!F13-'YTD Sep SND vs PY'!F13 -> -388833.69 | G13: ='YTD Q1''23 SND vs Q1''22'!G13-'YTD Sep SND vs PY'!G13 -> -117282.82 | H13: =+G13/$G$8 -> -0.041205011 | J13: =C13-F13 -> -122723.69 | K13: =D13-G13 -> -36521.394 | L13: =-K13/G13 -> -0.31139594 | U13: =K13 -> -36521.394
B14: Total Expenses | C14: =SUM(C9:C13)-C10 -> -10265455 | D14: =SUM(D9:D13)-D10 -> -3038176.1 | E14: =D14/D8 -> -0.9272015 | F14: =SUM(F9:F13)-F10 -> -8952556.6 | G14: =SUM(G9:G13)-G10 -> -2689026.4 | H14: =+G14/$G$8 -> -0.94473653 | J14: =C14-F14 -> -1312898.1 | K14: =D14-G14 -> -349149.73 | L14: =-K14/G14 -> -0.12984243
B15: EBITDA | C15: =+C8+C14 -> 799792.23 | D15: =+D8+D14 -> 238540.02 | E15: =+D15/D8 -> 0.072798499 | F15: =+F8+F14 -> 521229.25 | G15: =+G8+G14 -> 157297.76 | H15: =+G15/$G$8 -> 0.055263473 | J15: =C15-F15 -> 278562.98 | K15: =D15-G15 -> 81242.259 | L15: =K15/G15 -> 0.51648708 | N15: ='FY22 Fcst'!E13*1000 -> 537687.52 | O15: =D15-N15 -> -299147.51 | P15: =O15/N15 -> -0.5563594
B16: Depreciation charges | C16: ='YTD Q1''23 SND vs Q1''22'!C16-'YTD Sep SND vs PY'!C16 -> -41331.061 | D16: ='YTD Q1''23 SND vs Q1''22'!D16-'YTD Sep SND vs PY'!D16 -> -12139.186 | E16: =+D16/$D$8 -> -0.0037046803 | F16: ='YTD Q1''23 SND vs Q1''22'!F16-'YTD Sep SND vs PY'!F16 -> 44249.717 | G16: ='YTD Q1''23 SND vs Q1''22'!G16-'YTD Sep SND vs PY'!G16 -> 13661.19 | H16: =+G16/$G$8 -> 0.0047995902 | J16: =C16-F16 -> -85580.778 | K16: =D16-G16 -> -25800.375 | L16: =-K16/G16 -> 1.8885892
B17: EBIT | C17: =C15+C16 -> 758461.17 | D17: =D15+D16 -> 226400.83 | E17: =+D17/$D$8 -> 0.069093818 | F17: =F15+F16 -> 565478.97 | G17: =G15+G16 -> 170958.95 | H17: =+G17/$G$8 -> 0.060063063 | J17: =C17-F17 -> 192982.2 | K17: =D17-G17 -> 55441.884 | L17: =K17/G17 -> 0.3242994
B18: Net finance charges | C18: ='YTD Q1''23 SND vs Q1''22'!C18-'YTD Sep SND vs PY'!C18 -> -117608.17 | D18: ='YTD Q1''23 SND vs Q1''22'!D18-'YTD Sep SND vs PY'!D18 -> -35152.74 | E18: =+D18/$D$8 -> -0.010728039 | F18: ='YTD Q1''23 SND vs Q1''22'!F18-'YTD Sep SND vs PY'!F18 -> -52381.065 | G18: ='YTD Q1''23 SND vs Q1''22'!G18-'YTD Sep SND vs PY'!G18 -> -15712.416 | H18: =+G18/$G$8 -> -0.0055202483 | J18: =C18-F18 -> -65227.103 | K18: =D18-G18 -> -19440.324 | L18: =-K18/G18 -> -1.2372587
B19: Other income | C19: ='YTD Q1''23 SND vs Q1''22'!C19-'YTD Sep SND vs PY'!C19 -> 18565.826 | D19: ='YTD Q1''23 SND vs Q1''22'!D19-'YTD Sep SND vs PY'!D19 -> 5613.1144 | E19: =+D19/$D$8 -> 0.0017130304 | F19: ='YTD Q1''23 SND vs Q1''22'!F19-'YTD Sep SND vs PY'!F19 -> 25795.779 | G19: ='YTD Q1''23 SND vs Q1''22'!G19-'YTD Sep SND vs PY'!G19 -> 7815.9384 | H19: =+G19/$G$8 -> 0.0027459762 | J19: =C19-F19 -> -7229.953 | K19: =D19-G19 -> -2202.824 | L19: =-K19/G19 -> 0.28183743
B20: Other expense | C20: ='YTD Q1''23 SND vs Q1''22'!C20-'YTD Sep SND vs PY'!C20 -> -249.086 | D20: ='YTD Q1''23 SND vs Q1''22'!D20-'YTD Sep SND vs PY'!D20 -> -74.066052 | E20: =+D20/$D$8 -> -2.2603744e-05 | F20: ='YTD Q1''23 SND vs Q1''22'!F20-'YTD Sep SND vs PY'!F20 -> -22237.12 | G20: ='YTD Q1''23 SND vs Q1''22'!G20-'YTD Sep SND vs PY'!G20 -> -6745.2058 | H20: =+G20/$G$8 -> -0.0023697954 | J20: =C20-F20 -> 21988.034 | K20: =D20-G20 -> 6671.1398 | L20: =-K20/G20 -> 0.98901945
B21: EBT | C21: =C17+C18+C19+C20 -> 659169.74 | D21: =D17+D18+D19+D20 -> 196787.14 | E21: =+D21/$D$8 -> 0.060056206 | F21: =F17+F18+F19+F20 -> 516656.56 | G21: =G17+G18+G19+G20 -> 156317.26 | H21: =+G21/$G$8 -> 0.054918995 | J21: =C21-F21 -> 142513.18 | K21: =D21-G21 -> 40469.875 | L21: =K21/G21 -> 0.25889575 | S21: =E21-H21 -> 0.0051372103 | U21: =K18+K19+K20 -> -14972.008 | V21: Bank interest due to the increased WC
D24: =D9/D7 -> -0.86590538 | G24: =G9/G7 -> -0.86860922 | L24: =D24-G24 -> 0.0027038407

Sheet 6.1 Fin_strenght-Net Profit Dec
B1: =[79]RO_table!B32 -> NOUR Group Consolidated - Net Profit Bridge
U19: Q1 23 | V19: 3.3321
U20: Q1 22 | V20: 3.2702
B31: INT Dynamics | J31: FX Dynamics | S31: =+V19 -> 3.3321 | V31: =+V20 -> 3.2702
C32: Values | D32: Ends | E32: Blank | F32: Up | G32: Down | K32: Values | L32: Ends | M32: Blank | N32: Up | O32: Down | S32: 2023 | V32: 2022
B33: YTD Dec'21 | C33: =D33 -> 523.31708 | D33: =(H54+M53) -> 523.31708 | J33: YTD Dec'21 | K33: =-V33/V31/1000 -> 420.00999 | L33: =K33 -> 420.00999 | R33: Net finance charges | S33: -1220980 | T33: -374407.41 | U33: -0.030820324 | V33: -1373516.7 | W33: -416671.72 | X33: -0.03633289 | Y33: =+S33-V33 -> 152536.66
B34: Interest cost | C34: =G51-H51 -> 61.666902 | E34: =MIN(SUM(C$25:C33),SUM(C$25:C34)) -> 523.31708 | F34: =MAX(C34,0) -> 61.666902 | G34: =-MIN(C34,0) -> 0 | J34: FX gain | K34: 130 | M34: =MIN(SUM(K$25:K33),SUM(K$25:K34)) -> 420.00999 | N34: =MAX(K34,0) -> 130 | O34: =-MIN(K34,0) -> 0 | R34: Other income | S34: 29325.842 | T34: 8992.6227 | U34: 0.00074025124 | V34: 14148.99 | W34: 4292.2552 | X34: 0.00037427554 | Y34: =+S34-V34 -> 15176.852
B35: FX & Bank chages | C35: =G53-H53+G52-H52+(L51-M51)+(L52-M52) -> -23.411166 | E35: =MIN(SUM(C$25:C34),SUM(C$25:C35)) -> 561.57282 | F35: =MAX(C35,0) -> 0 | G35: =-MIN(C35,0) -> 23.411166 | J35: FX losses | K35: -50 | M35: =MIN(SUM(K$25:K34),SUM(K$25:K35)) -> 500.00999 | N35: =MAX(K35,0) -> 0 | O35: =-MIN(K35,0) -> 50 | R35: Other expense | S35: -19222.234 | T35: -5894.4019 | U35: -0.0004852131 | V35: -19002.064 | W35: -5764.4897 | X35: -0.00050265127 | Y35: =+S35-V35 -> -220.17
B36: YTD Dec'22 | D36: =SUM(C33:C35) -> 561.57282 | J36: YTD Dec'22 | L36: =SUM(K33:K35) -> 500.00999
G41: dec 22 | H41: dec 21 | L41: dec 22 | M41: dec 21
E42: TND
E43: II. Financial expenses | H43: 0 | J43: III. Financial income | M43: 0
E44: 1. Interest expenses | F44: 2-1210 | G44: 1697452.8 | H44: 1464256.3 | J44: 4. Gains from foreign exchange operations | K44: 2-1740 | L44: -65904.248 | M44: -67430.263
E45: 3. Losses from foreign exchange operations | F45: 2-1230 | G45: -2044.078 | H45: 124388.81 | J45: 5. Other financial income | K45: 2-1745 | L45: -2418.203 | M45: -15944.447
E46: 4. Other financial expenses | F46: 2-1240 | G46: 245618.06 | H46: 205418.46 | J46: Total financial income | K46: 2-1700 | L46: =SUM(L44:L45) -> -68322.451 | M46: =SUM(M44:M45) -> -83374.71
E47: Total financial expenses: | F47: 2-1200 | G47: =SUM(G44:G46) -> 1941026.7 | H47: =SUM(H44:H46) -> 1794063.6
E49: EUR'000 | G49: ='YTD Q1''23 SNA vs Q1''22'!C3 -> 3.3321 | H49: ='YTD Q1''23 SNA vs Q1''22'!F3 -> 3.2702 | L49: 3.2611 | M49: 3.2964
E50: II. Financial expenses | H50: 0 | J50: III. Financial income
E51: 1. Interest expenses | F51: 2-1210 | G51: =G44/$G$49/1000 -> 509.42432 | H51: =H44/$H$49/1000 -> 447.75741 | J51: 4. Gains from foreign exchange operations | K51: 2-1740 | L51: =L44/L49/1000 -> -20.209208 | M51: =M44/M49/1000 -> -20.455728
E52: 3. Losses from foreign exchange operations | F52: 2-1230 | G52: =G45/$G$49/1000 -> -0.61345038 | H52: =H45/$H$49/1000 -> 38.037065 | J52: 5. Other financial income | K52: 2-1745 | L52: =L45/L49/1000 -> -0.74152985 | M52: =M45/M49/1000 -> -4.8369273
E53: 4. Other financial expenses | F53: 2-1240 | G53: =G46/$G$49/1000 -> 73.71269 | H53: =H46/$H$49/1000 -> 62.815258 | J53: Total financial income | K53: 2-1700 | L53: =SUM(L50:L52) -> -20.950738 | M53: =SUM(M50:M52) -> -25.292656
E54: Total financial expenses: | F54: 2-1200 | G54: =SUM(G51:G53) -> 582.52356 | H54: =SUM(H51:H53) -> 548.60974

Sheet 6.1 Fin_strenght-Net Profit Sep
B2: =[79]RO_table!B32 -> NOUR Group Consolidated - Net Profit Bridge
B31: INT Dynamics | J31: FX Dynamics
C32: Values | D32: Ends | E32: Blank | F32: Up | G32: Down | K32: Values | L32: Ends | M32: Blank | N32: Up | O32: Down
B33: YTD Sep'21 | C33: =D33 -> 357.0611 | D33: =(H54-M53) -> 357.0611 | J33: YTD Sep'21 | K33: 400 | L33: =K33 -> 400
B34: Interest cost | C34: =G51-H51 -> 101.68753 | E34: =MIN(SUM(C$25:C33),SUM(C$25:C34)) -> 357.0611 | F34: =MAX(C34,0) -> 101.68753 | G34: =-MIN(C34,0) -> 0 | J34: FX gain | K34: 130 | M34: =MIN(SUM(K$25:K33),SUM(K$25:K34)) -> 400 | N34: =MAX(K34,0) -> 130 | O34: =-MIN(K34,0) -> 0
B35: FX & Bank chages | C35: =G53-H53+G52-H52 -> 22.170418 | E35: =MIN(SUM(C$25:C34),SUM(C$25:C35)) -> 458.74863 | F35: =MAX(C35,0) -> 22.170418 | G35: =-MIN(C35,0) -> 0 | J35: FX losses | K35: -50 | M35: =MIN(SUM(K$25:K34),SUM(K$25:K35)) -> 480 | N35: =MAX(K35,0) -> 0 | O35: =-MIN(K35,0) -> 50
B36: YTD Sep'22 | D36: =SUM(C33:C35) -> 480.91904 | J36: YTD Sep'22 | L36: =SUM(K33:K35) -> 480
E42: TND
E43: II. Financial expenses | H43: 0 | J43: III. Financial income | M43: 0
E44: 1. Interest expenses | F44: 2-1210 | G44: 1345018.2 | H44: 1038396.8 | J44: 4. Gains from foreign exchange operations | K44: 2-1740 | L44: 581.621 | M44: 0.601
E45: 3. Losses from foreign exchange operations | F45: 2-1230 | G45: 19991.504 | H45: 1193.767 | J45: 5. Other financial income | K45: 2-1745 | L45: 919.437 | M45: 483.175
E46: 4. Other financial expenses | F46: 2-1240 | G46: 183254.26 | H46: 133374.76 | J46: Total financial income | K46: 2-1700 | L46: 1501.058 | M46: 483.776
E47: Total financial expenses: | F47: 2-1200 | G47: 1548264 | H47: 1172965.3
E49: EUR'000 | G49: 3.2184 | H49: 3.2837 | L49: 3.2184 | M49: 3.2837
E50: II. Financial expenses | H50: 0 | J50: III. Financial income
E51: 1. Interest expenses | F51: 2-1210 | G51: =G44/$G$49/1000 -> 417.91519 | H51: =H44/$H$49/1000 -> 316.22766 | J51: 4. Gains from foreign exchange operations | K51: 2-1740 | L51: =L44/L49/1000 -> 0.18071744 | M51: =M44/M49/1000 -> 0.00018302525
E52: 3. Losses from foreign exchange operations | F52: 2-1230 | G52: =G45/$G$49/1000 -> 6.2116281 | H52: =H45/$H$49/1000 -> 0.36354326 | J52: 5. Other financial income | K52: 2-1745 | L52: =L45/L49/1000 -> 0.28568139 | M52: =M45/M49/1000 -> 0.14714347
E53: 4. Other financial expenses | F53: 2-1240 | G53: =G46/$G$49/1000 -> 56.939552 | H53: =H46/$H$49/1000 -> 40.617219 | J53: Total financial income | K53: 2-1700 | L53: =SUM(L50:L52) -> 0.46639883 | M53: =SUM(M50:M52) -> 0.14732649
E54: Total financial expenses: | F54: 2-1200 | G54: =SUM(G51:G53) -> 481.06637 | H54: =SUM(H51:H53) -> 357.20843

Sheet Nour Net debt
K3: Balance at 31-Dec-22 | M3: Balance at 30-Sep-22 | P3: Balance at 31-Dec-21
C4: Type | D4: No | E4: Borrower | F4: Bank | G4: Contract date / Utilization | H4: Type/purpose of the credit facility | I4: Currency | J4: Contracted Limit | K4: TND | L4: EUR | M4: TND | N4: EUR | O4: Var EUR | P4: TND | Q4: EUR | R4: Description of the collateral | S4: Maturity Date | Y4: check
C5: Bank Loans | D5: 1 | E5: SNA | F5: STB | G5: 5 disbursments between Mar'16 and May'17 | H5: Medium term loan | I5: TND | J5: 3500000 | K5: =Feuil2!I3+Feuil2!I4+Feuil2!I5+Feuil2!I6+Feuil2!I7 -> 291666.67 | L5: =K5*$I$35 -> 88111.494 | M5: 291667 | N5: 90624.563 | O5: =L5-N5 -> -2513.0691 | P5: =SUM([82]Loans_Overview!$I$3:$I$7) -> 875000 | Q5: =P5*$K$35 -> 266605.73 | R5: Investment SNA2 | S5: 45016 | W5: =K5-P5 -> -583333.33 | X5: =W5/3.2611 -> -178876.25 | Y5: =L5-Q5-X5 -> 382.01385
C6: Bank Loans | D6: =D5+1 -> 2 | E6: SNA | F6: STB | G6: 2 disbursments Apr & Jun'18 | H6: Medium term loan | I6: TND | J6: 3750000 | K6: =Feuil2!I8+Feuil2!I9 -> 1666667 | L6: =K6*$I$35 -> 503494.35 | M6: 1875000 | N6: 582585.81 | O6: =L6-N6 -> -79091.46 | P6: =SUM([82]Loans_Overview!$I$8:$I$9) -> 2291666 | Q6: =P6*$K$35 -> 698252.89 | R6: punching line | S6: 45777 | W6: =K6-P6 -> -624999 | X6: =W6/3.2611 -> -191652.82 | Y6: =L6-Q6-X6 -> -3105.7272
C7: Bank Loans | D7: =D6+1 -> 3 | E7: SNA | F7: STB | G7: 44819 | H7: 2 working capital facilities | I7: TND | J7: =Feuil2!H10 -> 10000000 | K7: =Feuil2!I10 -> 10000000 | L7: =K7*$I$35 -> 3020965.5 | M7: 7700000 | N7: 2392485.7 | O7: =L7-N7 -> 628479.77 | P7: 7700000 | Q7: =P7*$K$35 -> 2346130.4 | R7: inventory working capital | S7: 12/15/2022 (renewable each 3 months) | U7: =K7-P7 -> 2300000 | V7: =U7/3.2611 -> 705283.49 | Y7: =L7-Q7-V7 -> -30448.401
C8: Bank Loans | D8: =D7+1 -> 4 | E8: SNA | F8: STB | G8: 44834 | H8: Overdraft facility (limit could be exceeded) | I8: TND | J8: 3000000 | K8: =Feuil2!I11 -> 852026.83 | L8: =K8*$I$35 -> 257394.36 | M8: 3997792.6 | N8: 1242163.9 | O8: =L8-N8 -> -984769.49 | P8: 1987589.8 | Q8: =P8*$K$35 -> 605603.22 | R8: inventory working capital | U8: =K8-P8 -> -1135562.9 | V8: =U8/3.2611 -> -348214.7 | Y8: =L8-Q8-V8 -> 5.8397558
C9: Bank Loans | D9: =D8+1 -> 5 | E9: SND | F9: STB | G9: 44387 | H9: Discount exchange letter (limit could be exceeded) | I9: TND | J9: 2000000 | K9: =Feuil2!I15 -> 3667781.8 | L9: =K9*$I$35 -> 1108024.2 | M9: 3393470.2 | N9: 1054393.4 | O9: =L9-N9 -> 53630.849 | P9: 483593.42 | Q9: =P9*$K$35 -> 147347.17 | R9: inventory working capital | U9: =K9-P9 -> 3184188.3 | V9: =U9/3.2611 -> 976415.42 | Y9: =L9-Q9-V9 -> -15738.381
C10: Bank Loans | D10: =D9+1 -> 6 | E10: SND | F10: STB | G10: 44387 | H10: Overdraft facility (limit could be exceeded) | I10: TND | J10: =Feuil2!H16 -> 500000 | K10: =Feuil2!I16 -> 197766.95 | L10: =K10*$I$35 -> 59744.714 | M10: 115985.6 | N10: 36038.168 | O10: =L10-N10 -> 23706.546 | P10: 62772.955 | Q10: =P10*$K$35 -> 19126.434 | R10: inventory working capital | U10: =K10-P10 -> 134994 | V10: =U10/3.2611 -> 41395.234 | Y10: =L10-Q10-V10 -> -776.95348
C11: Bank Loans | D11: =D10+1 -> 7 | E11: SNR | F11: STB | G11: Sep'22 | H11: Investment loan for new recycling facility | I11: TND | J11: 7300000 | K11: =Feuil2!I22 -> 3000000 | L11: =K11*$I$35 -> 906289.65 | M11: 2500000 | N11: 776781.08 | O11: =L11-N11 -> 129508.57 | P11: 0 | Q11: =P11*$K$35 -> 0 | R11: Investment SNR | S11: 7 years after utilization | W11: =K11-P11 -> 3000000 | X11: =W11/3.2611 -> 919934.99 | Y11: =L11-Q11-X11 -> -13645.341
C12: Bank Loans | D12: 8 | E12: SNR | F12: STB | G12: Dec'22 | H12: Overdraft facility | I12: TND | J12: 0 | K12: 161018.18 | L12: =K12*$I$35 -> 48643.037 | O12: =L12-N12 -> 48643.037 | P12: 0 | Q12: =P12*$K$35 -> 0 | R12: inventory working capital | W12: =K12-P12 -> 161018.18 | X12: =W12/3.2611 -> 49375.42 | Y12: =L12-Q12-X12 -> -732.38267
C13: Lease | D13: 9 | E13: SNA | F13: CIL | G13: 44722 | H13: financial lease | I13: TND | K13: =Feuil2!I12 -> 221115.14 | L13: =K13*$I$35 -> 66798.12 | M13: 143020.58 | N13: 44438.272 | O13: =L13-N13 -> 22359.848 | P13: 0 | Q13: =P13*$K$35 -> 0 | R13: 3 leased cars | S13: 45787 | U13: =K13-P13 -> 221115.14 | V13: =U13/3.2611 -> 67803.851 | Y13: =L13-Q13-V13 -> -1005.7305
C14: Bank Loans - contracted, no utilization yet | D14: =D13+1 -> 10 | E14: SNA | F14: STB | G14: Sep'22 | H14: Medium term loan | I14: TND | J14: 1890000 | R14: New punshing line and molds | S14: 44957
D15: =D14+1 -> 11 | E15: SNA | F15: STB | G15: Sep'22 | H15: MCNE | I15: TND | J15: 1000000 | R15: inventory working capital
C16: Bank Loans - pending approval from bank | D16: =D15+1 -> 12 | E16: SND | F16: STB | G16: October | H16: Medium term loan | I16: TND | J16: 1000000 | R16: investment SND | S16: 44985
D17: =D16+1 -> 13 | E17: SND | F17: STB | G17: September | H17: facility | I17: TND | J17: 500000 | R17: inventory working capital | S17: 44985
R19: YoY delta, EUR
J20: Total bank debt | K20: =SUM(K5:K13) -> 20058043 | L20: =SUM(L5:L13) -> 6059465.4 | M20: =SUM(M5:M13) -> 20016936 | N20: =SUM(N5:N13) -> 6219510.9 | O20: =SUM(O5:O13) -> -160045.4 | P20: =SUM(P5:P13) -> 13400622 | Q20: =SUM(Q5:Q13) -> 4083065.9 | R20: =Q20-L20 -> -1976399.6
J21: Total contracted, not yet utilized | K21: =SUM(J14:J15) -> 2890000 | L21: =SUM(J14:J15)*$I$35 -> 873059.03 | M21: 5190000 | N21: 1612597.5 | O21: =+N21-L21 -> 739538.5
J22: Total in negotiation | K22: =SUM(J16:J17) -> 1500000 | L22: =SUM(J16:J17)*$I$35 -> 453144.83 | M22: 1500000 | N22: 466068.65 | O22: =+N22-L22 -> 12923.824
J23: Total theoretical available funding | K23: =SUM(K20:K22) -> 24448043 | L23: =SUM(L20:L22) -> 7385669.3 | M23: =SUM(M20:M22) -> 26706936 | N23: =SUM(N20:N22) -> 8298177 | O23: =SUM(O20:O22) -> 592416.92
J25: Cash in bank | K25: =I48 -> 2274655.8 | L25: =K25*I35 -> 687165.68 | M25: 2199862 | N25: 683524.47 | O25: =L25-N25 -> 3641.2126 | P25: =SUM(Q36:Q45) -> 3216655.9 | Q25: =P25*K35 -> 980090.16 | R25: =L25-Q25 -> -292924.48 | S25: (TND 1.6m paid-in cash capital in SNR in Dec'21) | U25: =K25-D41-(P25-1600000) -> 534795.04 | V25: =U25/3.2611 -> 163992.22 | W25: =D41-1600000 -> -1476795.1 | X25: =W25/3.2611 -> -452851.83 | Y25: =L25-Q25-V25-X25 -> -4064.871
J26: Petty cash | K26: =I49 -> 10843.1 | L26: =K26*I35 -> 3275.6631 | M26: 760646.99 | N26: 236342.48 | O26: =L26-N26 -> -233066.81 | R26: =L26-Q26 -> 3275.6631
J27: Total net debt | K27: =K20-K25-K26 -> 17772544 | L27: =L20-L25-L26 -> 5369024.1 | M27: =M20-M25-M26 -> 17056427 | N27: =N20-N25-N26 -> 5299643.9 | O27: =O20-O25-O26 -> 69380.196 | P27: =P20-P25-P26 -> 10183966 | Q27: =Q20-Q25-Q26 -> 3102975.7 | R27: =Q27-L27 -> -2266048.4 | U27: =SUM(U7:U14)-U25 -> 4169939.5 | V27: =SUM(V7:V14)-V25 -> 1278691.1 | W27: =SUM(W5:W14)-W25 -> 3429480.9 | X27: =SUM(X5:X14)-X25 -> 1051633.2 | Y27: =L27-Q27-V27-X27 -> -64275.855
J28: of which: | O28: =+L27-N27 -> 69380.196
J29: Total net debt related to CAPEX projects, incl. cash in bank in SNR | K29: =SUM(K5:K6,K11:K12)-D41 -> 4996146.9 | L29: =K29*I35 -> 1509318.8 | P29: =SUM(P5:P6,P11:P12)-1600000 -> 1566666 | Q29: =P29*K35 -> 477351.01 | R29: =Q29-L29 -> -1031967.8
J30: Total net debt related to business operations | K30: =K27-K29 -> 12776397 | L30: =L27-L29 -> 3859705.3 | P30: =P27-P29 -> 8617300.3 | Q30: =Q27-Q29 -> 2625624.7 | R30: =Q30-L30 -> -1234080.7
D35: TND | E35: EUR | F35: USD | G35: EUR equivalent | H35: TND equivalent | I35: =1/P53 -> 0.30209655 | J35: Dec'22 - EUR | K35: =1/P49 -> 0.30469226 | L35: Dec'21
C36: SNA THAMEUR | D36: =Feuil2!I27 -> 21818.724 | G36: =D36*$I$35+E36+F36 -> 6591.3612 | H36: =D36 -> 21818.724 | I36: =1/3.11014 -> 0.32152893 | J36: Dec'22 - USD | K36: SNA THAMEUR | P36: 4404.674 | Q36: =P36 -> 4404.674
C37: SNA ZRIBA | D37: =Feuil2!I28 -> 0 | G37: =D37*$I$35+E37+F37 -> 0 | H37: =D37 -> 0 | K37: SNA ZRIBA | P37: 23829.768 | Q37: =P37 -> 23829.768
C38: SNA QNB | D38: =Feuil2!I29 -> 341558.32 | G38: =D38*$I$35+E38+F38 -> 103183.59 | H38: =D38 -> 341558.32 | K38: SNA QNB | P38: 0 | Q38: =P38 -> 0
C39: SNA $ | D39: 0 | F39: =+Feuil2!I30 -> 228333.74 | G39: =D39*$I$35+E39+F39 -> 228333.74 | H39: =F39/$I$36 -> 710149.9 | K39: SNA $ | P39: 4.21 | Q39: =P39/$K$35 -> 13.81722
C40: SNA EURO | D40: 0 | E40: =Feuil2!I31 -> 207755.5 | G40: =D40*$I$35+E40+F40 -> 207755.5 | H40: =E40/$I$35 -> 687712.26 | K40: SNA EURO | P40: 474995 | Q40: =P40/$K$35 -> 1558933.6
C41: SNR | D41: =Feuil2!I32 -> 123204.9 | G41: =D41*$I$35+E41+F41 -> 37219.776 | H41: =D41 -> 123204.9 | K41: SNR | P41: 1599997.3 | Q41: =P41 -> 1599997.3
C42: NBI EURO | D42: =+Feuil2!I34+Feuil2!I33 -> 79955.021 | E42: 5.69 | G42: =D42*$I$35+E42+F42 -> 24159.826 | H42: =+D42+E42/$I$35 -> 79973.856 | K42: NBI/TIP | P42: 4560.839 | Q42: =P42 -> 4560.839
C43: SND AGENCY | D43: =Feuil2!I36 -> 106422.91 | G43: =D43*$I$35+E43+F43 -> 32149.995 | H43: =D43 -> 106422.91 | K43: SND AGENCY | P43: 24915.95 | Q43: =P43 -> 24915.95
C44: SND QNB | D44: =+Feuil2!I37 -> 165111.03 | G44: =D44*$I$35+E44+F44 -> 49879.474 | H44: =D44 -> 165111.03 | K44: SND QNB | P44: 0 | Q44: =P44 -> 0
C45: SNA EURO IN CASH | E45: 0 | G45: =D45*$I$35+E45+F45 -> 0 | H45: =E45/$I$35 -> 0 | K45: SNA EURO IN CASH | P45: 0 | Q45: =P45 -> 0
I47: Final numbers to match FS
C48: Cash in bank | D48: 10843.1 | G48: =SUM(G36:G45) -> 689273.26 | H48: =SUM(H36:H45) -> 2235951.9 | I48: 2274655.8 | L48: Date/Indicators | P48: Euro
C49: Petty cash | G49: =G45 -> 0 | H49: =H45 -> 0 | I49: =+D48 -> 10843.1 | L49: 44561 | P49: 3.282
L50: 44651 | P50: 3.2997
H51: only update petty cash and match with FS (CASH AND CASH EQUIVALENT) | L51: 44742 | P51: 3.25029
L52: 44834 | P52: 3.21841
L53: 44926 | P53: 3.3102

Sheet 6.2 Financial Strenght - 3D
B2: =[79]RO_table!B33 -> NOUR Group - Financial strenght
O36: 1000
C38: Debt coverage
D39: FY 21 | E39: Q3 22 | F39: FY 22 | O39: FY 21 | P39: Q3 22 | Q39: FY 22
C40: Net debt / Annualized EBITDA | D40: =D41/D42 -> 1.2175515 | E40: =E41/E42 -> 2.0799044 | F40: =F41/F42 -> 2.3635498 | N40: Net debt KEUR | O40: 3102.9757 | P40: 5301.9388 | Q40: 5369.0241
C41: Net debt | D41: ='Nour Net debt'!Q27 -> 3102975.7 | E41: 5301938.8 | F41: ='Nour Net debt'!L27 -> 5369024.1 | G41: =+F41-E41 -> 67085.339 | H41: =-G41/-G42 -> -0.24172036
C42: Full year EBITDA | D42: =D46/D47 -> 2548537.5 | E42: =1911844.6544867*1.33333333333333 -> 2549126.2 | F42: =E46/E47 -> 2271593.4 | G42: =+F42-E42 -> -277532.84
C46: EBITDA as per final conso. TND | D46: =+'YTD Q1''23 Cons. vs Q1''22'!L18 -> 8400999.1 | E46: =+'YTD Q1''23 Cons. vs Q1''22'!I18 -> 7407893.1
C47: Avg.FX | D47: 3.2964 | E47: 3.2611

Sheet WC Workings
A1: 44805 | B1: n ° compte | C1: Libéllé | D1: SNA | E1: NBI | F1: SND | G1: TIP | H1: SNR | I1: TOTAL | J1: Affectation Groupe | K1: ELEMINATIONS DEBIT | L1: ELEMINATIONS CREDIT | M1: SOLDE AU 30/09/2022 APRES CONSOLIDATION | N1: Affectation balance sheet & Income statement | P1: SNA (after elimination) | Q1: SND (after elimination) | R1: SNR (after elimination) | S1: Check
B2: 311000000 | C2: MATIERE PREMIERE | D2: 9250837.4 | E2: 0 | F2: 0 | G2: 0 | H2: 0 | I2: 9250837.4 | J2: Stocks | K2: 0 | L2: 0 | M2: 9250837.4 | N2: 1. Materials inventory | O2: Inventory | P2: =SUM(D2:E2) -> 9250837.4 | Q2: =F2 -> 0 | R2: =SUM(G2:H2) -> 0 | S2: =SUM(P2:R2)-M2 -> 0
B3: 321000000 | C3: MATIERE CONSOMMAB. | D3: 0 | E3: 0 | F3: 0 | G3: 75751.299 | H3: 0 | I3: 75751.299 | J3: Stocks | K3: 0 | L3: 0 | M3: 75751.299 | N3: 1. Materials inventory | O3: Inventory | P3: =G3 -> 75751.299 | Q3: =F3 -> 0 | R3: 0 | S3: =SUM(P3:R3)-M3 -> 0
B4: 322000000 | C4: FOURNITURES CONSO. | D4: 789345.29 | E4: 0 | F4: 0 | G4: 0 | H4: 0 | I4: 789345.29 | J4: Stocks | K4: 0 | L4: 0 | M4: 789345.29 | N4: 4. Work in progress | O4: Inventory | P4: =SUM(D4:E4) -> 789345.29 | Q4: =F4 -> 0 | R4: =SUM(G4:H4) -> 0 | S4: =SUM(P4:R4)-M4 -> 0
B5: 331000000 | C5: PRODUITS EN COURS | D5: 1529908 | E5: 0 | F5: 0 | G5: 0 | H5: 0 | I5: 1529908 | J5: Stocks | K5: 0 | L5: 0 | M5: 1529908 | N5: 4. Work in progress | O5: Inventory | P5: =SUM(D5:E5) -> 1529908 | Q5: =F5 -> 0 | R5: =SUM(G5:H5) -> 0 | S5: =SUM(P5:R5)-M5 -> 0
B6: 355000000 | C6: PRODUITS FINIS | D6: 3820711.8 | E6: 0 | F6: 0 | G6: 0 | H6: 0 | I6: 3820711.8 | J6: Stocks | K6: 0 | L6: 0 | M6: 3820711.8 | N6: 2. Finished goods | O6: Inventory | P6: =SUM(D6:E6) -> 3820711.8 | Q6: =F6 -> 0 | R6: =SUM(G6:H6) -> 0 | S6: =SUM(P6:R6)-M6 -> 0
B7: 370000000 | C7: STOCKS DE MARCHAND | D7: 0 | E7: 0 | F7: 2493059 | G7: 0 | H7: 0 | I7: 2493059 | J7: Stocks | K7: 440594.47 | L7: 856104.3 | M7: 2077549.2 | N7: 2. Finished goods | O7: Inventory | P7: =SUM(D7:E7) -> 0 | Q7: =M7 -> 2077549.2 | R7: =SUM(G7:H7) -> 0 | S7: =SUM(P7:R7)-M7 -> 0
B8: 390000000 | C8: PROVISIONS P.DEPR.STO | D8: -60168.119 | E8: 0 | F8: 0 | G8: 0 | H8: 0 | I8: -60168.119 | J8: Provisions stocks | K8: 0 | L8: 0 | M8: -60168.119 | N8: 1. Materials inventory | O8: Inventory | P8: =SUM(D8:E8) -> -60168.119 | Q8: =F8 -> 0 | R8: =SUM(G8:H8) -> 0 | S8: =SUM(P8:R8)-M8 -> 0
B9: 401000000 | C9: FOURNISSEURS LOCAU | D9: -1690326.8 | E9: -435371.74 | F9: -12053795 | G9: -247161.34 | H9: 1695579.8 | I9: -12731076 | J9: Fournisseurs & comptes rattachés | K9: 12651901 | L9: 0 | M9: -79174.906 | N9: trade accounts payables | O9: AP | P9: =M9 -> -79174.906 | Q9: 0 | R9: 0 | S9: =SUM(P9:R9)-M9 -> 0
B10: 403000000 | C10: FOURNIS.LOC.EFFE.A.P | D10: -285367.5 | E10: 0 | F10: -328000 | G10: 0 | H10: 0 | I10: -613367.5 | J10: Fournisseurs & comptes rattachés | K10: 0 | L10: 0 | M10: -613367.5 | N10: trade accounts payables | O10: AP | P10: =SUM(D10:E10) -> -285367.5 | Q10: =F10 -> -328000 | R10: =SUM(G10:H10) -> 0 | S10: =SUM(P10:R10)-M10 -> 0
B11: 404700000 | C11: FSSR RETENU DE GARANTIE | I11: 0 | K11: -475537 | L11: 0 | M11: -475537 | N11: trade accounts payables | O11: AP | P11: =M11 -> -475537 | Q11: =F11 -> 0 | R11: =SUM(G11:H11) -> 0 | S11: =SUM(P11:R11)-M11 -> 0
B12: 406000000 | C12: FOURNISSEURS ETRAN. | D12: -1898733.9 | E12: 0 | F12: 0 | G12: 0 | H12: 0 | I12: -1898733.9 | J12: Fournisseurs & comptes rattachés | K12: 0 | L12: 0 | M12: -1898733.9 | N12: trade accounts payables | O12: AP | P12: =SUM(D12:E12) -> -1898733.9 | Q12: =F12 -> 0 | R12: =SUM(G12:H12) -> 0 | S12: =SUM(P12:R12)-M12 -> 0
B13: 408000000 | C13: FOUR.FACT.N.PARVENU | D13: -4980 | E13: 0 | F13: 0 | G13: 0 | H13: 0 | I13: -4980 | J13: Fournisseurs & comptes rattachés | K13: 0 | L13: 0 | M13: -4980 | N13: trade accounts payables | O13: AP | P13: =SUM(D13:E13) -> -4980 | Q13: =F13 -> 0 | R13: =SUM(G13:H13) -> 0 | S13: =SUM(P13:R13)-M13 -> 0
B14: 411000000 | C14: CLIENTS | D14: 12487253 | E14: 377965.65 | F14: 6988038.2 | G14: -15529.505 | H14: 0 | I14: 19837727 | J14: Clients et comptes rattachés | K14: 3393470.2 | L14: 12701900 | M14: 10529297 | N14: 2. Trade accounts receivables | O14: AR | P14: 0 | Q14: =M14 -> 10529297 | R14: 0 | S14: =SUM(P14:R14)-M14 -> 0
B15: 413010000 | C15: CLIENTS EFETS A RECEV | D15: 0 | E15: 0 | F15: 384105.7 | G15: 0 | H15: 0 | I15: 384105.7 | J15: Clients et comptes rattachés | K15: 0 | L15: 0 | M15: 384105.7 | N15: 2. Trade accounts receivables | O15: AR | P15: =SUM(D15:E15) -> 0 | Q15: =F15 -> 384105.7 | R15: =SUM(G15:H15) -> 0 | S15: =SUM(P15:R15)-M15 -> 0
B16: 415000000 | C16: CLIENTS ETRANGERS | D16: 3764066.8 | E16: 0 | F16: 0 | G16: 0 | H16: 0 | I16: 3764066.8 | J16: Clients et comptes rattachés | K16: 0 | L16: 704000 | M16: 3060066.8 | N16: 2. Trade accounts receivables | O16: AR | P16: =M16 -> 3060066.8 | Q16: =F16 -> 0 | R16: =SUM(G16:H16) -> 0 | S16: =SUM(P16:R16)-M16 -> 0
B17: 416000000 | C17: CLIENTS DOUTEUX/LITI | D17: 0 | E17: 0 | F17: 338176.68 | G17: 0 | H17: 0 | I17: 338176.68 | J17: Clients et comptes rattachés | K17: 0 | L17: 0 | M17: 338176.68 | N17: 2. Trade accounts receivables | O17: AR | P17: =SUM(D17:E17) -> 0 | Q17: =F17 -> 338176.68 | R17: =SUM(G17:H17) -> 0 | S17: =SUM(P17:R17)-M17 -> 0
B18: 416010000 | C18: EFFETS IMPAYES | D18: 0 | E18: 0 | F18: 29878.601 | G18: 0 | H18: 0 | I18: 29878.601 | J18: Clients et comptes rattachés | K18: 0 | L18: 0 | M18: 29878.601 | N18: 2. Trade accounts receivables | O18: AR | P18: =SUM(D18:E18) -> 0 | Q18: =F18 -> 29878.601 | R18: =SUM(G18:H18) -> 0 | S18: =SUM(P18:R18)-M18 -> 0
B19: 490000000 | C19: PRO.P.DEPR.DES.COM.T | D19: 0 | E19: 0 | F19: -7169.971 | G19: 0 | H19: 0 | I19: -7169.971 | J19: Provisions actifs courants | K19: 0 | L19: 0 | M19: -7169.971 | N19: 2. Trade accounts receivables | O19: AR | P19: =SUM(D19:E19) -> 0 | Q19: =F19 -> -7169.971 | R19: =SUM(G19:H19) -> 0 | S19: =SUM(P19:R19)-M19 -> 0
B20: 491000000 | C20: PROV.P.DEP.DS.COM.CLI | D20: -455807.89 | E20: 0 | F20: -672064.2 | G20: 0 | H20: 0 | I20: -1127872.1 | J20: Provisions clients | K20: 0 | L20: 0 | M20: -1127872.1 | N20: 2. Trade accounts receivables | O20: AR | P20: =SUM(D20:E20) -> -455807.89 | Q20: =F20 -> -672064.2 | R20: =SUM(G20:H20) -> 0 | S20: =SUM(P20:R20)-M20 -> 0
B21: 496000000 | C21: PROV.DEP.COM.DEB.DIV | D21: -223419.68 | E21: -7453.63 | F21: 0 | G21: 0 | H21: 0 | I21: -230873.32 | J21: Provisions actifs courants | K21: 0 | L21: 0 | M21: -230873.32 | N21: 2. Trade accounts receivables | O21: AR | P21: =SUM(D21:E21) -> -230873.32 | Q21: =F21 -> 0 | R21: =SUM(G21:H21) -> 0 | S21: =SUM(P21:R21)-M21 -> 0
B22: 532000000 | C22: BANQUES | D22: 89760.6 | E22: 0 | F22: 6140222.3 | G22: 0 | H22: 0 | I22: 6229982.9 | J22: Liquidités et équivalents de liquidités | K22: 0 | L22: 0 | M22: 6229982.9 | N22: 2. Trade accounts receivables | O22: AR | P22: =SUM(D22:E22) -> 89760.6 | Q22: =F22 -> 6140222.3 | R22: =SUM(G22:H22) -> 0 | S22: =SUM(P22:R22)-M22 -> 0
B23: 590000000 | C23: Provisions pour dépréciation des comptes financiers | D23: 0 | E23: 0 | F23: -11728.883 | G23: 0 | H23: 0 | I23: -11728.883 | J23: Provisions pour dépréciation des Liquidités et équivalents de liquidités | K23: 0 | L23: 0 | M23: -11728.883 | N23: 2. Trade accounts receivables | O23: AR | P23: =SUM(D23:E23) -> 0 | Q23: =F23 -> -11728.883 | R23: =SUM(G23:H23) -> 0 | S23: =SUM(P23:R23)-M23 -> 0
L25: Total | M25: =SUM(M2:M23) -> 33606005 | O25: AR | P25: =SUM(P14:P23) -> 2463146.2 | Q25: =SUM(Q14:Q23) -> 16730717 | R25: =SUM(P25:Q25) -> 19193863
L26: Total per BS | M26: ='[83]Balance Sheet'!$C$59+'[83]Balance Sheet'!$C$60+'[83]Balance Sheet'!$C$62+'[83]Balance Sheet'!$C$69-'[83]Balance Sheet'!$G$65 -> 33606005 | N26: =M25-M26 -> 0 | O26: Inventory | P26: =SUM(P2:P8) -> 15406386 | Q26: =SUM(Q2:Q8) -> 2077549.2 | R26: =SUM(P26:Q26) -> 17483935
O27: AP | P27: =SUM(P9:P13) -> -2743793.4 | Q27: =SUM(Q9:Q13) -> -328000 | R27: =SUM(P27:Q27) -> -3071793.4
O28: Total WC | P28: =SUM(P25:P27) -> 15125739 | Q28: =SUM(Q25:Q27) -> 18480266 | R28: =SUM(R25:R27) -> 33606005
A33: 44805 | B33: n ° compte | C33: Libéllé | D33: SNA | E33: NBI | F33: SND | G33: TIP | H33: TOTAL | I33: Affectation Groupe | J33: SOLDE AU 31/12/2021 Avant CONSOLIDATION | K33: ELEMINATIONS DEBIT | L33: ELEMINATIONS CREDIT | M33: SOLDE AU 31/12/2021 APRES CONSOLIDATION | N33: AFFECTATION BILAN consolidé 2021 | P33: SNA (after elimination) | Q33: SND (after elimination) | R33: SNR (after elimination) | S33: Check
B34: 311000000 | C34: MATIERE PREMIERE | D34: 7167934.1 | E34: 0 | F34: 0 | G34: 0 | H34: 7167934.1 | I34: Stocks | J34: 7167934.1 | K34: 0 | L34: 0 | M34: 7167934.1 | N34: 1. Materials inventory | O34: Inventory | P34: =SUM(D34:E34) -> 7167934.1 | Q34: =F34 -> 0 | R34: 0 | S34: =SUM(P34:R34)-M34 -> 0
B35: 321000000 | C35: MATIERE CONSOMMAB. | D35: 0 | E35: 0 | F35: 0 | G35: 75751.299 | H35: 75751.299 | I35: Stocks | J35: 75751.299 | K35: 0 | L35: 0 | M35: 75751.299 | N35: 1. Materials inventory | O35: Inventory | P35: =G35 -> 75751.299 | Q35: =F35 -> 0 | R35: 0 | S35: =SUM(P35:R35)-M35 -> 0
B36: 322000000 | C36: FOURNITURES CONSO. | D36: 689245.21 | E36: 0 | F36: 0 | G36: 0 | H36: 689245.21 | I36: Stocks | J36: 689245.21 | K36: 0 | L36: 0 | M36: 689245.21 | N36: 4. Work in progress | O36: Inventory | P36: =SUM(D36:E36) -> 689245.21 | Q36: =F36 -> 0 | R36: 0 | S36: =SUM(P36:R36)-M36 -> 0
B37: 331000000 | C37: PRODUITS EN COURS | D37: 3191798.3 | E37: 0 | F37: 0 | G37: 0 | H37: 3191798.3 | I37: Stocks | J37: 3191798.3 | K37: 0 | L37: 0 | M37: 3191798.3 | N37: 4. Work in progress | O37: Inventory | P37: =SUM(D37:E37) -> 3191798.3 | Q37: =F37 -> 0 | R37: 0 | S37: =SUM(P37:R37)-M37 -> 0
B38: 355000000 | C38: PRODUITS FINIS | D38: 676138.96 | E38: 0 | F38: 0 | G38: 0 | H38: 676138.96 | I38: Stocks | J38: 676138.96 | K38: 0 | L38: 0 | M38: 676138.96 | N38: 2. Finished goods | O38: Inventory | P38: =SUM(D38:E38) -> 676138.96 | Q38: =F38 -> 0 | R38: 0 | S38: =SUM(P38:R38)-M38 -> 0
B39: 370000000 | C39: STOCKS DE MARCHAND | D39: 0 | E39: 0 | F39: 2643566.8 | G39: 0 | H39: 2643566.8 | I39: Stocks | J39: 2643566.8 | K39: 330736.92 | L39: 771331.39 | M39: 2202972.3 | N39: 2. Finished goods | O39: Inventory | P39: =SUM(D39:E39) -> 0 | Q39: =M39 -> 2202972.3 | R39: 0 | S39: =SUM(P39:R39)-M39 -> 0
B40: 390000000 | C40: PROVISIONS P.DEPR.STO | D40: -60168.119 | E40: 0 | F40: 0 | G40: 0 | H40: -60168.119 | I40: Provisions stocks | J40: -60168.119 | K40: 0 | L40: 0 | M40: -60168.119 | N40: 1. Materials inventory | O40: Inventory | P40: =SUM(D40:E40) -> -60168.119 | Q40: =F40 -> 0 | R40: 0 | S40: =SUM(P40:R40)-M40 -> 0
B41: 401000000 | C41: FOURNISSEURS LOCAU | D41: -2233304.6 | E41: -447055.93 | F41: -11137212 | G41: -255553.38 | H41: -14073126 | I41: Fournisseurs & comptes rattachés | J41: -14073126 | K41: 10845402 | L41: 0 | M41: -3227724.3 | N41: trade accounts payables | O41: AP | P41: -2936724 | Q41: -291000 | R41: 0 | S41: =SUM(P41:R41)-M41 -> 0.30701249
B42: 403000000 | C42: FOURNIS.LOC.EFFE.A.P | D42: -940382.71 | E42: 0 | F42: -106222.05 | G42: 0 | H42: -1046604.8 | I42: Fournisseurs & comptes rattachés | J42: -1046604.8 | K42: 0 | L42: 0 | M42: -1046604.8 | N42: trade accounts payables | O42: AP | P42: =SUM(D42:E42) -> -940382.71 | Q42: =F42 -> -106222.05 | R42: 0 | S42: =SUM(P42:R42)-M42 -> 0
B43: 403010000 | C43: FOUR.LOC.EFF.A.P.I.GRO | H43: 0 | J43: 0 | K43: -286734 | L43: 0 | M43: -286734 | N43: trade accounts payables | O43: AP | P43: =M43 -> -286734 | Q43: =F43 -> 0 | R43: 0 | S43: =SUM(P43:R43)-M43 -> 0
B44: 406000000 | C44: FOURNISSEURS ETRAN. | D44: -1308149.2 | E44: 0 | F44: 0 | G44: 0 | H44: -1308149.2 | I44: Fournisseurs & comptes rattachés | J44: -1308149.2 | K44: 0 | L44: 0 | M44: -1308149.2 | N44: trade accounts payables | O44: AP | P44: =SUM(D44:E44) -> -1308149.2 | Q44: =F44 -> 0 | R44: 0 | S44: =SUM(P44:R44)-M44 -> 0
B45: 408000000 | C45: FOUR.FACT.N.PARVENU | D45: -4980 | E45: 0 | F45: 0 | G45: 0 | H45: -4980 | I45: Fournisseurs & comptes rattachés | J45: -4980 | K45: 0 | L45: 0 | M45: -4980 | N45: trade accounts payables | O45: AP | P45: =SUM(D45:E45) -> -4980 | Q45: =F45 -> 0 | R45: 0 | S45: =SUM(P45:R45)-M45 -> 0
B46: 411000000 | C46: CLIENTS | D46: 11715932 | E46: 470397.28 | F46: 5734939.9 | G46: 25876.617 | H46: 17947146 | I46: Clients et comptes rattachés | J46: 17947146 | K46: 0 | L46: 10896927 | M46: 7050219.2 | N46: 2. Trade accounts receivables | O46: AR | P46: 0 | Q46: =M46 -> 7050219.2 | R46: 0 | S46: =SUM(P46:R46)-M46 -> 0
B47: 413010000 | C47: CLIENTS EFETS A RECEV | D47: 0 | E47: 0 | F47: 651638.3 | G47: 0 | H47: 651638.3 | I47: Clients et comptes rattachés | J47: 651638.3 | K47: 0 | L47: 0 | M47: 651638.3 | N47: 2. Trade accounts receivables | O47: AR | P47: =SUM(D47:E47) -> 0 | Q47: =F47 -> 651638.3 | R47: 0 | S47: =SUM(P47:R47)-M47 -> 0
B48: 415000000 | C48: CLIENTS ETRANGERS | D48: 2820122.6 | E48: 0 | F48: 0 | G48: 0 | H48: 2820122.6 | I48: Clients et comptes rattachés | J48: 2820122.6 | K48: 0 | L48: 0 | M48: 2820122.6 | N48: 2. Trade accounts receivables | O48: AR | P48: =M48 -> 2820122.6 | Q48: =F48 -> 0 | R48: 0 | S48: =SUM(P48:R48)-M48 -> 0
B49: 416000000 | C49: CLIENTS DOUTEUX/LITI | D49: 0 | E49: 0 | F49: 351680.33 | G49: 0 | H49: 351680.33 | I49: Clients et comptes rattachés | J49: 351680.33 | K49: 0 | L49: 0 | M49: 351680.33 | N49: 2. Trade accounts receivables | O49: AR | P49: =SUM(D49:E49) -> 0 | Q49: =F49 -> 351680.33 | R49: 0 | S49: =SUM(P49:R49)-M49 -> 0
B50: 416010000 | C50: EFFETS IMPAYES | D50: 0 | E50: 0 | F50: 29878.601 | G50: 0 | H50: 29878.601 | I50: Clients et comptes rattachés | J50: 29878.601 | K50: 0 | L50: 0 | M50: 29878.601 | N50: 2. Trade accounts receivables | O50: AR | P50: =SUM(D50:E50) -> 0 | Q50: =F50 -> 29878.601 | R50: 0 | S50: =SUM(P50:R50)-M50 -> 0
B51: 490000000 | C51: PRO.P.DEPR.DES.COM.T | D51: 0 | E51: 0 | F51: -7169.971 | G51: 0 | H51: -7169.971 | I51: Provisions actifs courants | J51: -7169.971 | K51: 0 | L51: 0 | M51: -7169.971 | N51: 2. Trade accounts receivables | O51: AR | P51: =SUM(D51:E51) -> 0 | Q51: =F51 -> -7169.971 | R51: 0 | S51: =SUM(P51:R51)-M51 -> 0
B52: 491000000 | C52: PROV.P.DEP.DS.COM.CLI | D52: -455807.89 | E52: 0 | F52: -672064.2 | G52: 0 | H52: -1127872.1 | I52: Provisions clients | J52: -1127872.1 | K52: 0 | L52: 0 | M52: -1127872.1 | N52: 2. Trade accounts receivables | O52: AR | P52: =SUM(D52:E52) -> -455807.89 | Q52: =F52 -> -672064.2 | R52: 0 | S52: =SUM(P52:R52)-M52 -> 0
B53: 496000000 | C53: PROV.DEP.COM.DEB.DIV | D53: -223419.69 | E53: -7453.63 | F53: 0 | G53: 0 | H53: -230873.32 | I53: Provisions actifs courants | J53: -230873.32 | K53: 0 | L53: 0 | M53: -230873.32 | N53: 2. Trade accounts receivables | O53: AR | P53: =SUM(D53:E53) -> -230873.32 | Q53: =F53 -> 0 | R53: 0 | S53: =SUM(P53:R53)-M53 -> 0
B54: 532000000 | C54: BANQUES | D54: 7.4505806e-09 | E54: 0 | F54: 4884194.3 | G54: 0 | H54: 4884194.3 | I54: Liquidités et équivalents de liquidités | J54: 4884194.3 | K54: 812491 | L54: 0 | M54: 5696685.3 | N54: 2. Trade accounts receivables | O54: AR | P54: =SUM(D54:E54) -> 7.4505806e-09 | Q54: =M54 -> 5696685.3 | R54: 0 | S54: =SUM(P54:R54)-M54 -> 7.4505806e-09
B55: 590000000 | C55: Provisions pour dépréciation des comptes financiers | D55: 0 | E55: 0 | F55: -11728.883 | G55: 0 | H55: -11728.883 | I55: Provisions pour dépréciation des Liquidités et équivalents de liquidités | J55: -11728.883 | K55: 0 | L55: 0 | M55: -11728.883 | N55: 2. Trade accounts receivables | O55: AR | P55: =SUM(D55:E55) -> 0 | Q55: =F55 -> -11728.883 | R55: 0 | S55: =SUM(P55:R55)-M55 -> 0
O57: AR | P57: =SUM(P46:P55) -> 2133441.4 | Q57: =SUM(Q46:Q55) -> 13089139 | R57: =SUM(P57:Q57) -> 15222580
O58: Inventory | P58: =SUM(P34:P40) -> 11740700 | Q58: =SUM(Q34:Q40) -> 2202972.3 | R58: =SUM(P58:Q58) -> 13943672
O59: AP | P59: =SUM(P41:P45) -> -5476969.9 | Q59: =SUM(Q41:Q45) -> -397222.05 | R59: =SUM(P59:Q59) -> -5874192
O60: Total WC | P60: =SUM(P57:P59) -> 8397171.2 | Q60: =SUM(Q57:Q59) -> 14894889 | R60: =SUM(R57:R59) -> 23292060
A63: Dec 2022 | B63: n ° compte | C63: Libéllé | D63: SNA | E63: NBI | F63: SND | G63: TIP | H63: SNR | I63: TOTAL | J63: Affectation Groupe | K63: ELEMINATIONS DEBIT | L63: ELEMINATIONS CREDIT | M63: SOLDE AU 31/12/2022 APRES CONSOLIDATION | N63: Affectation balance sheet & Income statement | P63: SNA (after elimination) | Q63: SND (after elimination) | R63: SNR (after elimination) | S63: Check
B64: 311000000 | C64: MATIERE PREMIERE | D64: =VLOOKUP(B64/10,'[84]TCD Balance 2022'!A$1:E$65536,3,0) -> 11069381 | E64: =VLOOKUP(B64/10,'[84]TCD Balance 2022'!A$1:E$65536,2,0) -> 0 | F64: =VLOOKUP(B64/10,'[84]TCD Balance 2022'!A$1:E$65536,4,0) -> 0 | G64: =VLOOKUP(B64/10,'[84]TCD Balance 2022'!A$1:E$65536,5,0) -> 0 | H64: =VLOOKUP(B64/10,'[84]TCD Balance 2022'!A$1:G$65536,6,0) -> 0 | I64: =SUM(D64:H64) -> 11069381 | J64: Stocks | K64: 0 | L64: 0 | M64: =I64+K64-L64 -> 11069381 | N64: 1. Materials inventory | O64: Inventory | P64: =SUM(D64:E64) -> 11069381 | S64: =SUM(P64:R64)-M64 -> 0
B65: 320000000 | C65: STOCKAUTRES MACHINES | D65: =VLOOKUP(B65/10,'[84]TCD Balance 2022'!A$1:E$65536,3,0) -> 0 | E65: =VLOOKUP(B65/10,'[84]TCD Balance 2022'!A$1:E$65536,2,0) -> 0 | F65: =VLOOKUP(B65/10,'[84]TCD Balance 2022'!A$1:E$65536,4,0) -> 0 | G65: =VLOOKUP(B65/10,'[84]TCD Balance 2022'!A$1:E$65536,5,0) -> 148000 | H65: =VLOOKUP(B65/10,'[84]TCD Balance 2022'!A$1:G$65536,6,0) -> 0 | I65: =SUM(D65:H65) -> 148000 | J65: Stocks | K65: 0 | L65: 0 | M65: =I65+K65-L65 -> 148000 | N65: 1. Materials inventory | O65: Inventory | P65: =G65 -> 148000 | S65: =SUM(P65:R65)-M65 -> 0
B66: 321000000 | C66: MATIERE CONSOMMAB. | D66: =VLOOKUP(B66/10,'[84]TCD Balance 2022'!A$1:E$65536,3,0) -> 0 | E66: =VLOOKUP(B66/10,'[84]TCD Balance 2022'!A$1:E$65536,2,0) -> 0 | F66: =VLOOKUP(B66/10,'[84]TCD Balance 2022'!A$1:E$65536,4,0) -> 0 | G66: =VLOOKUP(B66/10,'[84]TCD Balance 2022'!A$1:E$65536,5,0) -> 75751.299 | H66: =VLOOKUP(B66/10,'[84]TCD Balance 2022'!A$1:G$65536,6,0) -> 0 | I66: =SUM(D66:H66) -> 75751.299 | J66: Stocks | K66: 0 | L66: 0 | M66: =I66+K66-L66 -> 75751.299 | N66: 1. Materials inventory | O66: Inventory | P66: =G66 -> 75751.299 | S66: =SUM(P66:R66)-M66 -> 0
B67: 322000000 | C67: FOURNITURES CONSO. | D67: =VLOOKUP(B67/10,'[84]TCD Balance 2022'!A$1:E$65536,3,0) -> 583630.65 | E67: =VLOOKUP(B67/10,'[84]TCD Balance 2022'!A$1:E$65536,2,0) -> 0 | F67: =VLOOKUP(B67/10,'[84]TCD Balance 2022'!A$1:E$65536,4,0) -> 0 | G67: =VLOOKUP(B67/10,'[84]TCD Balance 2022'!A$1:E$65536,5,0) -> 0 | H67: =VLOOKUP(B67/10,'[84]TCD Balance 2022'!A$1:G$65536,6,0) -> 0 | I67: =SUM(D67:H67) -> 583630.65 | J67: Stocks | K67: 0 | L67: 0 | M67: =I67+K67-L67 -> 583630.65 | N67: 4. Work in progress | O67: Inventory | P67: =SUM(D67:E67) -> 583630.65 | S67: =SUM(P67:R67)-M67 -> 0
B68: 331000000 | C68: PRODUITS EN COURS | D68: =VLOOKUP(B68/10,'[84]TCD Balance 2022'!A$1:E$65536,3,0) -> 1140754.9 | E68: =VLOOKUP(B68/10,'[84]TCD Balance 2022'!A$1:E$65536,2,0) -> 0 | F68: =VLOOKUP(B68/10,'[84]TCD Balance 2022'!A$1:E$65536,4,0) -> 0 | G68: =VLOOKUP(B68/10,'[84]TCD Balance 2022'!A$1:E$65536,5,0) -> 0 | H68: =VLOOKUP(B68/10,'[84]TCD Balance 2022'!A$1:G$65536,6,0) -> 0 | I68: =SUM(D68:H68) -> 1140754.9 | J68: Stocks | K68: 0 | L68: 0 | M68: =I68+K68-L68 -> 1140754.9 | N68: 4. Work in progress | O68: Inventory | P68: =SUM(D68:E68) -> 1140754.9 | S68: =SUM(P68:R68)-M68 -> 0
B69: 355000000 | C69: PRODUITS FINIS | D69: =VLOOKUP(B69/10,'[84]TCD Balance 2022'!A$1:E$65536,3,0) -> 3851747 | E69: =VLOOKUP(B69/10,'[84]TCD Balance 2022'!A$1:E$65536,2,0) -> 0 | F69: =VLOOKUP(B69/10,'[84]TCD Balance 2022'!A$1:E$65536,4,0) -> 0 | G69: =VLOOKUP(B69/10,'[84]TCD Balance 2022'!A$1:E$65536,5,0) -> 0 | H69: =VLOOKUP(B69/10,'[84]TCD Balance 2022'!A$1:G$65536,6,0) -> 0 | I69: =SUM(D69:H69) -> 3851747 | J69: Stocks | K69: 0 | L69: 0 | M69: =I69+K69-L69 -> 3851747 | N69: 2. Finished goods | O69: Inventory | P69: =SUM(D69:E69) -> 3851747 | S69: =SUM(P69:R69)-M69 -> 0
B70: 370000000 | C70: STOCKS DE MARCHAND | D70: =VLOOKUP(B70/10,'[84]TCD Balance 2022'!A$1:E$65536,3,0) -> 0 | E70: =VLOOKUP(B70/10,'[84]TCD Balance 2022'!A$1:E$65536,2,0) -> 0 | F70: =VLOOKUP(B70/10,'[84]TCD Balance 2022'!A$1:E$65536,4,0) -> 2966130.1 | G70: =VLOOKUP(B70/10,'[84]TCD Balance 2022'!A$1:E$65536,5,0) -> 0 | H70: =VLOOKUP(B70/10,'[84]TCD Balance 2022'!A$1:G$65536,6,0) -> 0 | I70: =SUM(D70:H70) -> 2966130.1 | J70: Stocks | K70: 440594.47 | L70: 934949.48 | M70: =I70+K70-L70 -> 2471775.1 | N70: 3. Goods for resale | O70: Inventory | Q70: =+F70+K70-L70 -> 2471775.1 | S70: =SUM(P70:R70)-M70 -> 0
B71: 390000000 | C71: PROVISIONS P.DEPR.STO | D71: =VLOOKUP(B71/10,'[84]TCD Balance 2022'!A$1:E$65536,3,0) -> -60168.119 | E71: =VLOOKUP(B71/10,'[84]TCD Balance 2022'!A$1:E$65536,2,0) -> 0 | F71: =VLOOKUP(B71/10,'[84]TCD Balance 2022'!A$1:E$65536,4,0) -> 0 | G71: =VLOOKUP(B71/10,'[84]TCD Balance 2022'!A$1:E$65536,5,0) -> 0 | H71: =VLOOKUP(B71/10,'[84]TCD Balance 2022'!A$1:G$65536,6,0) -> 0 | I71: =SUM(D71:H71) -> -60168.119 | J71: Provisions stocks | K71: 0 | L71: 0 | M71: =I71+K71-L71 -> -60168.119 | N71: 1. Materials inventory | O71: Inventory | P71: =+D71 -> -60168.119 | S71: =SUM(P71:R71)-M71 -> 0
B72: 401000000 | C72: FOURNISSEURS LOCAU | D72: =VLOOKUP(B72/10,'[84]TCD Balance 2022'!A$1:E$65536,3,0) -> -2800581.3 | E72: =VLOOKUP(B72/10,'[84]TCD Balance 2022'!A$1:E$65536,2,0) -> -445212.16 | F72: =VLOOKUP(B72/10,'[84]TCD Balance 2022'!A$1:E$65536,4,0) -> -11203549 | G72: =VLOOKUP(B72/10,'[84]TCD Balance 2022'!A$1:E$65536,5,0) -> -180338.6 | I72: =SUM(D72:H72) -> -14629681 | J72: Fournisseurs & comptes rattachés | K72: 11268482 | L72: 938544 | M72: =I72+K72-L72 -> -4299742.9 | N72: trade accounts payables | O72: AP | P72: =+D72-L72+E72+G72 -> -4364676 | Q72: =+F72+K72 -> 64933.121 | R72: =+H72 -> 0 | S72: =SUM(P72:R72)-M72 -> 0
B73: 403000000 | C73: FOURNIS.LOC.EFFE.A.P | D73: =VLOOKUP(B73/10,'[84]TCD Balance 2022'!A$1:E$65536,3,0) -> -474754.26 | E73: =VLOOKUP(B73/10,'[84]TCD Balance 2022'!A$1:E$65536,2,0) -> 0 | F73: =VLOOKUP(B73/10,'[84]TCD Balance 2022'!A$1:E$65536,4,0) -> -205000 | G73: =VLOOKUP(B73/10,'[84]TCD Balance 2022'!A$1:E$65536,5,0) -> 0 | H73: =VLOOKUP(B73/10,'[84]TCD Balance 2022'!A$1:G$65536,6,0) -> 0 | I73: =SUM(D73:H73) -> -679754.26 | J73: Fournisseurs & comptes rattachés | K73: 0 | L73: 0 | M73: =I73+K73-L73 -> -679754.26 | N73: trade accounts payables | O73: AP | P73: =+D73 -> -474754.26 | Q73: =+F73 -> -205000 | S73: =SUM(P73:R73)-M73 -> 0
B74: 406000000 | C74: FOURNISSEURS ETRAN. | D74: =VLOOKUP(B74/10,'[84]TCD Balance 2022'!A$1:E$65536,3,0) -> -2172555.6 | E74: =VLOOKUP(B74/10,'[84]TCD Balance 2022'!A$1:E$65536,2,0) -> 0 | F74: =VLOOKUP(B74/10,'[84]TCD Balance 2022'!A$1:E$65536,4,0) -> 0 | G74: =VLOOKUP(B74/10,'[84]TCD Balance 2022'!A$1:E$65536,5,0) -> 0 | H74: =VLOOKUP(B74/10,'[84]TCD Balance 2022'!A$1:G$65536,6,0) -> 0 | I74: =SUM(D74:H74) -> -2172555.6 | J74: Fournisseurs & comptes rattachés | K74: 0 | L74: 0 | M74: =I74+K74-L74 -> -2172555.6 | N74: trade accounts payables | O74: AP | P74: =+D74 -> -2172555.6 | S74: =SUM(P74:R74)-M74 -> 0
B75: 408000000 | C75: FOUR.FACT.N.PARVENU | D75: =VLOOKUP(B75/10,'[84]TCD Balance 2022'!A$1:E$65536,3,0) -> -4980 | E75: =VLOOKUP(B75/10,'[84]TCD Balance 2022'!A$1:E$65536,2,0) -> 0 | F75: =VLOOKUP(B75/10,'[84]TCD Balance 2022'!A$1:E$65536,4,0) -> 0 | G75: =VLOOKUP(B75/10,'[84]TCD Balance 2022'!A$1:E$65536,5,0) -> 0 | H75: =VLOOKUP(B75/10,'[84]TCD Balance 2022'!A$1:G$65536,6,0) -> 0 | I75: =SUM(D75:H75) -> -4980 | J75: Fournisseurs & comptes rattachés | K75: 0 | L75: 0 | M75: =I75+K75-L75 -> -4980 | N75: trade accounts payables | O75: AP | P75: =+D75 -> -4980 | S75: =SUM(P75:R75)-M75 -> 0
B76: 411000000 | C76: CLIENTS | D76: 11118901 | E76: 377965.65 | F76: 6090316.9 | G76: -5370.177 | H76: 0 | I76: 17581813 | J76: Clients et comptes rattachés | K76: 6016233.1 | L76: 11318482 | M76: =I76+K76-L76 -> 12279564 | N76: 2. Trade accounts receivables | O76: AR | P76: =+D76-L76+G76+E76 -> 173014.21 | Q76: =+F76+K76 -> 12106550 | S76: =SUM(P76:R76)-M76 -> 0
B77: 413000000 | C77: EFFETS EN PROTEFEUIL | I77: 0 | K77: 281807.01 | L77: 0 | M77: =I77+K77-L77 -> 281807.01 | N77: 2. Trade accounts receivables | O77: AR | P77: =+K77 -> 281807.01 | S77: =SUM(P77:R77)-M77 -> 0
B78: 413010000 | C78: CLIENTS EFETS A RECEV | D78: 0 | E78: 0 | F78: 679640.44 | G78: 0 | H78: 0 | I78: 679640.44 | J78: Clients et comptes rattachés | K78: 0 | L78: 0 | M78: =I78+K78-L78 -> 679640.44 | N78: 2. Trade accounts receivables | O78: AR | P78: =+D78 -> 0 | Q78: =+F78 -> 679640.44 | S78: =SUM(P78:R78)-M78 -> 0
B79: 415000000 | C79: CLIENTS ETRANGERS | D79: 2080023.7 | E79: 0 | F79: 0 | G79: 0 | H79: 0 | I79: 2080023.7 | J79: Clients et comptes rattachés | K79: 0 | L79: 0 | M79: =I79+K79-L79 -> 2080023.7 | N79: 2. Trade accounts receivables | O79: AR | P79: =+D79 -> 2080023.7 | Q79: =+F79 -> 0 | S79: =SUM(P79:R79)-M79 -> 0
B80: 416000000 | C80: CLIENTS DOUTEUX/LITI | D80: 0 | E80: 0 | F80: 380611.16 | G80: 0 | H80: 0 | I80: 380611.16 | J80: Clients et comptes rattachés | K80: 0 | L80: 0 | M80: =I80+K80-L80 -> 380611.16 | N80: 2. Trade accounts receivables | O80: AR | P80: =+D80 -> 0 | Q80: =+F80 -> 380611.16 | S80: =SUM(P80:R80)-M80 -> 0
B81: 416010000 | C81: EFFETS IMPAYES | D81: 0 | E81: 0 | F81: 29878.601 | G81: 0 | H81: 0 | I81: 29878.601 | J81: Clients et comptes rattachés | K81: 0 | L81: 0 | M81: =I81+K81-L81 -> 29878.601 | N81: 2. Trade accounts receivables | O81: AR | P81: =+D81 -> 0 | Q81: =+F81 -> 29878.601 | S81: =SUM(P81:R81)-M81 -> 0
B82: 491000000 | C82: PROV.P.DEP.DS.COM.CLI | D82: -457129.15 | E82: 0 | F82: -700995.03 | G82: 0 | H82: 0 | I82: -1158124.2 | J82: Provisions clients | K82: 0 | L82: 0 | M82: =I82+K82-L82 -> -1158124.2 | N82: 2. Trade accounts receivables | O82: AR | P82: =+D82 -> -457129.15 | Q82: =+F82 -> -700995.03 | S82: =SUM(P82:R82)-M82 -> 0
B83: 532000000 | C83: BANQUES | D83: 0 | E83: 0 | F83: 5989824.7 | G83: 0 | H83: 0 | I83: 5989824.7 | J83: Liquidités et équivalents de liquidités | K83: 3667781.8 | L83: 5989824.7 | M83: =I83+K83-L83 -> 3667781.8 | N83: 2. Trade accounts receivables | O83: AR | Q83: =+K83+F83-L83 -> 3667781.8 | S83: =SUM(P83:R83)-M83 -> 0
B84: 590000000 | C84: Provisions pour dépréciation des comptes financiers | D84: 0 | E84: 0 | F84: -11728.883 | G84: 0 | H84: 0 | I84: -11728.883 | J84: Provisions pour dépréciation des Liquidités et équivalents de liquidités | K84: 0 | L84: 0 | M84: =I84+K84-L84 -> -11728.883 | N84: 2. Trade accounts receivables | O84: AR | Q84: =+F84 -> -11728.883 | S84: =SUM(P84:R84)-M84 -> 0
O86: AR | P86: =SUM(P76:P84) -> 2077715.8 | Q86: =SUM(Q76:Q84) -> 16151738 | R86: =SUM(R76:R84) -> 0 | S86: =SUM(P86:R86) -> 18229454 | T86: =+'5.1 Corp. liquidity - WC Br DEC'!O45 -> 3.3102 | U86: =+P86/$T$86 -> 627670.78 | V86: =+Q86/$T$86 -> 4879384.3
O87: Inventory | P87: =SUM(P63:P71) -> 16809097 | Q87: =SUM(Q63:Q71) -> 2471775.1 | R87: =SUM(R63:R71) -> 0 | S87: =SUM(P87:R87) -> 19280872 | U87: =+P87/$T$86 -> 5077970.1 | V87: =+Q87/$T$86 -> 746714.72
O88: AP | P88: =SUM(P72:P75) -> -7016965.9 | Q88: =SUM(Q72:Q75) -> -140066.88 | R88: =SUM(R72:R75) -> 0 | S88: =SUM(P88:R88) -> -7157032.8 | U88: =+P88/$T$86 -> -2119801.2 | V88: =+Q88/$T$86 -> -42313.721
O89: Total WC | P89: =SUM(P86:P88) -> 11869846 | Q89: =SUM(Q86:Q88) -> 18483446 | R89: =SUM(R86:R88) -> 0 | S89: =SUM(S86:S88) -> 30353293
D92: 44805
B94: 311000000 | C94: MATIERE PREMIERE | D94: 9250837.4 | E94: 1. Materials inventory | F94: =B94=G94 -> TRUE | G94: 311000000 | H94: MATIERE PREMIERE | I94: 11069381 | J94: 1. Materials inventory
F95: =B95=G95 -> FALSE | G95: 320000000 | H95: STOCKAUTRES MACHINES | I95: 148000 | J95: 1. Materials inventory
B96: 321000000 | C96: MATIERE CONSOMMAB. | D96: 75751.299 | E96: 1. Materials inventory | F96: =B96=G96 -> TRUE | G96: 321000000 | H96: MATIERE CONSOMMAB. | I96: 75751.299 | J96: 1. Materials inventory
B97: 322000000 | C97: FOURNITURES CONSO. | D97: 789345.29 | E97: 4. Work in progress | F97: =B97=G97 -> TRUE | G97: 322000000 | H97: FOURNITURES CONSO. | I97: 583630.65 | J97: 4. Work in progress
B98: 331000000 | C98: PRODUITS EN COURS | D98: 1529908 | E98: 4. Work in progress | F98: =B98=G98 -> TRUE | G98: 331000000 | H98: PRODUITS EN COURS | I98: 1140754.9 | J98: 4. Work in progress
B99: 355000000 | C99: PRODUITS FINIS | D99: 3820711.8 | E99: 2. Finished goods | F99: =B99=G99 -> TRUE | G99: 355000000 | H99: PRODUITS FINIS | I99: 3851747 | J99: 2. Finished goods
B100: 370000000 | C100: STOCKS DE MARCHAND | D100: 2077549.2 | E100: 2. Finished goods | F100: =B100=G100 -> TRUE | G100: 370000000 | H100: STOCKS DE MARCHAND | I100: 2471775.1 | J100: 3. Goods for resale
B101: 390000000 | C101: PROVISIONS P.DEPR.STO | D101: -60168.119 | E101: 1. Materials inventory | F101: =B101=G101 -> TRUE | G101: 390000000 | H101: PROVISIONS P.DEPR.STO | I101: -60168.119 | J101: 1. Materials inventory
B102: 401000000 | C102: FOURNISSEURS LOCAU | D102: -79174.906 | E102: trade accounts payables | F102: =B102=G102 -> TRUE | G102: 401000000 | H102: FOURNISSEURS LOCAU | I102: -3976342.2 | J102: trade accounts payables
B103: 403000000 | C103: FOURNIS.LOC.EFFE.A.P | D103: -613367.5 | E103: trade accounts payables | F103: =B103=G103 -> TRUE | G103: 403000000 | H103: FOURNIS.LOC.EFFE.A.P | I103: -679754.26 | J103: trade accounts payables
B104: 404700000 | C104: FSSR RETENU DE GARANTIE | D104: -475537 | E104: trade accounts payables | F104: =B104=G104 -> FALSE
B105: 406000000 | C105: FOURNISSEURS ETRAN. | D105: -1898733.9 | E105: trade accounts payables | F105: =B105=G105 -> TRUE | G105: 406000000 | H105: FOURNISSEURS ETRAN. | I105: -2172555.6 | J105: trade accounts payables
B106: 408000000 | C106: FOUR.FACT.N.PARVENU | D106: -4980 | E106: trade accounts payables | F106: =B106=G106 -> TRUE | G106: 408000000 | H106: FOUR.FACT.N.PARVENU | I106: -4980 | J106: trade accounts payables
B107: 411000000 | C107: CLIENTS | D107: 10529297 | E107: 2. Trade accounts receivables | F107: =B107=G107 -> TRUE | G107: 411000000 | H107: CLIENTS | I107: 12279564 | J107: 2. Trade accounts receivables
F108: =B108=G108 -> FALSE | G108: 413000000 | H108: EFFETS EN PROTEFEUIL | I108: 281807.01 | J108: 2. Trade accounts receivables
B109: 413010000 | C109: CLIENTS EFETS A RECEV | D109: 384105.7 | E109: 2. Trade accounts receivables | F109: =B109=G109 -> TRUE | G109: 413010000 | H109: CLIENTS EFETS A RECEV | I109: 679640.44 | J109: 2. Trade accounts receivables
B110: 415000000 | C110: CLIENTS ETRANGERS | D110: 3060066.8 | E110: 2. Trade accounts receivables | F110: =B110=G110 -> TRUE | G110: 415000000 | H110: CLIENTS ETRANGERS | I110: 2080023.7 | J110: 2. Trade accounts receivables
B111: 416000000 | C111: CLIENTS DOUTEUX/LITI | D111: 338176.68 | E111: 2. Trade accounts receivables | F111: =B111=G111 -> TRUE | G111: 416000000 | H111: CLIENTS DOUTEUX/LITI | I111: 380611.16 | J111: 2. Trade accounts receivables
B112: 416010000 | C112: EFFETS IMPAYES | D112: 29878.601 | E112: 2. Trade accounts receivables | F112: =B112=G112 -> TRUE | G112: 416010000 | H112: EFFETS IMPAYES | I112: 29878.601 | J112: 2. Trade accounts receivables
...

Sheet 5.1 Corp. liquidity - WC Br DEC
B2: =[79]RO_table!B25 -> Corporate liquidity| Working capital Bridge and structure per SBU
B45: Working capital Bridge | J45: WC Dec'22 | K45: AR | L45: INV | M45: AP | N45: =SUM(K46:M48) -> 9169.625 | O45: 3.3102
C46: Values | D46: Ends | E46: Blank | F46: Up | G46: Down | J46: SNA | K46: ='WC Workings'!P86/1000/O45 -> 627.67078 | L46: ='WC Workings'!P87/1000/O45 -> 5077.9701 | M46: ='WC Workings'!P88/1000/O45 -> -2119.8012 | Q46: =K46+L46+M46 -> 3585.8397 | R46: =Q46/Q48 -> 0.3910563 | S46: =R46-R51 -> 0.03053984
B47: WC, Dec'21 | C47: =D47 -> 7096.9105 | D47: =N50 -> 7096.9105 | J47: SND | K47: ='WC Workings'!Q86/1000/O45 -> 4879.3843 | L47: ='WC Workings'!Q87/1000/O45 -> 746.71472 | M47: ='WC Workings'!Q88/1000/O45 -> -42.313721 | Q47: =K47+L47+M47 -> 5583.7853 | R47: =Q47/Q48 -> 0.6089437 | S47: =R52-R47 -> 0.03053984
B48: AR | C48: =K49-K54 -> 868.85277 | E48: =MIN(SUM(C$47:C47),SUM(C$47:C48)) -> 7096.9105 | F48: =MAX(C48,0) -> 868.85277 | G48: =-MIN(C48,0) -> 0 | J48: SNR | K48: ='WC Workings'!R86/1000/O45 -> 0 | L48: ='WC Workings'!R87/1000/O45 -> 0 | M48: ='WC Workings'!R88/1000/O45 -> 0 | Q48: =SUM(Q46:Q47) -> 9169.625
B49: Inventory | C49: =L49-L54 -> 1576.1558 | E49: =MIN(SUM(C$47:C48),SUM(C$47:C49)) -> 7965.7632 | F49: =MAX(C49,0) -> 1576.1558 | G49: =-MIN(C49,0) -> 0 | K49: =SUM(K46:K48) -> 5507.0551 | L49: =SUM(L46:L48) -> 5824.6848 | M49: =SUM(M46:M48) -> -2162.1149 | U49: =+'YTD Q1''23 Cons. vs Q1''22'!J8/1000 -> 14465.58 | V49: =+K49/U49 -> 0.38070061
B50: AP | C50: =M49-M54 -> -372.29407 | E50: =MIN(SUM(C$47:C49),SUM(C$47:C50)) -> 9169.625 | F50: =MAX(C50,0) -> 0 | G50: =-MIN(C50,0) -> 372.29407 | J50: WC Dec'21 | K50: AR | L50: INV | M50: AP | N50: =SUM(K51:M53) -> 7096.9105 | O50: 3.282
B51: WC, Dec'22 | D51: =N45 -> 9169.625 | J51: SNA | K51: ='WC Workings'!P57/1000/O50 -> 650.04307 | L51: ='WC Workings'!P58/1000/O50 -> 3577.3004 | M51: ='WC Workings'!P59/1000/O50 -> -1668.7903 | Q51: =K51+L51+M51 -> 2558.5531 | R51: =Q51/Q53 -> 0.36051646
J52: SND | K52: ='WC Workings'!Q57/1000/O50 -> 3988.1593 | L52: ='WC Workings'!Q58/1000/O50 -> 671.22862 | M52: ='WC Workings'!Q59/1000/O50 -> -121.03049 | Q52: =K52+L52+M52 -> 4538.3574 | R52: =Q52/Q53 -> 0.63948354
J53: SNR | K53: 0 | L53: 0 | M53: =0.7*L53 -> 0 | Q53: =SUM(Q51:Q52) -> 7096.9105
K54: =SUM(K51:K53) -> 4638.2023 | L54: =SUM(L51:L53) -> 4248.529 | M54: =SUM(M51:M53) -> -1789.8208 | Q54: =Q48-Q53 -> 2072.7145 | U54: ='YTD Q1''23 Cons. vs Q1''22'!M8/1000 -> 12871.21 | V54: =+K54/U54 -> 0.36035479
K55: =K49-K54 -> 868.85277 | L55: =L49-L54 -> 1576.1558 | M55: =M54-M49 -> 372.29407
K56: =K49/K54 -> 1.1873253 | L56: =L49/L54 -> 1.3709886

Sheet 4.2 Export market stratif 
B2: =[79]RO_table!B20 -> Domestic market - performance stratification (Regions, KA and Recovery Rate)
I21: Notes:
I22: * The top 5 clients contributing to the global export sales makes of 89% of total foreign market and can be divided as follow: - 58% ERRAFIK DAYEM (LYBIA) - 17% BATCAR Sp.J (POLOND) - 11% MONBAT (BULGARIA) - 7% MARIABT (MOROCO) - 7% BATTERIEDIENST UWE HEMPE (GERMANY) * ERRAFIK DAYEM represents the largets buyer from our globat export sales.
B43: Name of client | C43: Volume (Pcs) | D43: kg (Le) | E43: Revenue (EUR '000) | H43: Sales by territory | I43: Revenue (EUR '000)
B44: BATCAR Sp.J | C44: 12132 | D44: 98258.548 | E44: =1067869.0468975/(F44*1000) -> 320.47929 | F44: ='YTD Q1''23 SNA vs Q1''22'!C3 -> 3.3321 | G44: =+E44/$F$50 -> 0.16659678 | H44: BATCAR Sp.J | I44: 327.4567
B45: MONBAT AD | C45: 5923 | D45: 65508.736 | E45: =734614.902004/((F44*1000)) -> 220.46604 | G45: =+E45/$F$50 -> 0.11460626 | H45: MONBAT AD | I45: 225.26598 | J45: CWA
B46: ERRAFIK EL DAYEM | C46: 42288 | D46: 293667.37 | E46: =3711143.643402/(+(F44*1000)) -> 1113.7552 | G46: =+E46/$F$50 -> 0.57897039 | H46: ERRAFIK EL DAYEM | I46: 1138.0036
A47: A corriger export | B47: MARIBAT | C47: 0 | D47: 48078 | E47: =436405.2907604/(+(F44*1000)) -> 130.97005 | G47: =+E47/$F$50 -> 0.068082987 | H47: MARIBAT | I47: 133.8215
B48: BATTERIEDIENST UWE HEMPE | C48: 0 | D48: =P60 -> 31760 | E48: =459869.38254365/(+(F44*1000)) -> 138.01188 | G48: =+E48/$F$50 -> 0.071743587 | H48: BATTERIEDIENST UWE HEMPE | I48: 141.01665
F50: =+E48+E47+E46+E45+E44 -> 1923.6824
A51: =+(D47+D48)/8.9 -> 8970.5618
I55: qty
H56: Étiquettes de lignes | I56: battery | J56: Non-battery | K56: Value | N56: Étiquettes de lignes | O56: battery | P56: Non-battery | Q56: Total général | R56: HT | V56: Étiquettes de lignes | W56: Somme de LE IN KG
H57: Bahrein | I57: 1656 | K57: 57794.887 | L57: GCC | N57: ERRAFIK EL DAYEM | O57: 42288 | Q57: 42288 | R57: 1125817.1 | S57: =+R57/1000 -> 1125.8171 | V57: BATCAR Sp.J | W57: 98258.548
H58: BULGARIA | I58: 5923 | J58: 1520 | K58: 222853.69 | L58: MONBAT | N58: BATCAR Sp.J | O58: 12132 | Q58: 12132 | R58: 323950.08 | S58: =+R58/1000 -> 323.95008 | V58: BATTERIEDIENST UWE HEMPE | W58: 47585.67
B59: TOTAL | C59: =SUM(C44:C58) -> 60343 | D59: =SUM(D44:D58) -> 537272.65 | E59: =SUM(E44:E58) -> 1923.6824 | H59: Germany | J59: 90952.62 | K59: 269038.51 | L59: EUROPE | N59: MONBAT AD | O59: 5923 | P59: 1520 | Q59: 7443 | R59: 222853.69 | S59: =+R59/1000 -> 222.85369 | V59: ERRAFIK EL DAYEM | W59: 293667.37
H60: Italy | I60: 2998 | K60: 107150.47 | L60: EUROPE | N60: BATTERIEDIENST UWE HEMPE | P60: 31760 | Q60: 31760 | R60: 139506.55 | S60: =+R60/1000 -> 139.50655 | V60: HYSY TECHNICK | W60: 6359.4654
B61: Other clients | C61: =+I64 -> 64997 | D61: =W66 -> 637282.48 | E61: =K64/1000 -> 2238.9932 | H61: Libya | I61: 42288 | K61: 1125817.1 | L61: LIBYA | N61: MARIBAT | P61: 48078 | Q61: 48078 | R61: 132388.45 | S61: =+R61/1000 -> 132.38845 | V61: MARIBAT | W61: 48078
B62: KA coverage | C62: =C59/C61 -> 0.9283967 | D62: =D59/D61 -> 0.84306829 | E62: =E59/E61 -> 0.85917296 | H62: Morocco | J62: 48078 | K62: 132388.45 | L62: MOROCCO | N62: NOUR AKKUMULATOREN GmbH | P62: 26300 | Q62: 26300 | R62: 129531.96 | S62: =+R62/1000 -> 129.53196 | V62: MED ENERGY BATTERY SRL | W62: 20471.313
B63: UANet price - KA | H63: Poland | I63: 12132 | K63: 323950.08 | L63: EUROPE | N63: MED ENERGY BATTERY SRL | O63: 2371 | Q63: 2371 | R63: 82345.402 | S63: =+R63/1000 -> 82.345402 | V63: MONBAT AD | W63: 65508.736
B64: UANC- KA | D64: =D59/E59 -> 279.29384 | H64: Total général | I64: 64997 | J64: 140550.62 | K64: =SUM(K57:K63) -> 2238993.2 | N64: Nadheera Bahrein | O64: 1656 | Q64: 1656 | R64: 57794.887 | S64: =+R64/1000 -> 57.794887 | V64: Nadheera Bahrein | W64: 13986.432
N65: HYSY TECHNICK | O65: 627 | Q65: 627 | R65: 24805.071 | S65: =+R65/1000 -> 24.805071 | V65: NOUR AKKUMULATOREN GmbH | W65: 43366.95
A66: Collection rate | B66: On-time | C66: 0.9 | W66: =SUM(W57:W65) -> 637282.48
B67: Overdue | C67: =1-C66 -> 0.1
B79: HYSY TECHNICK | C79: 6359.4654 | D79: 627 | E79: 24.805071
B80: MED ENERGY BATTERY SRL | C80: 20471.313 | D80: 2371 | E80: 82.345402
B81: Nadheera Bahrein | C81: 13986.432 | D81: 1656 | E81: 57.794887
B82: NOUR AKKUMULATOREN GmbH | C82: 43366.95 | D82: =SUMIF(#REF!,B82,#REF!) -> #REF! | E82: =426989.14707/(+(#REF!*1000)) -> #REF!

Sheet 4.2 Domestic market stratif
B2: =[79]RO_table!B20 -> Domestic market - performance stratification (Regions, KA and Recovery Rate)
I21: Notes:
I22: * 14% of the local revenue comes from the Top 10 clients. * The agencies of MEGRINE, SFAX and SOUSSE makes of 72% of the total sales combined.
R29: Sum of Amout in EUR | T29: Sum of Quantity
Q30: Row Labels | R30: 2021 | S30: 2022 | T30: 2021 | U30: 2022
Q31: Local - SND | R31: 10009513 | S31: 12022131 | T31: 194019 | U31: 214158
S32: =S31-R31 -> 2012618.5
S33: =S31/R31-1 -> 0.20107058 | U33: =U31/T31-1 -> 0.10379911
R35: =R31/T31 -> 51.590373 | S35: =S31/U31 -> 56.136736
S36: =S35/R35-1 -> 0.088124246
W42: 2022 YTD Dec sales - TOP SKU
C43: Volume (Pcs) | D43: Revenue (EUR '000) | H43: Sales by territory | I43: Revenue (EUR '000) | R43: 2022 YTD Dec sales | W43: SKU | X43: Sales rev. | Y43: Sales Q-ty | AC43: Client | AD43: Sales rev. | AE43: Sales Q-ty | AH43: SKU | AI43: Sales rev. | AJ43: Sales Q-ty | AL43: Avg. price in TND
B44: INDUST. MECANIQ. MAGHREBINES | C44: 6925 | D44: 289.80405 | H44: Agency GABES | I44: =+S44 -> 1053.7513 | J44: =I44/$D$58 -> 0.087650961 | Q44: Agency GABES | R44: 1053751.3 | S44: =R44/1000 -> 1053.7513 | W44: 10S3 | X44: 1193358.6 | Y44: 21224 | Z44: =VLOOKUP(W44,'[85]New local market'!$B:$E,4,FALSE) -> LB77L3F0_1 | AA44: =X44/1000 -> 1193.3586 | AC44: INDUST. MECANIQ. MAGHREBINES | AD44: 289804.05 | AE44: 6925 | AF44: =AD44/1000 -> 289.80405 | AH44: 10S3 | AI44: 3933787.4 | AJ44: 21224 | AK44: =W44=AH44 -> TRUE | AL44: =AI44/AJ44 -> 185.34618
B45: HAJJI MALEK BEN MED LAID | C45: 4789 | D45: 240.69453 | H45: Agency GAFSA | I45: =+S45 -> 1462.0744 | J45: =I45/$D$58 -> 0.12161524 | Q45: Agency GAFSA | R45: 1462074.4 | S45: =R45/1000 -> 1462.0744 | W45: 10S2 | X45: 966884.13 | Y45: 19851 | Z45: =VLOOKUP(W45,'[85]New local market'!$B:$E,4,FALSE) -> LB66L2F0_1 | AA45: =X45/1000 -> 966.88413 | AC45: HAJJI MALEK BEN MED LAID | AD45: 240694.53 | AE45: 4789 | AF45: =AD45/1000 -> 240.69453 | AH45: 10S2 | AI45: 3187236.9 | AJ45: 19851 | AK45: =W45=AH45 -> TRUE | AL45: =AI45/AJ45 -> 160.558
B46: MOHAMED GHARIANI | C46: 4699 | D46: 237.61335 | H46: Agency JENDOUBA | I46: =+S46 -> 842.77943 | J46: =I46/$D$58 -> 0.070102332 | Q46: Agency JENDOUBA | R46: 842779.43 | S46: =R46/1000 -> 842.77943 | W46: 10PM11 | X46: 920082.92 | Y46: 13586 | Z46: =VLOOKUP(W46,'[85]New local market'!$B:$E,4,FALSE) -> #N/A | AA46: =X46/1000 -> 920.08292 | AC46: MOHAMED GHARIANI | AD46: 237613.35 | AE46: 4699 | AF46: =AD46/1000 -> 237.61335 | AH46: 10PM11 | AI46: 3032961.3 | AJ46: 13586 | AK46: =W46=AH46 -> TRUE | AL46: =AI46/AJ46 -> 223.24167
B47: UNIVERS ELECT.AUTOS HOSNI | C47: 4295 | D47: 222.92209 | H47: Agency MEGRINE | I47: =+S47 -> 4902.1456 | J47: =I47/$D$58 -> 0.40776011 | Q47: Agency MEGRINE | R47: 4902145.6 | S47: =R47/1000 -> 4902.1456 | W47: 10PM10 | X47: 882045.73 | Y47: 20151 | Z47: =VLOOKUP(W47,'[85]New local market'!$B:$E,4,FALSE) -> #N/A | AA47: =X47/1000 -> 882.04573 | AC47: UNIVERS ELECT.AUTOS HOSNI | AD47: 222922.09 | AE47: 4295 | AF47: =AD47/1000 -> 222.92209 | AH47: 10PM10 | AI47: 2907575.6 | AJ47: 20151 | AK47: =W47=AH47 -> TRUE | AL47: =AI47/AJ47 -> 144.28939
